Workbook
Name Auxiliar: #REF!
Name Auxiliar: #REF!
Name Auxiliar: #REF!
Name Auxiliar: #REF!
Name CUSTO_VALE_TRANSPORTE: #REF!
Name CUSTO_VALE_TRANSPORTE: #REF!
Name CUSTO_VALE_TRANSPORTE: #REF!
Name ecwece4c: #REF!
Name ecwece4c: #REF!
Name ecwece4c: #REF!
Name MOMB4: '[1]SERVENTE MANUTENCAO'!$I$144
Name MONA1: #REF!
Name MONA1: #REF!
Name MONA1: #REF!
Name MONA1: #REF!
Name MONA2: #REF!
Name MONA2: #REF!
Name MONA2: #REF!
Name MONA3: [2]HIDRAULICO!$I$138
Name MONA4: '[2]SERVENTE (AUX PRODUCAO)'!$I$138
Name MONA5: #REF!
Name MONA5: #REF!
Name MONA5: #REF!
Name MONA5: #REF!
Name MONA6: #REF!
Name MONA6: #REF!
Name MONA6: #REF!
Name MONA7: #REF!
Name MONA7: #REF!
Name MONA7: #REF!
Name MONA8: [2]MECANICO_REFRIGERACAO!$I$138
Name MONB1: #REF!
Name MONB1: #REF!
Name MONB1: #REF!
Name MONB1: #REF!
Name MONB2: #REF!
Name MONB2: #REF!
Name MONB2: #REF!
Name MONB3: [2]HIDRAULICO!$I$144
Name MONB4: '[2]SERVENTE (AUX PRODUCAO)'!$I$144
Name MONB5: #REF!
Name MONB5: #REF!
Name MONB5: #REF!
Name MONB5: #REF!
Name MONB6: #REF!
Name MONB6: #REF!
Name MONB6: #REF!
Name MONB7: #REF!
Name MONB7: #REF!
Name MONB7: #REF!
Name MONB8: [2]MECANICO_REFRIGERACAO!$I$144
Name MONC1: #REF!
Name MONC1: #REF!
Name MONC1: #REF!
Name MONC1: #REF!
Name MONC2: #REF!
Name MONC2: #REF!
Name MONC2: #REF!
Name MONC3: [2]HIDRAULICO!$I$148
Name MONC4: '[2]SERVENTE (AUX PRODUCAO)'!$I$148

Sheet Canoas
A1: PLANILHA DE CUSTOS E FORMAÇÃO DE PREÇOS DE SERVIÇOS CONTINUADOS COM DEDICAÇÃO EXCLUSIVA DE MÃO DE OBRA (ANEXO III - DECRETOS 52.768 de 15.12.2015)
A2: PROCESSO: | C2: 25130000022130 | E2: REGIME DE TRIBUTAÇÃO: LUCRO REAL e PRESUMIDO (*)
A3: LICITAÇÃO/EDITAL | E3: ABERTURA:
A5: Cargo/Função: | D5: Vigilante | G5: =IF(D6="12x36","Regime de trabalho:","Quantidade de HORAS/MÊS") -> Quantidade de HORAS/MÊS | I5: =IF(D6="12x36",D6,5*D6) -> 220
A6: =IF(D6="12x36","Regime de trabalho:","Regime de trabalho (horas semanais):") -> Regime de trabalho (horas semanais): | D6: 44
A7: Convenção Coletiva de Trabalho: | D7: RS000837/2025 | G7: INSALUBRIDADE (10%, 20%, 40%) | I7: Não aplicável
A8: Origem do salário: | D8: RS000837/2025
A9: Cidade: | D9: Canoas | G9: PERICULOSIDADE (30%) | I9: 0.3
A10: Salário Normativo | G10: Vlr. do salário e nº de horas correspondentes | H10: 220 | I10: 2105.4
A11: ISS | H11: Alíquota | I11: 0.04
A12: Adicional Troca de Uniforme (somente para postos de vigilantes que preveem pagamento para troca de uniforme na CCT) | G12: CCT | H12: Valor | I12: 1.59
A13: Quantidade de dias trabalhados no mês | I13: 26
A14: Tarifa Transporte | G14: CCT | H14: Vr. Unitário | I14: 0
H15: Dias | I15: =I13 -> 26
H16: Desconto | I16: 0.06
A17: Auxílio Alimentação | G17: CCT | H17: Vr. Unitário | I17: 30
H18: Dias | I18: 22
H19: Desconto | I19: 0.2
A20: Auxílio Lanche | G20: CCT | H20: Vr. Unitário | I20: Não aplicável
H21: Dias | I21: Não aplicável
H22: Desconto | I22: Não aplicável
A23: Outros benefícios que refletem na planilha de custos, caso constem na CCT | G23: CCT | H23: Valor mensal | I23: Não aplicável
A24: Adicional de Supervisor (37%) | H24: Porcentagem | I24: 0
A25: Base de cálculo da insalubridade | H25: Valor | I25: Não aplicável
A26: Quantitativo de horas trabalhadas em feriados no mês (estimado) - Não aplicável para postos 12x36 | H26: Horas por mês | I26: Não aplicável
H27: Acréscimo da hora extra | I27: Não aplicável
A28: Hora Intervalar | H28: Horas por mês | I28: Não aplicável
A29: Sem fornecimento de materiais ou apenas fornecimento de EPIs ou uniformes, utilizar 10%. Com fornecimento de materiais ou equipamentos, utilizar 20%. (Decreto 52.768/2015, alterado pelo Decreto 53.424/2017) | H29: Porcentagem | I29: 0.2
A35: MONTANTE A
A36: I | B36: Remuneração - Grupo I | H36: % | I36: Valor Mensal/unidade de serviço (R$)
A37: 1 | B37: Salário | H37: =I37/$I$48 -> 0.75152318 | I37: =IF(D6="12x36",I10,I10/H10*I5) -> 2105.4
A38: =A37+1 -> 2 | B38: Adicional Periculosidade 30% | H38: =I38/$I$48 -> 0.23076923 | I38: =IF(I9=30%,(I37+I45+I46)*I9,0) -> 646.5024
A39: =A38+1 -> 3 | B39: Adicional Insalubridade 10% (Ver súmula 228 e 139 TST) | H39: =I39/$I$48 -> 0 | I39: =IF(I7=10%,I25*I7,0) -> 0
A40: =A39+1 -> 4 | B40: Adicional Insalubridade 20% (Ver súmula 228 e 139 TST) | H40: =I40/$I$48 -> 0 | I40: =IF(I7=20%,I25*I7,0) -> 0
A41: =A40+1 -> 5 | B41: Adicional Insalubridade 40% (Ver súmula 228 e 139 TST) | H41: =I41/$I$48 -> 0 | I41: =IF(I7=40%,I25*I7,0) -> 0
A42: =A41+1 -> 6 | B42: Adicional de Supervisor (IN 05/2017 MPOG SLTI) | H42: =I42/$I$48 -> 0 | I42: =IF(I24="Não aplicável",0,I37*I24) -> 0
A43: =A42+1 -> 7 | B43: Feriados | H43: =I43/$I$48 -> 0 | I43: =IF(I26="Não aplicável",0,(I37+I38+I39+I40+I41+I42+I47)/I5*I26*(1+I27)) -> 0
A44: =A43+1 -> 8 | B44: DSR = número total das horas extras do mês / número de dias úteis X domingos e feriados do mês X valor da hora extra com acréscimo | H44: =I44/$I$48 -> 0 | I44: =IF(I26="Não aplicável",0,I26/I13*5*(I10/H10*(1+I27))) -> 0
A45: =A44+1 -> 9 | B45: Adicional Troca de Uniforme | H45: =I45/$I$48 -> 0.014756326 | I45: =I12*I13 -> 41.34
A46: =A45+1 -> 10 | B46: Integração RSF (20% sobre Ad.Troca de Uniforme - somente para vigilantes) | H46: =I46/$I$48 -> 0.0029512651 | I46: =I45*20% -> 8.268
A47: =A46+1 -> 11 | B47: =IF(D6="12x36","Para postos 12x36 os feriados são considerados compensados, conforme parágrafo único, Art. 59-A da CLT","Outros") -> Outros | H47: =I47/$I$48 -> 0 | I47: 0
A48: Total de Remuneração | H48: =SUM(H37:H47) -> 1 | I48: =SUM(I37:I47) -> 2801.5104
A57: II | B57: Encargos Sociais - Grupo II: Obrigações Sociais | H57: % | I57: Valor Mensal/unidade de serviço (R$)
A58: 1 | B58: INSS (art. 22, inc. I, Lei nº 8.212/91) | H58: 0.2 | I58: =$I$48*H58 -> 560.30208
A59: 2 | B59: SESI ou SESC (art. 30, Lei nº 8.036/90) | H59: 0.015 | I59: =$I$48*H59 -> 42.022656
A60: 3 | B60: SENAI ou SENAC (Decreto-Lei nº 2.318/86) | H60: 0.01 | I60: =$I$48*H60 -> 28.015104
A61: 4 | B61: INCRA (art. 15I, Lei Complementar nº 011/71) | H61: 0.002 | I61: =$I$48*H61 -> 5.6030208
A62: 5 | B62: SALÁRIO EDUCAÇÃO (art. , inc. I, Decreto nº 87.043/82) | H62: 0.025 | I62: =$I$48*H62 -> 70.03776
A63: 6 | B63: FGTS (art. 15, Lei nº 8.036/90) | H63: 0.08 | I63: =$I$48*H63 -> 224.12083
A64: 7 | B64: SEG. ACIDENTE DO TRABALHO 1%, 2% e 3% (art. 22, inc. II, alíneas "b" e "c", da Lei nº 8.212/91) | H64: 0.03 | I64: =$I$48*H64 -> 84.045312
A65: 8 | B65: SEBRAE (§ 3º, art. 8º, Lei nº 8.029/90) | H65: 0.006 | I65: =$I$48*H65 -> 16.809062
A66: Total do Grupo II | H66: =SUM(H58:H65) -> 0.368 | I66: =SUM(I58:I65) -> 1030.9558
A67: Os percentuais para o SAT podem variar de 0,50% a 6,00% em função do Fator de Acidente Previdenciário (FAP), Decreto nº 6.957/2009
A68: Deverá obrigatoriamente acompanhar a proposta de preços e a planilha de custos e formação de preços a prova do Fator Acidentário de Prevenção – FAP por meio de impressão de consulta ao site do Ministério da Previdência Social (que pode ser obtido no endereço eletrônico http://www2.dataprev.gov.br/fap/fap.htm), independentemente de alteração da alíquota da parcela do Seguro Acidente de Trabalho disposta no Quadro II da referida planilha.
A69: III | B69: Encargos Sociais - Grupo III: Tempo Não Trabalhado | H69: % | I69: Valor Mensal/unidade de serviço (R$)
A70: 1 | B70: FÉRIAS GOZADAS + ADICIONAL DE FÉRIAS | H70: 0.119314 | I70: =$I$48*H70 -> 334.25941
A71: 2 | B71: FALTAS ABONADAS (3) | H71: 0.020485 | I71: =$I$48*H71 -> 57.388941
A72: 3 | B72: FALTAS LEGAIS (4) | H72: 0.012127 | I72: =$I$48*H72 -> 33.973917
A73: 4 | B73: LICENÇA MATERNIDADE | H73: 0.0027250794 | I73: =$I$48*H73 -> 7.6343382
A74: 5 | B74: LICENÇA PATERNIDADE | H74: 0.000476 | I74: =$I$48*H74 -> 1.333519
A75: 6 | B75: ACIDENTE DE TRABALHO | H75: 0.000442 | I75: =$I$48*H75 -> 1.2382676
A76: 7 | B76: AVISO PRÉVIO TRABALHADO | H76: 0.000185 | I76: =$I$48*H76 -> 0.51827942
A77: 8 | B77: 13º SALÁRIO | H77: 0.09079 | I77: =$I$48*H77 -> 254.34913
A78: Total do Grupo III | H78: =SUM(H70:H77) -> 0.24654408 | I78: =SUM(I70:I77) -> 690.6958
A79: (3) | B79: Faltas Justificadas por Auxílio Doença
A80: (4) | B80: Faltas Legais - Art. 473 CLT
A81: IV | B81: Encargos Sociais - Grupo IV: Indenizações | H81: % | I81: Valor Mensal/unidade de serviço (R$)
A82: 1 | B82: INDENIZAÇÕES | H82: 0.048321 | I82: =$I$48*H82 -> 135.37178
A83: 2 | B83: FGTS SOBRE INDENIZAÇÕES | H83: 0.003511 | I83: =$I$48*H83 -> 9.836103
A84: 3 | B84: INDENIZAÇÃO COMPENSATÓRIA POR DEMISSÃO SEM JUSTA CAUSA | H84: 0.019328 | I84: =$I$48*H84 -> 54.147593
A85: Total do Grupo IV | H85: =SUM(H82:H84) -> 0.07116 | I85: =SUM(I82:I84) -> 199.35548
A87: V | B87: Encargos Sociais - Grupo V: Incidências | H87: % | I87: Valor Mensal/unidade de serviço (R$)
A88: 1 | B88: INCIDÊNCIA GRUPO II (Obrigações Sociais) X GRUPO III (Tempo Não Trabalhado) | H88: =(H66*H78) -> 0.090728221 | I88: =$I$48*H88 -> 254.17606
A89: Total do Grupo V | H89: =SUM(H88:H88) -> 0.090728221 | I89: =I88 -> 254.17606
A91: TOTAL DOS ENCARGOS SOCIAIS (II + III + IV + V) | H91: =H66+H78+H85+H89 -> 0.7764323 | I91: =I66+I78+I85+I89 -> 2175.1832
A93: VI | B93: Demais custos relativos à Norma Coletiva ou Disposições Legais - Grupo VI | H93: % | I93: Valor Mensal/unidade de serviço (R$)
A94: 1 | B94: Auxílio Alimentação | H94: =I94/$I$48 -> 0.18846976 | I94: =I111 -> 528
A95: 2 | B95: Auxílio Lanche | H95: =I95/$I$48 -> 0 | I95: =I107 -> 0
A96: 3 | B96: Vale-Transporte⁽⁵⁾ | H96: =I96/$I$48 -> 0 | I96: =I103 -> 0
A97: 4 | B97: Adicional Intervalar | H97: =I97/$I$48 -> 0 | I97: =IF(I28="Não aplicável",0,((I10/H10)*1.5*I28)) -> 0
A98: 5 | B98: Outros | H98: =I98/$I$48 -> 0 | I98: =IF(I23="Não aplicável",0,I23) -> 0
A99: Total do Grupo VI | H99: =SUM(H94:H98) -> 0.18846976 | I99: =SUM(I94:I98) -> 528
A100: (5) | B100: O valor do vale-transporte pode variar de acordo com o modal fornecido pelo empregador.
A101: MEMÓRIA DE CÁLCULO DO VALE TRANSPORTE
A102: Valor Unitário | C102: Dias de Trabalho | D102: Vale p/dia | E102: Custo total | F102: Base de cálculo | G102: Percentual de desconto | H102: Valor desconto | I102: Custo efetivo
A103: =IF(I14="Não aplicável",0,I14) -> 0 | C103: =IF(I15="Não aplicável",0,I15) -> 26 | D103: 2 | E103: =A103*C103*D103 -> 0 | F103: =I37 -> 2105.4 | G103: =IF(I16="Não aplicável",0,I16) -> 0.06 | H103: =F103*G103 -> 126.324 | I103: =IF((E103-H103)>0,E103-H103,0) -> 0
A105: MEMÓRIA DE CÁLCULO DO VALE LANCHE
A106: Valor Unitário | C106: Dias por mês | D106: Vale p/dia | E106: Custo total | F106: Base de cálculo | G106: Percentual de desconto | H106: Valor desconto | I106: Custo efetivo
A107: =IF(I20="Não aplicável",0,I20) -> 0 | C107: =IF(I21="Não aplicável",0,I21) -> 0 | D107: 1 | E107: =A107*C107*D107 -> 0 | F107: =E107 -> 0 | G107: =IF(I22="Não aplicável",0,I22) -> 0 | H107: =F107*G107 -> 0 | I107: =E107-H107 -> 0
A109: MEMÓRIA DE CÁLCULO DO VALE ALIMENTAÇÃO
A110: Valor Unitário | C110: Dias por mês | D110: Vale p/dia | E110: Custo total | F110: Base de cálculo | G110: Percentual de desconto | H110: =H102 -> Valor desconto | I110: Custo efetivo
A111: =IF(I17="Não aplicável",0,I17) -> 30 | C111: =IF(I18="Não aplicável",0,I18) -> 22 | D111: 1 | E111: =A111*C111*D111 -> 660 | F111: =E111 -> 660 | G111: =IF(I19="Não aplicável",0,I19) -> 0.2 | H111: =F111*G111 -> 132 | I111: =E111-H111 -> 528
A113: TOTAL DO MONTANTE A (I + II + III+ IV + V +VI) | H113: =H48+H91+H99 -> 1.9649021 | I113: =I48+I91+I99 -> 5504.6936
A115: MONTANTE B
A116: I | B116: Despesas Diretas | H116: % | I116: Valor Mensal/unidade de serviço (R$)
A117: 1 | B117: Transporte (6) | H117: =I117/$I$129 -> 0 | I117: 0
A118: 2 | B118: Uniformes/EPI (6a) | H118: =I118/$I$129 -> 0 | I118: =IF(F127=10%,G127,0) -> 0
A119: 3 | B119: Seguro de vida | H119: =I119/$I$129 -> 0 | I119: 0
A120: 4 | B120: Materiais/Equipamentos (7) | H120: =I120/$I$129 -> 0.2 | I120: =IF(F127=20%,G127,0) -> 1100.9387
A121: 5 | B121: Depreciação de equipamentos (8) | H121: =I121/$I$129 -> 0 | I121: 0
...

Sheet Caxias
A1: PLANILHA DE CUSTOS E FORMAÇÃO DE PREÇOS DE SERVIÇOS CONTINUADOS COM DEDICAÇÃO EXCLUSIVA DE MÃO DE OBRA (ANEXO III - DECRETOS 52.768 de 15.12.2015)
A2: PROCESSO: | C2: 25130000022130 | E2: REGIME DE TRIBUTAÇÃO: LUCRO REAL e PRESUMIDO (*)
A3: LICITAÇÃO/EDITAL | E3: ABERTURA:
A5: Cargo/Função: | D5: Vigilante | G5: =IF(D6="12x36","Regime de trabalho:","Quantidade de HORAS/MÊS") -> Quantidade de HORAS/MÊS | I5: =IF(D6="12x36",D6,5*D6) -> 220
A6: =IF(D6="12x36","Regime de trabalho:","Regime de trabalho (horas semanais):") -> Regime de trabalho (horas semanais): | D6: 44
A7: Convenção Coletiva de Trabalho: | D7: RS000813/2025 | G7: INSALUBRIDADE (10%, 20%, 40%) | I7: Não aplicável
A8: Origem do salário: | D8: RS000813/2025
A9: Cidade: | D9: Caxias do Sul | G9: PERICULOSIDADE (30%) | I9: 0.3
A10: Salário Normativo | G10: Vlr. do salário e nº de horas correspondentes | H10: 220 | I10: 2105.4
A11: ISS | H11: Alíquota | I11: 0.04
A12: Adicional Troca de Uniforme (somente para postos de vigilantes que preveem pagamento para troca de uniforme na CCT) | G12: CCT | H12: Valor | I12: 0
A13: Quantidade de dias trabalhados no mês | I13: 26
A14: Tarifa Transporte | G14: CCT | H14: Vr. Unitário | I14: 8.3
H15: Dias | I15: =I13 -> 26
H16: Desconto | I16: 0.06
A17: Auxílio Alimentação | G17: CCT | H17: Vr. Unitário | I17: 34.5
H18: Dias | I18: 22
H19: Desconto | I19: 0.2
A20: Auxílio Lanche | G20: CCT | H20: Vr. Unitário | I20: Não aplicável
H21: Dias | I21: Não aplicável
H22: Desconto | I22: Não aplicável
A23: Outros benefícios que refletem na planilha de custos, caso constem na CCT | G23: CCT | H23: Valor mensal | I23: Não aplicável
A24: Adicional de Supervisor (37%) | H24: Porcentagem | I24: 0
A25: Base de cálculo da insalubridade | H25: Valor | I25: Não aplicável
A26: Quantitativo de horas trabalhadas em feriados no mês (estimado) - Não aplicável para postos 12x36 | H26: Horas por mês | I26: Não aplicável
H27: Acréscimo da hora extra | I27: Não aplicável
A28: Hora Intervalar | H28: Horas por mês | I28: Não aplicável
A29: Sem fornecimento de materiais ou apenas fornecimento de EPIs ou uniformes, utilizar 10%. Com fornecimento de materiais ou equipamentos, utilizar 20%. (Decreto 52.768/2015, alterado pelo Decreto 53.424/2017) | H29: Porcentagem | I29: 0.2
A35: MONTANTE A
A36: I | B36: Remuneração - Grupo I | H36: % | I36: Valor Mensal/unidade de serviço (R$)
A37: 1 | B37: Salário | H37: =I37/$I$48 -> 0.76923077 | I37: =IF(D6="12x36",I10,I10/H10*I5) -> 2105.4
A38: =A37+1 -> 2 | B38: Adicional Periculosidade 30% | H38: =I38/$I$48 -> 0.23076923 | I38: =IF(I9=30%,(I37+I45+I46)*I9,0) -> 631.62
A39: =A38+1 -> 3 | B39: Adicional Insalubridade 10% (Ver súmula 228 e 139 TST) | H39: =I39/$I$48 -> 0 | I39: =IF(I7=10%,I25*I7,0) -> 0
A40: =A39+1 -> 4 | B40: Adicional Insalubridade 20% (Ver súmula 228 e 139 TST) | H40: =I40/$I$48 -> 0 | I40: =IF(I7=20%,I25*I7,0) -> 0
A41: =A40+1 -> 5 | B41: Adicional Insalubridade 40% (Ver súmula 228 e 139 TST) | H41: =I41/$I$48 -> 0 | I41: =IF(I7=40%,I25*I7,0) -> 0
A42: =A41+1 -> 6 | B42: Adicional de Supervisor (IN 05/2017 MPOG SLTI) | H42: =I42/$I$48 -> 0 | I42: =IF(I24="Não aplicável",0,I37*I24) -> 0
A43: =A42+1 -> 7 | B43: Feriados | H43: =I43/$I$48 -> 0 | I43: =IF(I26="Não aplicável",0,(I37+I38+I39+I40+I41+I42+I47)/I5*I26*(1+I27)) -> 0
A44: =A43+1 -> 8 | B44: DSR = número total das horas extras do mês / número de dias úteis X domingos e feriados do mês X valor da hora extra com acréscimo | H44: =I44/$I$48 -> 0 | I44: =IF(I26="Não aplicável",0,I26/I13*5*(I10/H10*(1+I27))) -> 0
A45: =A44+1 -> 9 | B45: Adicional Troca de Uniforme | H45: =I45/$I$48 -> 0 | I45: =I12*I13 -> 0
A46: =A45+1 -> 10 | B46: Integração RSF (20% sobre Ad.Troca de Uniforme - somente para vigilantes) | H46: =I46/$I$48 -> 0 | I46: =I45*20% -> 0
A47: =A46+1 -> 11 | B47: =IF(D6="12x36","Para postos 12x36 os feriados são considerados compensados, conforme parágrafo único, Art. 59-A da CLT","Outros") -> Outros | H47: =I47/$I$48 -> 0 | I47: 0
A48: Total de Remuneração | H48: =SUM(H37:H47) -> 1 | I48: =SUM(I37:I47) -> 2737.02
A57: II | B57: Encargos Sociais - Grupo II: Obrigações Sociais | H57: % | I57: Valor Mensal/unidade de serviço (R$)
A58: 1 | B58: INSS (art. 22, inc. I, Lei nº 8.212/91) | H58: 0.2 | I58: =$I$48*H58 -> 547.404
A59: 2 | B59: SESI ou SESC (art. 30, Lei nº 8.036/90) | H59: 0.015 | I59: =$I$48*H59 -> 41.0553
A60: 3 | B60: SENAI ou SENAC (Decreto-Lei nº 2.318/86) | H60: 0.01 | I60: =$I$48*H60 -> 27.3702
A61: 4 | B61: INCRA (art. 15I, Lei Complementar nº 011/71) | H61: 0.002 | I61: =$I$48*H61 -> 5.47404
A62: 5 | B62: SALÁRIO EDUCAÇÃO (art. , inc. I, Decreto nº 87.043/82) | H62: 0.025 | I62: =$I$48*H62 -> 68.4255
A63: 6 | B63: FGTS (art. 15, Lei nº 8.036/90) | H63: 0.08 | I63: =$I$48*H63 -> 218.9616
A64: 7 | B64: SEG. ACIDENTE DO TRABALHO 1%, 2% e 3% (art. 22, inc. II, alíneas "b" e "c", da Lei nº 8.212/91) | H64: 0.03 | I64: =$I$48*H64 -> 82.1106
A65: 8 | B65: SEBRAE (§ 3º, art. 8º, Lei nº 8.029/90) | H65: 0.006 | I65: =$I$48*H65 -> 16.42212
A66: Total do Grupo II | H66: =SUM(H58:H65) -> 0.368 | I66: =SUM(I58:I65) -> 1007.2234
A67: Os percentuais para o SAT podem variar de 0,50% a 6,00% em função do Fator de Acidente Previdenciário (FAP), Decreto nº 6.957/2009
A68: Deverá obrigatoriamente acompanhar a proposta de preços e a planilha de custos e formação de preços a prova do Fator Acidentário de Prevenção – FAP por meio de impressão de consulta ao site do Ministério da Previdência Social (que pode ser obtido no endereço eletrônico http://www2.dataprev.gov.br/fap/fap.htm), independentemente de alteração da alíquota da parcela do Seguro Acidente de Trabalho disposta no Quadro II da referida planilha.
A69: III | B69: Encargos Sociais - Grupo III: Tempo Não Trabalhado | H69: % | I69: Valor Mensal/unidade de serviço (R$)
A70: 1 | B70: FÉRIAS GOZADAS + ADICIONAL DE FÉRIAS | H70: 0.119314 | I70: =$I$48*H70 -> 326.5648
A71: 2 | B71: FALTAS ABONADAS (3) | H71: 0.020485 | I71: =$I$48*H71 -> 56.067855
A72: 3 | B72: FALTAS LEGAIS (4) | H72: 0.012127 | I72: =$I$48*H72 -> 33.191842
A73: 4 | B73: LICENÇA MATERNIDADE | H73: 0.0027250794 | I73: =$I$48*H73 -> 7.4585968
A74: 5 | B74: LICENÇA PATERNIDADE | H74: 0.000476 | I74: =$I$48*H74 -> 1.3028215
A75: 6 | B75: ACIDENTE DE TRABALHO | H75: 0.000442 | I75: =$I$48*H75 -> 1.2097628
A76: 7 | B76: AVISO PRÉVIO TRABALHADO | H76: 0.000185 | I76: =$I$48*H76 -> 0.5063487
A77: 8 | B77: 13º SALÁRIO | H77: 0.09079 | I77: =$I$48*H77 -> 248.49405
A78: Total do Grupo III | H78: =SUM(H70:H77) -> 0.24654408 | I78: =SUM(I70:I77) -> 674.79608
A79: (3) | B79: Faltas Justificadas por Auxílio Doença
A80: (4) | B80: Faltas Legais - Art. 473 CLT
A81: IV | B81: Encargos Sociais - Grupo IV: Indenizações | H81: % | I81: Valor Mensal/unidade de serviço (R$)
A82: 1 | B82: INDENIZAÇÕES | H82: 0.048321 | I82: =$I$48*H82 -> 132.25554
A83: 2 | B83: FGTS SOBRE INDENIZAÇÕES | H83: 0.003511 | I83: =$I$48*H83 -> 9.6096772
A84: 3 | B84: INDENIZAÇÃO COMPENSATÓRIA POR DEMISSÃO SEM JUSTA CAUSA | H84: 0.019328 | I84: =$I$48*H84 -> 52.901123
A85: Total do Grupo IV | H85: =SUM(H82:H84) -> 0.07116 | I85: =SUM(I82:I84) -> 194.76634
A87: V | B87: Encargos Sociais - Grupo V: Incidências | H87: % | I87: Valor Mensal/unidade de serviço (R$)
A88: 1 | B88: INCIDÊNCIA GRUPO II (Obrigações Sociais) X GRUPO III (Tempo Não Trabalhado) | H88: =(H66*H78) -> 0.090728221 | I88: =$I$48*H88 -> 248.32496
A89: Total do Grupo V | H89: =SUM(H88:H88) -> 0.090728221 | I89: =I88 -> 248.32496
A91: TOTAL DOS ENCARGOS SOCIAIS (II + III + IV + V) | H91: =H66+H78+H85+H89 -> 0.7764323 | I91: =I66+I78+I85+I89 -> 2125.1107
A93: VI | B93: Demais custos relativos à Norma Coletiva ou Disposições Legais - Grupo VI | H93: % | I93: Valor Mensal/unidade de serviço (R$)
A94: 1 | B94: Auxílio Alimentação | H94: =I94/$I$48 -> 0.22184712 | I94: =I111 -> 607.2
A95: 2 | B95: Auxílio Lanche | H95: =I95/$I$48 -> 0 | I95: =I107 -> 0
A96: 3 | B96: Vale-Transporte⁽⁵⁾ | H96: =I96/$I$48 -> 0.1115359 | I96: =I103 -> 305.276
A97: 4 | B97: Adicional Intervalar | H97: =I97/$I$48 -> 0 | I97: =IF(I28="Não aplicável",0,((I10/H10)*1.5*I28)) -> 0
A98: 5 | B98: Outros | H98: =I98/$I$48 -> 0 | I98: =IF(I23="Não aplicável",0,I23) -> 0
A99: Total do Grupo VI | H99: =SUM(H94:H98) -> 0.33338302 | I99: =SUM(I94:I98) -> 912.476
A100: (5) | B100: O valor do vale-transporte pode variar de acordo com o modal fornecido pelo empregador.
A101: MEMÓRIA DE CÁLCULO DO VALE TRANSPORTE
A102: Valor Unitário | C102: Dias de Trabalho | D102: Vale p/dia | E102: Custo total | F102: Base de cálculo | G102: Percentual de desconto | H102: Valor desconto | I102: Custo efetivo
A103: =IF(I14="Não aplicável",0,I14) -> 8.3 | C103: =IF(I15="Não aplicável",0,I15) -> 26 | D103: 2 | E103: =A103*C103*D103 -> 431.6 | F103: =I37 -> 2105.4 | G103: =IF(I16="Não aplicável",0,I16) -> 0.06 | H103: =F103*G103 -> 126.324 | I103: =IF((E103-H103)>0,E103-H103,0) -> 305.276
A105: MEMÓRIA DE CÁLCULO DO VALE LANCHE
A106: Valor Unitário | C106: Dias por mês | D106: Vale p/dia | E106: Custo total | F106: Base de cálculo | G106: Percentual de desconto | H106: Valor desconto | I106: Custo efetivo
A107: =IF(I20="Não aplicável",0,I20) -> 0 | C107: =IF(I21="Não aplicável",0,I21) -> 0 | D107: 1 | E107: =A107*C107*D107 -> 0 | F107: =E107 -> 0 | G107: =IF(I22="Não aplicável",0,I22) -> 0 | H107: =F107*G107 -> 0 | I107: =E107-H107 -> 0
A109: MEMÓRIA DE CÁLCULO DO VALE ALIMENTAÇÃO
A110: Valor Unitário | C110: Dias por mês | D110: Vale p/dia | E110: Custo total | F110: Base de cálculo | G110: Percentual de desconto | H110: =H102 -> Valor desconto | I110: Custo efetivo
A111: =IF(I17="Não aplicável",0,I17) -> 34.5 | C111: =IF(I18="Não aplicável",0,I18) -> 22 | D111: 1 | E111: =A111*C111*D111 -> 759 | F111: =E111 -> 759 | G111: =IF(I19="Não aplicável",0,I19) -> 0.2 | H111: =F111*G111 -> 151.8 | I111: =E111-H111 -> 607.2
A113: TOTAL DO MONTANTE A (I + II + III+ IV + V +VI) | H113: =H48+H91+H99 -> 2.1098153 | I113: =I48+I91+I99 -> 5774.6067
A115: MONTANTE B
A116: I | B116: Despesas Diretas | H116: % | I116: Valor Mensal/unidade de serviço (R$)
A117: 1 | B117: Transporte (6) | H117: =I117/$I$129 -> 0 | I117: 0
A118: 2 | B118: Uniformes/EPI (6a) | H118: =I118/$I$129 -> 0 | I118: =IF(F127=10%,G127,0) -> 0
A119: 3 | B119: Seguro de vida | H119: =I119/$I$129 -> 0 | I119: 0
A120: 4 | B120: Materiais/Equipamentos (7) | H120: =I120/$I$129 -> 0.2 | I120: =IF(F127=20%,G127,0) -> 1093.8661
A121: 5 | B121: Depreciação de equipamentos (8) | H121: =I121/$I$129 -> 0 | I121: 0
...

Sheet Gravataí
A1: PLANILHA DE CUSTOS E FORMAÇÃO DE PREÇOS DE SERVIÇOS CONTINUADOS COM DEDICAÇÃO EXCLUSIVA DE MÃO DE OBRA (ANEXO III - DECRETOS 52.768 de 15.12.2015)
A2: PROCESSO: | C2: 25130000022130 | E2: REGIME DE TRIBUTAÇÃO: LUCRO REAL e PRESUMIDO (*)
A3: LICITAÇÃO/EDITAL | E3: ABERTURA:
A5: Cargo/Função: | D5: Vigilante | G5: =IF(D6="12x36","Regime de trabalho:","Quantidade de HORAS/MÊS") -> Quantidade de HORAS/MÊS | I5: =IF(D6="12x36",D6,5*D6) -> 220
A6: =IF(D6="12x36","Regime de trabalho:","Regime de trabalho (horas semanais):") -> Regime de trabalho (horas semanais): | D6: 44
A7: Convenção Coletiva de Trabalho: | D7: RS000837/2025 | G7: INSALUBRIDADE (10%, 20%, 40%) | I7: Não aplicável
A8: Origem do salário: | D8: RS000837/2025
A9: Cidade: | D9: Gravataí | G9: PERICULOSIDADE (30%) | I9: 0.3
A10: Salário Normativo | G10: Vlr. do salário e nº de horas correspondentes | H10: 220 | I10: 2105.4
A11: ISS | H11: Alíquota | I11: 0.025
A12: Adicional Troca de Uniforme (somente para postos de vigilantes que preveem pagamento para troca de uniforme na CCT) | G12: CCT | H12: Valor | I12: 1.59
A13: Quantidade de dias trabalhados no mês | I13: 26
A14: Tarifa Transporte | G14: CCT | H14: Vr. Unitário | I14: 7.4
H15: Dias | I15: =I13 -> 26
H16: Desconto | I16: 0.06
A17: Auxílio Alimentação | G17: CCT | H17: Vr. Unitário | I17: 30
H18: Dias | I18: 22
H19: Desconto | I19: 0.2
A20: Auxílio Lanche | G20: CCT | H20: Vr. Unitário | I20: Não aplicável
H21: Dias | I21: Não aplicável
H22: Desconto | I22: Não aplicável
A23: Outros benefícios que refletem na planilha de custos, caso constem na CCT | G23: CCT | H23: Valor mensal | I23: Não aplicável
A24: Adicional de Supervisor (37%) | H24: Porcentagem | I24: 0
A25: Base de cálculo da insalubridade | H25: Valor | I25: Não aplicável
A26: Quantitativo de horas trabalhadas em feriados no mês (estimado) - Não aplicável para postos 12x36 | H26: Horas por mês | I26: Não aplicável
H27: Acréscimo da hora extra | I27: Não aplicável
A28: Hora Intervalar | H28: Horas por mês | I28: Não aplicável
A29: Sem fornecimento de materiais ou apenas fornecimento de EPIs ou uniformes, utilizar 10%. Com fornecimento de materiais ou equipamentos, utilizar 20%. (Decreto 52.768/2015, alterado pelo Decreto 53.424/2017) | H29: Porcentagem | I29: 0.2
A35: MONTANTE A
A36: I | B36: Remuneração - Grupo I | H36: % | I36: Valor Mensal/unidade de serviço (R$)
A37: 1 | B37: Salário | H37: =I37/$I$48 -> 0.75152318 | I37: =IF(D6="12x36",I10,I10/H10*I5) -> 2105.4
A38: =A37+1 -> 2 | B38: Adicional Periculosidade 30% | H38: =I38/$I$48 -> 0.23076923 | I38: =IF(I9=30%,(I37+I45+I46)*I9,0) -> 646.5024
A39: =A38+1 -> 3 | B39: Adicional Insalubridade 10% (Ver súmula 228 e 139 TST) | H39: =I39/$I$48 -> 0 | I39: =IF(I7=10%,I25*I7,0) -> 0
A40: =A39+1 -> 4 | B40: Adicional Insalubridade 20% (Ver súmula 228 e 139 TST) | H40: =I40/$I$48 -> 0 | I40: =IF(I7=20%,I25*I7,0) -> 0
A41: =A40+1 -> 5 | B41: Adicional Insalubridade 40% (Ver súmula 228 e 139 TST) | H41: =I41/$I$48 -> 0 | I41: =IF(I7=40%,I25*I7,0) -> 0
A42: =A41+1 -> 6 | B42: Adicional de Supervisor (IN 05/2017 MPOG SLTI) | H42: =I42/$I$48 -> 0 | I42: =IF(I24="Não aplicável",0,I37*I24) -> 0
A43: =A42+1 -> 7 | B43: Feriados | H43: =I43/$I$48 -> 0 | I43: =IF(I26="Não aplicável",0,(I37+I38+I39+I40+I41+I42+I47)/I5*I26*(1+I27)) -> 0
A44: =A43+1 -> 8 | B44: DSR = número total das horas extras do mês / número de dias úteis X domingos e feriados do mês X valor da hora extra com acréscimo | H44: =I44/$I$48 -> 0 | I44: =IF(I26="Não aplicável",0,I26/I13*5*(I10/H10*(1+I27))) -> 0
A45: =A44+1 -> 9 | B45: Adicional Troca de Uniforme | H45: =I45/$I$48 -> 0.014756326 | I45: =I12*I13 -> 41.34
A46: =A45+1 -> 10 | B46: Integração RSF (20% sobre Ad.Troca de Uniforme - somente para vigilantes) | H46: =I46/$I$48 -> 0.0029512651 | I46: =I45*20% -> 8.268
A47: =A46+1 -> 11 | B47: =IF(D6="12x36","Para postos 12x36 os feriados são considerados compensados, conforme parágrafo único, Art. 59-A da CLT","Outros") -> Outros | H47: =I47/$I$48 -> 0 | I47: 0
A48: Total de Remuneração | H48: =SUM(H37:H47) -> 1 | I48: =SUM(I37:I47) -> 2801.5104
A57: II | B57: Encargos Sociais - Grupo II: Obrigações Sociais | H57: % | I57: Valor Mensal/unidade de serviço (R$)
A58: 1 | B58: INSS (art. 22, inc. I, Lei nº 8.212/91) | H58: 0.2 | I58: =$I$48*H58 -> 560.30208
A59: 2 | B59: SESI ou SESC (art. 30, Lei nº 8.036/90) | H59: 0.015 | I59: =$I$48*H59 -> 42.022656
A60: 3 | B60: SENAI ou SENAC (Decreto-Lei nº 2.318/86) | H60: 0.01 | I60: =$I$48*H60 -> 28.015104
A61: 4 | B61: INCRA (art. 15I, Lei Complementar nº 011/71) | H61: 0.002 | I61: =$I$48*H61 -> 5.6030208
A62: 5 | B62: SALÁRIO EDUCAÇÃO (art. , inc. I, Decreto nº 87.043/82) | H62: 0.025 | I62: =$I$48*H62 -> 70.03776
A63: 6 | B63: FGTS (art. 15, Lei nº 8.036/90) | H63: 0.08 | I63: =$I$48*H63 -> 224.12083
A64: 7 | B64: SEG. ACIDENTE DO TRABALHO 1%, 2% e 3% (art. 22, inc. II, alíneas "b" e "c", da Lei nº 8.212/91) | H64: 0.03 | I64: =$I$48*H64 -> 84.045312
A65: 8 | B65: SEBRAE (§ 3º, art. 8º, Lei nº 8.029/90) | H65: 0.006 | I65: =$I$48*H65 -> 16.809062
A66: Total do Grupo II | H66: =SUM(H58:H65) -> 0.368 | I66: =SUM(I58:I65) -> 1030.9558
A67: Os percentuais para o SAT podem variar de 0,50% a 6,00% em função do Fator de Acidente Previdenciário (FAP), Decreto nº 6.957/2009
A68: Deverá obrigatoriamente acompanhar a proposta de preços e a planilha de custos e formação de preços a prova do Fator Acidentário de Prevenção – FAP por meio de impressão de consulta ao site do Ministério da Previdência Social (que pode ser obtido no endereço eletrônico http://www2.dataprev.gov.br/fap/fap.htm), independentemente de alteração da alíquota da parcela do Seguro Acidente de Trabalho disposta no Quadro II da referida planilha.
A69: III | B69: Encargos Sociais - Grupo III: Tempo Não Trabalhado | H69: % | I69: Valor Mensal/unidade de serviço (R$)
A70: 1 | B70: FÉRIAS GOZADAS + ADICIONAL DE FÉRIAS | H70: 0.119314 | I70: =$I$48*H70 -> 334.25941
A71: 2 | B71: FALTAS ABONADAS (3) | H71: 0.020485 | I71: =$I$48*H71 -> 57.388941
A72: 3 | B72: FALTAS LEGAIS (4) | H72: 0.012127 | I72: =$I$48*H72 -> 33.973917
A73: 4 | B73: LICENÇA MATERNIDADE | H73: 0.0027250794 | I73: =$I$48*H73 -> 7.6343382
A74: 5 | B74: LICENÇA PATERNIDADE | H74: 0.000476 | I74: =$I$48*H74 -> 1.333519
A75: 6 | B75: ACIDENTE DE TRABALHO | H75: 0.000442 | I75: =$I$48*H75 -> 1.2382676
A76: 7 | B76: AVISO PRÉVIO TRABALHADO | H76: 0.000185 | I76: =$I$48*H76 -> 0.51827942
A77: 8 | B77: 13º SALÁRIO | H77: 0.09079 | I77: =$I$48*H77 -> 254.34913
A78: Total do Grupo III | H78: =SUM(H70:H77) -> 0.24654408 | I78: =SUM(I70:I77) -> 690.6958
A79: (3) | B79: Faltas Justificadas por Auxílio Doença
A80: (4) | B80: Faltas Legais - Art. 473 CLT
A81: IV | B81: Encargos Sociais - Grupo IV: Indenizações | H81: % | I81: Valor Mensal/unidade de serviço (R$)
A82: 1 | B82: INDENIZAÇÕES | H82: 0.048321 | I82: =$I$48*H82 -> 135.37178
A83: 2 | B83: FGTS SOBRE INDENIZAÇÕES | H83: 0.003511 | I83: =$I$48*H83 -> 9.836103
A84: 3 | B84: INDENIZAÇÃO COMPENSATÓRIA POR DEMISSÃO SEM JUSTA CAUSA | H84: 0.019328 | I84: =$I$48*H84 -> 54.147593
A85: Total do Grupo IV | H85: =SUM(H82:H84) -> 0.07116 | I85: =SUM(I82:I84) -> 199.35548
A87: V | B87: Encargos Sociais - Grupo V: Incidências | H87: % | I87: Valor Mensal/unidade de serviço (R$)
A88: 1 | B88: INCIDÊNCIA GRUPO II (Obrigações Sociais) X GRUPO III (Tempo Não Trabalhado) | H88: =(H66*H78) -> 0.090728221 | I88: =$I$48*H88 -> 254.17606
A89: Total do Grupo V | H89: =SUM(H88:H88) -> 0.090728221 | I89: =I88 -> 254.17606
A91: TOTAL DOS ENCARGOS SOCIAIS (II + III + IV + V) | H91: =H66+H78+H85+H89 -> 0.7764323 | I91: =I66+I78+I85+I89 -> 2175.1832
A93: VI | B93: Demais custos relativos à Norma Coletiva ou Disposições Legais - Grupo VI | H93: % | I93: Valor Mensal/unidade de serviço (R$)
A94: 1 | B94: Auxílio Alimentação | H94: =I94/$I$48 -> 0.18846976 | I94: =I111 -> 528
A95: 2 | B95: Auxílio Lanche | H95: =I95/$I$48 -> 0 | I95: =I107 -> 0
A96: 3 | B96: Vale-Transporte⁽⁵⁾ | H96: =I96/$I$48 -> 0.092263088 | I96: =I103 -> 258.476
A97: 4 | B97: Adicional Intervalar | H97: =I97/$I$48 -> 0 | I97: =IF(I28="Não aplicável",0,((I10/H10)*1.5*I28)) -> 0
A98: 5 | B98: Outros | H98: =I98/$I$48 -> 0 | I98: =IF(I23="Não aplicável",0,I23) -> 0
A99: Total do Grupo VI | H99: =SUM(H94:H98) -> 0.28073285 | I99: =SUM(I94:I98) -> 786.476
A100: (5) | B100: O valor do vale-transporte pode variar de acordo com o modal fornecido pelo empregador.
A101: MEMÓRIA DE CÁLCULO DO VALE TRANSPORTE
A102: Valor Unitário | C102: Dias de Trabalho | D102: Vale p/dia | E102: Custo total | F102: Base de cálculo | G102: Percentual de desconto | H102: Valor desconto | I102: Custo efetivo
A103: =IF(I14="Não aplicável",0,I14) -> 7.4 | C103: =IF(I15="Não aplicável",0,I15) -> 26 | D103: 2 | E103: =A103*C103*D103 -> 384.8 | F103: =I37 -> 2105.4 | G103: =IF(I16="Não aplicável",0,I16) -> 0.06 | H103: =F103*G103 -> 126.324 | I103: =IF((E103-H103)>0,E103-H103,0) -> 258.476
A105: MEMÓRIA DE CÁLCULO DO VALE LANCHE
A106: Valor Unitário | C106: Dias por mês | D106: Vale p/dia | E106: Custo total | F106: Base de cálculo | G106: Percentual de desconto | H106: Valor desconto | I106: Custo efetivo
A107: =IF(I20="Não aplicável",0,I20) -> 0 | C107: =IF(I21="Não aplicável",0,I21) -> 0 | D107: 1 | E107: =A107*C107*D107 -> 0 | F107: =E107 -> 0 | G107: =IF(I22="Não aplicável",0,I22) -> 0 | H107: =F107*G107 -> 0 | I107: =E107-H107 -> 0
A109: MEMÓRIA DE CÁLCULO DO VALE ALIMENTAÇÃO
A110: Valor Unitário | C110: Dias por mês | D110: Vale p/dia | E110: Custo total | F110: Base de cálculo | G110: Percentual de desconto | H110: =H102 -> Valor desconto | I110: Custo efetivo
A111: =IF(I17="Não aplicável",0,I17) -> 30 | C111: =IF(I18="Não aplicável",0,I18) -> 22 | D111: 1 | E111: =A111*C111*D111 -> 660 | F111: =E111 -> 660 | G111: =IF(I19="Não aplicável",0,I19) -> 0.2 | H111: =F111*G111 -> 132 | I111: =E111-H111 -> 528
A113: TOTAL DO MONTANTE A (I + II + III+ IV + V +VI) | H113: =H48+H91+H99 -> 2.0571652 | I113: =I48+I91+I99 -> 5763.1696
A115: MONTANTE B
A116: I | B116: Despesas Diretas | H116: % | I116: Valor Mensal/unidade de serviço (R$)
A117: 1 | B117: Transporte (6) | H117: =I117/$I$129 -> 0 | I117: 0
A118: 2 | B118: Uniformes/EPI (6a) | H118: =I118/$I$129 -> 0 | I118: =IF(F127=10%,G127,0) -> 0
A119: 3 | B119: Seguro de vida | H119: =I119/$I$129 -> 0 | I119: 0
A120: 4 | B120: Materiais/Equipamentos (7) | H120: =I120/$I$129 -> 0.2 | I120: =IF(F127=20%,G127,0) -> 1100.9387
A121: 5 | B121: Depreciação de equipamentos (8) | H121: =I121/$I$129 -> 0 | I121: 0
...

Sheet Lajeado
A1: PLANILHA DE CUSTOS E FORMAÇÃO DE PREÇOS DE SERVIÇOS CONTINUADOS COM DEDICAÇÃO EXCLUSIVA DE MÃO DE OBRA (ANEXO III - DECRETOS 52.768 de 15.12.2015)
A2: PROCESSO: | C2: 25130000022130 | E2: REGIME DE TRIBUTAÇÃO: LUCRO REAL e PRESUMIDO (*)
A3: LICITAÇÃO/EDITAL | E3: ABERTURA:
A5: Cargo/Função: | D5: Vigilante | G5: =IF(D6="12x36","Regime de trabalho:","Quantidade de HORAS/MÊS") -> Quantidade de HORAS/MÊS | I5: =IF(D6="12x36",D6,5*D6) -> 220
A6: =IF(D6="12x36","Regime de trabalho:","Regime de trabalho (horas semanais):") -> Regime de trabalho (horas semanais): | D6: 44
A7: Convenção Coletiva de Trabalho: | D7: RS000387/2026 | G7: INSALUBRIDADE (10%, 20%, 40%) | I7: Não aplicável
A8: Origem do salário: | D8: RS000387/2026
A9: Cidade: | D9: Lajeado | G9: PERICULOSIDADE (30%) | I9: 0.3
A10: Salário Normativo | G10: Vlr. do salário e nº de horas correspondentes | H10: 220 | I10: 2211
A11: ISS | H11: Alíquota | I11: 0.025
A12: Adicional Troca de Uniforme (somente para postos de vigilantes que preveem pagamento para troca de uniforme na CCT) | G12: CCT | H12: Valor | I12: 1.67
A13: Quantidade de dias trabalhados no mês | I13: 26
A14: Tarifa Transporte | G14: CCT | H14: Vr. Unitário | I14: 7.25
H15: Dias | I15: =I13 -> 26
H16: Desconto | I16: 0.06
A17: Auxílio Alimentação | G17: CCT | H17: Vr. Unitário | I17: 33
H18: Dias | I18: 22
H19: Desconto | I19: 0.2
A20: Auxílio Lanche | G20: CCT | H20: Vr. Unitário | I20: Não aplicável
H21: Dias | I21: Não aplicável
H22: Desconto | I22: Não aplicável
A23: Outros benefícios que refletem na planilha de custos, caso constem na CCT ( Prêmio Assiduidade- Cláusula 13ª) | H23: Valor mensal | I23: 80
A24: Adicional de Supervisor (37%) | H24: Porcentagem | I24: 0
A25: Base de cálculo da insalubridade | H25: Valor | I25: Não aplicável
A26: Quantitativo de horas trabalhadas em feriados no mês (estimado) - Não aplicável para postos 12x36 | H26: Horas por mês | I26: Não aplicável
H27: Acréscimo da hora extra | I27: Não aplicável
A28: Hora Intervalar | H28: Horas por mês | I28: Não aplicável
A29: Sem fornecimento de materiais ou apenas fornecimento de EPIs ou uniformes, utilizar 10%. Com fornecimento de materiais ou equipamentos, utilizar 20%. (Decreto 52.768/2015, alterado pelo Decreto 53.424/2017) | H29: Porcentagem | I29: 0.2
A35: MONTANTE A
A36: I | B36: Remuneração - Grupo I | H36: % | I36: Valor Mensal/unidade de serviço (R$)
A37: 1 | B37: Salário | H37: =I37/$I$48 -> 0.75152058 | I37: =IF(D6="12x36",I10,I10/H10*I5) -> 2211
A38: =A37+1 -> 2 | B38: Adicional Periculosidade 30% | H38: =I38/$I$48 -> 0.23076923 | I38: =IF(I9=30%,(I37+I45+I46)*I9,0) -> 678.9312
A39: =A38+1 -> 3 | B39: Adicional Insalubridade 10% (Ver súmula 228 e 139 TST) | H39: =I39/$I$48 -> 0 | I39: =IF(I7=10%,I25*I7,0) -> 0
A40: =A39+1 -> 4 | B40: Adicional Insalubridade 20% (Ver súmula 228 e 139 TST) | H40: =I40/$I$48 -> 0 | I40: =IF(I7=20%,I25*I7,0) -> 0
A41: =A40+1 -> 5 | B41: Adicional Insalubridade 40% (Ver súmula 228 e 139 TST) | H41: =I41/$I$48 -> 0 | I41: =IF(I7=40%,I25*I7,0) -> 0
A42: =A41+1 -> 6 | B42: Adicional de Supervisor (IN 05/2017 MPOG SLTI) | H42: =I42/$I$48 -> 0 | I42: =IF(I24="Não aplicável",0,I37*I24) -> 0
A43: =A42+1 -> 7 | B43: Feriados | H43: =I43/$I$48 -> 0 | I43: =IF(I26="Não aplicável",0,(I37+I38+I39+I40+I41+I42+I47)/I5*I26*(1+I27)) -> 0
A44: =A43+1 -> 8 | B44: DSR = número total das horas extras do mês / número de dias úteis X domingos e feriados do mês X valor da hora extra com acréscimo | H44: =I44/$I$48 -> 0 | I44: =IF(I26="Não aplicável",0,I26/I13*5*(I10/H10*(1+I27))) -> 0
A45: =A44+1 -> 9 | B45: Adicional Troca de Uniforme | H45: =I45/$I$48 -> 0.014758491 | I45: =I12*I13 -> 43.42
A46: =A45+1 -> 10 | B46: Integração RSF (20% sobre Ad.Troca de Uniforme - somente para vigilantes) | H46: =I46/$I$48 -> 0.0029516982 | I46: =I45*20% -> 8.684
A47: =A46+1 -> 11 | B47: =IF(D6="12x36","Para postos 12x36 os feriados são considerados compensados, conforme parágrafo único, Art. 59-A da CLT","Outros") -> Outros | H47: =I47/$I$48 -> 0 | I47: 0
A48: Total de Remuneração | H48: =SUM(H37:H47) -> 1 | I48: =SUM(I37:I47) -> 2942.0352
A57: II | B57: Encargos Sociais - Grupo II: Obrigações Sociais | H57: % | I57: Valor Mensal/unidade de serviço (R$)
A58: 1 | B58: INSS (art. 22, inc. I, Lei nº 8.212/91) | H58: 0.2 | I58: =$I$48*H58 -> 588.40704
A59: 2 | B59: SESI ou SESC (art. 30, Lei nº 8.036/90) | H59: 0.015 | I59: =$I$48*H59 -> 44.130528
A60: 3 | B60: SENAI ou SENAC (Decreto-Lei nº 2.318/86) | H60: 0.01 | I60: =$I$48*H60 -> 29.420352
A61: 4 | B61: INCRA (art. 15I, Lei Complementar nº 011/71) | H61: 0.002 | I61: =$I$48*H61 -> 5.8840704
A62: 5 | B62: SALÁRIO EDUCAÇÃO (art. , inc. I, Decreto nº 87.043/82) | H62: 0.025 | I62: =$I$48*H62 -> 73.55088
A63: 6 | B63: FGTS (art. 15, Lei nº 8.036/90) | H63: 0.08 | I63: =$I$48*H63 -> 235.36282
A64: 7 | B64: SEG. ACIDENTE DO TRABALHO 1%, 2% e 3% (art. 22, inc. II, alíneas "b" e "c", da Lei nº 8.212/91) | H64: 0.03 | I64: =$I$48*H64 -> 88.261056
A65: 8 | B65: SEBRAE (§ 3º, art. 8º, Lei nº 8.029/90) | H65: 0.006 | I65: =$I$48*H65 -> 17.652211
A66: Total do Grupo II | H66: =SUM(H58:H65) -> 0.368 | I66: =SUM(I58:I65) -> 1082.669
A67: Os percentuais para o SAT podem variar de 0,50% a 6,00% em função do Fator de Acidente Previdenciário (FAP), Decreto nº 6.957/2009
A68: Deverá obrigatoriamente acompanhar a proposta de preços e a planilha de custos e formação de preços a prova do Fator Acidentário de Prevenção – FAP por meio de impressão de consulta ao site do Ministério da Previdência Social (que pode ser obtido no endereço eletrônico http://www2.dataprev.gov.br/fap/fap.htm), independentemente de alteração da alíquota da parcela do Seguro Acidente de Trabalho disposta no Quadro II da referida planilha.
A69: III | B69: Encargos Sociais - Grupo III: Tempo Não Trabalhado | H69: % | I69: Valor Mensal/unidade de serviço (R$)
A70: 1 | B70: FÉRIAS GOZADAS + ADICIONAL DE FÉRIAS | H70: 0.119314 | I70: =$I$48*H70 -> 351.02599
A71: 2 | B71: FALTAS ABONADAS (3) | H71: 0.020485 | I71: =$I$48*H71 -> 60.267591
A72: 3 | B72: FALTAS LEGAIS (4) | H72: 0.012127 | I72: =$I$48*H72 -> 35.678061
A73: 4 | B73: LICENÇA MATERNIDADE | H73: 0.0027250794 | I73: =$I$48*H73 -> 8.0172795
A74: 5 | B74: LICENÇA PATERNIDADE | H74: 0.000476 | I74: =$I$48*H74 -> 1.4004088
A75: 6 | B75: ACIDENTE DE TRABALHO | H75: 0.000442 | I75: =$I$48*H75 -> 1.3003796
A76: 7 | B76: AVISO PRÉVIO TRABALHADO | H76: 0.000185 | I76: =$I$48*H76 -> 0.54427651
A77: 8 | B77: 13º SALÁRIO | H77: 0.09079 | I77: =$I$48*H77 -> 267.10738
A78: Total do Grupo III | H78: =SUM(H70:H77) -> 0.24654408 | I78: =SUM(I70:I77) -> 725.34136
A79: (3) | B79: Faltas Justificadas por Auxílio Doença
A80: (4) | B80: Faltas Legais - Art. 473 CLT
A81: IV | B81: Encargos Sociais - Grupo IV: Indenizações | H81: % | I81: Valor Mensal/unidade de serviço (R$)
A82: 1 | B82: INDENIZAÇÕES | H82: 0.048321 | I82: =$I$48*H82 -> 142.16208
A83: 2 | B83: FGTS SOBRE INDENIZAÇÕES | H83: 0.003511 | I83: =$I$48*H83 -> 10.329486
A84: 3 | B84: INDENIZAÇÃO COMPENSATÓRIA POR DEMISSÃO SEM JUSTA CAUSA | H84: 0.019328 | I84: =$I$48*H84 -> 56.863656
A85: Total do Grupo IV | H85: =SUM(H82:H84) -> 0.07116 | I85: =SUM(I82:I84) -> 209.35522
A87: V | B87: Encargos Sociais - Grupo V: Incidências | H87: % | I87: Valor Mensal/unidade de serviço (R$)
A88: 1 | B88: INCIDÊNCIA GRUPO II (Obrigações Sociais) X GRUPO III (Tempo Não Trabalhado) | H88: =(H66*H78) -> 0.090728221 | I88: =$I$48*H88 -> 266.92562
A89: Total do Grupo V | H89: =SUM(H88:H88) -> 0.090728221 | I89: =I88 -> 266.92562
A91: TOTAL DOS ENCARGOS SOCIAIS (II + III + IV + V) | H91: =H66+H78+H85+H89 -> 0.7764323 | I91: =I66+I78+I85+I89 -> 2284.2912
A93: VI | B93: Demais custos relativos à Norma Coletiva ou Disposições Legais - Grupo VI | H93: % | I93: Valor Mensal/unidade de serviço (R$)
A94: 1 | B94: Auxílio Alimentação | H94: =I94/$I$48 -> 0.19741436 | I94: =I111 -> 580.8
A95: 2 | B95: Auxílio Lanche | H95: =I95/$I$48 -> 0 | I95: =I107 -> 0
A96: 3 | B96: Vale-Transporte⁽⁵⁾ | H96: =I96/$I$48 -> 0.083051352 | I96: =I103 -> 244.34
A97: 4 | B97: Adicional Intervalar | H97: =I97/$I$48 -> 0 | I97: =IF(I28="Não aplicável",0,((I10/H10)*1.5*I28)) -> 0
A98: 5 | B98: Outros | H98: =I98/$I$48 -> 0.027192061 | I98: =IF(I23="Não aplicável",0,I23) -> 80
A99: Total do Grupo VI | H99: =SUM(H94:H98) -> 0.30765777 | I99: =SUM(I94:I98) -> 905.14
A100: (5) | B100: O valor do vale-transporte pode variar de acordo com o modal fornecido pelo empregador.
A101: MEMÓRIA DE CÁLCULO DO VALE TRANSPORTE
A102: Valor Unitário | C102: Dias de Trabalho | D102: Vale p/dia | E102: Custo total | F102: Base de cálculo | G102: Percentual de desconto | H102: Valor desconto | I102: Custo efetivo
A103: =IF(I14="Não aplicável",0,I14) -> 7.25 | C103: =IF(I15="Não aplicável",0,I15) -> 26 | D103: 2 | E103: =A103*C103*D103 -> 377 | F103: =I37 -> 2211 | G103: =IF(I16="Não aplicável",0,I16) -> 0.06 | H103: =F103*G103 -> 132.66 | I103: =IF((E103-H103)>0,E103-H103,0) -> 244.34
A105: MEMÓRIA DE CÁLCULO DO VALE LANCHE
A106: Valor Unitário | C106: Dias por mês | D106: Vale p/dia | E106: Custo total | F106: Base de cálculo | G106: Percentual de desconto | H106: Valor desconto | I106: Custo efetivo
A107: =IF(I20="Não aplicável",0,I20) -> 0 | C107: =IF(I21="Não aplicável",0,I21) -> 0 | D107: 1 | E107: =A107*C107*D107 -> 0 | F107: =E107 -> 0 | G107: =IF(I22="Não aplicável",0,I22) -> 0 | H107: =F107*G107 -> 0 | I107: =E107-H107 -> 0
A109: MEMÓRIA DE CÁLCULO DO VALE ALIMENTAÇÃO
A110: Valor Unitário | C110: Dias por mês | D110: Vale p/dia | E110: Custo total | F110: Base de cálculo | G110: Percentual de desconto | H110: =H102 -> Valor desconto | I110: Custo efetivo
A111: =IF(I17="Não aplicável",0,I17) -> 33 | C111: =IF(I18="Não aplicável",0,I18) -> 22 | D111: 1 | E111: =A111*C111*D111 -> 726 | F111: =E111 -> 726 | G111: =IF(I19="Não aplicável",0,I19) -> 0.2 | H111: =F111*G111 -> 145.2 | I111: =E111-H111 -> 580.8
A113: TOTAL DO MONTANTE A (I + II + III+ IV + V +VI) | H113: =H48+H91+H99 -> 2.0840901 | I113: =I48+I91+I99 -> 6131.4664
A115: MONTANTE B
A116: I | B116: Despesas Diretas | H116: % | I116: Valor Mensal/unidade de serviço (R$)
A117: 1 | B117: Transporte (6) | H117: =I117/$I$129 -> 0 | I117: 0
A118: 2 | B118: Uniformes/EPI (6a) | H118: =I118/$I$129 -> 0 | I118: =IF(F127=10%,G127,0) -> 0
A119: 3 | B119: Seguro de vida | H119: =I119/$I$129 -> 0 | I119: 0
A120: 4 | B120: Materiais/Equipamentos (7) | H120: =I120/$I$129 -> 0.2 | I120: =IF(F127=20%,G127,0) -> 1177.4253
A121: 5 | B121: Depreciação de equipamentos (8) | H121: =I121/$I$129 -> 0 | I121: 0
...

Sheet Pelotas
A1: PLANILHA DE CUSTOS E FORMAÇÃO DE PREÇOS DE SERVIÇOS CONTINUADOS COM DEDICAÇÃO EXCLUSIVA DE MÃO DE OBRA (ANEXO III - DECRETOS 52.768 de 15.12.2015)
A2: PROCESSO: | C2: 25130000022130 | E2: REGIME DE TRIBUTAÇÃO: LUCRO REAL e PRESUMIDO (*)
A3: LICITAÇÃO/EDITAL | E3: ABERTURA:
A5: Cargo/Função: | D5: Vigilante | G5: =IF(D6="12x36","Regime de trabalho:","Quantidade de HORAS/MÊS") -> Quantidade de HORAS/MÊS | I5: =IF(D6="12x36",D6,5*D6) -> 220
A6: =IF(D6="12x36","Regime de trabalho:","Regime de trabalho (horas semanais):") -> Regime de trabalho (horas semanais): | D6: 44
A7: Convenção Coletiva de Trabalho: | D7: RS000911/2025 | G7: INSALUBRIDADE (10%, 20%, 40%) | I7: Não aplicável
A8: Origem do salário: | D8: RS000911/2025
A9: Cidade: | D9: Pelotas | G9: PERICULOSIDADE (30%) | I9: 0.3
A10: Salário Normativo | G10: Vlr. do salário e nº de horas correspondentes | H10: 220 | I10: 2105.4
A11: ISS | H11: Alíquota | I11: 0.04
A12: Adicional Troca de Uniforme (somente para postos de vigilantes que preveem pagamento para troca de uniforme na CCT) | G12: CCT | H12: Valor | I12: 1.59
A13: Quantidade de dias trabalhados no mês | I13: 26
A14: Tarifa Transporte | G14: CCT | H14: Vr. Unitário | I14: 6.25
H15: Dias | I15: 26
H16: Desconto | I16: 0.06
A17: Auxílio Alimentação | G17: CCT | H17: Vr. Unitário | I17: 30
H18: Dias | I18: 22
H19: Desconto | I19: 0.2
A20: Auxílio Lanche | G20: CCT | H20: Vr. Unitário | I20: Não aplicável
H21: Dias | I21: Não aplicável
H22: Desconto | I22: Não aplicável
A23: Outros benefícios que refletem na planilha de custos, caso constem na CCT | H23: Valor mensal | I23: 0
A24: Adicional de Supervisor (37%) | H24: Porcentagem | I24: 0
A25: Base de cálculo da insalubridade | H25: Valor | I25: Não aplicável
A26: Quantitativo de horas trabalhadas em feriados no mês (estimado) - Não aplicável para postos 12x36 | H26: Horas por mês | I26: Não aplicável
H27: Acréscimo da hora extra | I27: Não aplicável
A28: Hora Intervalar | H28: Horas por mês | I28: Não aplicável
A29: Sem fornecimento de materiais ou apenas fornecimento de EPIs ou uniformes, utilizar 10%. Com fornecimento de materiais ou equipamentos, utilizar 20%. (Decreto 52.768/2015, alterado pelo Decreto 53.424/2017) | H29: Porcentagem | I29: 0.2
A35: MONTANTE A
A36: I | B36: Remuneração - Grupo I | H36: % | I36: Valor Mensal/unidade de serviço (R$)
A37: 1 | B37: Salário | H37: =I37/$I$48 -> 0.75152318 | I37: =IF(D6="12x36",I10,I10/H10*I5) -> 2105.4
A38: =A37+1 -> 2 | B38: Adicional Periculosidade 30% | H38: =I38/$I$48 -> 0.23076923 | I38: =IF(I9=30%,(I37+I45+I46)*I9,0) -> 646.5024
A39: =A38+1 -> 3 | B39: Adicional Insalubridade 10% (Ver súmula 228 e 139 TST) | H39: =I39/$I$48 -> 0 | I39: =IF(I7=10%,I25*I7,0) -> 0
A40: =A39+1 -> 4 | B40: Adicional Insalubridade 20% (Ver súmula 228 e 139 TST) | H40: =I40/$I$48 -> 0 | I40: =IF(I7=20%,I25*I7,0) -> 0
A41: =A40+1 -> 5 | B41: Adicional Insalubridade 40% (Ver súmula 228 e 139 TST) | H41: =I41/$I$48 -> 0 | I41: =IF(I7=40%,I25*I7,0) -> 0
A42: =A41+1 -> 6 | B42: Adicional de Supervisor (IN 05/2017 MPOG SLTI) | H42: =I42/$I$48 -> 0 | I42: =IF(I24="Não aplicável",0,I37*I24) -> 0
A43: =A42+1 -> 7 | B43: Feriados | H43: =I43/$I$48 -> 0 | I43: =IF(I26="Não aplicável",0,(I37+I38+I39+I40+I41+I42+I47)/I5*I26*(1+I27)) -> 0
A44: =A43+1 -> 8 | B44: DSR = número total das horas extras do mês / número de dias úteis X domingos e feriados do mês X valor da hora extra com acréscimo | H44: =I44/$I$48 -> 0 | I44: =IF(I26="Não aplicável",0,I26/I13*5*(I10/H10*(1+I27))) -> 0
A45: =A44+1 -> 9 | B45: Adicional Troca de Uniforme | H45: =I45/$I$48 -> 0.014756326 | I45: =I12*I13 -> 41.34
A46: =A45+1 -> 10 | B46: Integração RSF (20% sobre Ad.Troca de Uniforme - somente para vigilantes) | H46: =I46/$I$48 -> 0.0029512651 | I46: =I45*20% -> 8.268
A47: =A46+1 -> 11 | B47: =IF(D6="12x36","Para postos 12x36 os feriados são considerados compensados, conforme parágrafo único, Art. 59-A da CLT","Outros") -> Outros | H47: =I47/$I$48 -> 0 | I47: 0
A48: Total de Remuneração | H48: =SUM(H37:H47) -> 1 | I48: =SUM(I37:I47) -> 2801.5104
A57: II | B57: Encargos Sociais - Grupo II: Obrigações Sociais | H57: % | I57: Valor Mensal/unidade de serviço (R$)
A58: 1 | B58: INSS (art. 22, inc. I, Lei nº 8.212/91) | H58: 0.2 | I58: =$I$48*H58 -> 560.30208
A59: 2 | B59: SESI ou SESC (art. 30, Lei nº 8.036/90) | H59: 0.015 | I59: =$I$48*H59 -> 42.022656
A60: 3 | B60: SENAI ou SENAC (Decreto-Lei nº 2.318/86) | H60: 0.01 | I60: =$I$48*H60 -> 28.015104
A61: 4 | B61: INCRA (art. 15I, Lei Complementar nº 011/71) | H61: 0.002 | I61: =$I$48*H61 -> 5.6030208
A62: 5 | B62: SALÁRIO EDUCAÇÃO (art. , inc. I, Decreto nº 87.043/82) | H62: 0.025 | I62: =$I$48*H62 -> 70.03776
A63: 6 | B63: FGTS (art. 15, Lei nº 8.036/90) | H63: 0.08 | I63: =$I$48*H63 -> 224.12083
A64: 7 | B64: SEG. ACIDENTE DO TRABALHO 1%, 2% e 3% (art. 22, inc. II, alíneas "b" e "c", da Lei nº 8.212/91) | H64: 0.03 | I64: =$I$48*H64 -> 84.045312
A65: 8 | B65: SEBRAE (§ 3º, art. 8º, Lei nº 8.029/90) | H65: 0.006 | I65: =$I$48*H65 -> 16.809062
A66: Total do Grupo II | H66: =SUM(H58:H65) -> 0.368 | I66: =SUM(I58:I65) -> 1030.9558
A67: Os percentuais para o SAT podem variar de 0,50% a 6,00% em função do Fator de Acidente Previdenciário (FAP), Decreto nº 6.957/2009
A68: Deverá obrigatoriamente acompanhar a proposta de preços e a planilha de custos e formação de preços a prova do Fator Acidentário de Prevenção – FAP por meio de impressão de consulta ao site do Ministério da Previdência Social (que pode ser obtido no endereço eletrônico http://www2.dataprev.gov.br/fap/fap.htm), independentemente de alteração da alíquota da parcela do Seguro Acidente de Trabalho disposta no Quadro II da referida planilha.
A69: III | B69: Encargos Sociais - Grupo III: Tempo Não Trabalhado | H69: % | I69: Valor Mensal/unidade de serviço (R$)
A70: 1 | B70: FÉRIAS GOZADAS + ADICIONAL DE FÉRIAS | H70: 0.119314 | I70: =$I$48*H70 -> 334.25941
A71: 2 | B71: FALTAS ABONADAS (3) | H71: 0.020485 | I71: =$I$48*H71 -> 57.388941
A72: 3 | B72: FALTAS LEGAIS (4) | H72: 0.012127 | I72: =$I$48*H72 -> 33.973917
A73: 4 | B73: LICENÇA MATERNIDADE | H73: 0.0027250794 | I73: =$I$48*H73 -> 7.6343382
A74: 5 | B74: LICENÇA PATERNIDADE | H74: 0.000476 | I74: =$I$48*H74 -> 1.333519
A75: 6 | B75: ACIDENTE DE TRABALHO | H75: 0.000442 | I75: =$I$48*H75 -> 1.2382676
A76: 7 | B76: AVISO PRÉVIO TRABALHADO | H76: 0.000185 | I76: =$I$48*H76 -> 0.51827942
A77: 8 | B77: 13º SALÁRIO | H77: 0.09079 | I77: =$I$48*H77 -> 254.34913
A78: Total do Grupo III | H78: =SUM(H70:H77) -> 0.24654408 | I78: =SUM(I70:I77) -> 690.6958
A79: (3) | B79: Faltas Justificadas por Auxílio Doença
A80: (4) | B80: Faltas Legais - Art. 473 CLT
A81: IV | B81: Encargos Sociais - Grupo IV: Indenizações | H81: % | I81: Valor Mensal/unidade de serviço (R$)
A82: 1 | B82: INDENIZAÇÕES | H82: 0.048321 | I82: =$I$48*H82 -> 135.37178
A83: 2 | B83: FGTS SOBRE INDENIZAÇÕES | H83: 0.003511 | I83: =$I$48*H83 -> 9.836103
A84: 3 | B84: INDENIZAÇÃO COMPENSATÓRIA POR DEMISSÃO SEM JUSTA CAUSA | H84: 0.019328 | I84: =$I$48*H84 -> 54.147593
A85: Total do Grupo IV | H85: =SUM(H82:H84) -> 0.07116 | I85: =SUM(I82:I84) -> 199.35548
A87: V | B87: Encargos Sociais - Grupo V: Incidências | H87: % | I87: Valor Mensal/unidade de serviço (R$)
A88: 1 | B88: INCIDÊNCIA GRUPO II (Obrigações Sociais) X GRUPO III (Tempo Não Trabalhado) | H88: =(H66*H78) -> 0.090728221 | I88: =$I$48*H88 -> 254.17606
A89: Total do Grupo V | H89: =SUM(H88:H88) -> 0.090728221 | I89: =I88 -> 254.17606
A91: TOTAL DOS ENCARGOS SOCIAIS (II + III + IV + V) | H91: =H66+H78+H85+H89 -> 0.7764323 | I91: =I66+I78+I85+I89 -> 2175.1832
A93: VI | B93: Demais custos relativos à Norma Coletiva ou Disposições Legais - Grupo VI | H93: % | I93: Valor Mensal/unidade de serviço (R$)
A94: 1 | B94: Auxílio Alimentação | H94: =I94/$I$48 -> 0.18846976 | I94: =I111 -> 528
A95: 2 | B95: Auxílio Lanche | H95: =I95/$I$48 -> 0 | I95: =I107 -> 0
A96: 3 | B96: Vale-Transporte⁽⁵⁾ | H96: =I96/$I$48 -> 0.070917459 | I96: =I103 -> 198.676
A97: 4 | B97: Adicional Intervalar | H97: =I97/$I$48 -> 0 | I97: =IF(I28="Não aplicável",0,((I10/H10)*1.5*I28)) -> 0
A98: 5 | B98: Outros | H98: =I98/$I$48 -> 0 | I98: =IF(I23="Não aplicável",0,I23) -> 0
A99: Total do Grupo VI | H99: =SUM(H94:H98) -> 0.25938722 | I99: =SUM(I94:I98) -> 726.676
A100: (5) | B100: O valor do vale-transporte pode variar de acordo com o modal fornecido pelo empregador.
A101: MEMÓRIA DE CÁLCULO DO VALE TRANSPORTE
A102: Valor Unitário | C102: Dias de Trabalho | D102: Vale p/dia | E102: Custo total | F102: Base de cálculo | G102: Percentual de desconto | H102: Valor desconto | I102: Custo efetivo
A103: =IF(I14="Não aplicável",0,I14) -> 6.25 | C103: =IF(I15="Não aplicável",0,I15) -> 26 | D103: 2 | E103: =A103*C103*D103 -> 325 | F103: =I37 -> 2105.4 | G103: =IF(I16="Não aplicável",0,I16) -> 0.06 | H103: =F103*G103 -> 126.324 | I103: =IF((E103-H103)>0,E103-H103,0) -> 198.676
A105: MEMÓRIA DE CÁLCULO DO VALE LANCHE
A106: Valor Unitário | C106: Dias por mês | D106: Vale p/dia | E106: Custo total | F106: Base de cálculo | G106: Percentual de desconto | H106: Valor desconto | I106: Custo efetivo
A107: =IF(I20="Não aplicável",0,I20) -> 0 | C107: =IF(I21="Não aplicável",0,I21) -> 0 | D107: 1 | E107: =A107*C107*D107 -> 0 | F107: =E107 -> 0 | G107: =IF(I22="Não aplicável",0,I22) -> 0 | H107: =F107*G107 -> 0 | I107: =E107-H107 -> 0
A109: MEMÓRIA DE CÁLCULO DO VALE ALIMENTAÇÃO
A110: Valor Unitário | C110: Dias por mês | D110: Vale p/dia | E110: Custo total | F110: Base de cálculo | G110: Percentual de desconto | H110: =H102 -> Valor desconto | I110: Custo efetivo
A111: =IF(I17="Não aplicável",0,I17) -> 30 | C111: =IF(I18="Não aplicável",0,I18) -> 22 | D111: 1 | E111: =A111*C111*D111 -> 660 | F111: =E111 -> 660 | G111: =IF(I19="Não aplicável",0,I19) -> 0.2 | H111: =F111*G111 -> 132 | I111: =E111-H111 -> 528
A113: TOTAL DO MONTANTE A (I + II + III+ IV + V +VI) | H113: =H48+H91+H99 -> 2.0358195 | I113: =I48+I91+I99 -> 5703.3696
A115: MONTANTE B
A116: I | B116: Despesas Diretas | H116: % | I116: Valor Mensal/unidade de serviço (R$)
A117: 1 | B117: Transporte (6) | H117: =I117/$I$129 -> 0 | I117: 0
A118: 2 | B118: Uniformes/EPI (6a) | H118: =I118/$I$129 -> 0 | I118: =IF(F127=10%,G127,0) -> 0
A119: 3 | B119: Seguro de vida | H119: =I119/$I$129 -> 0 | I119: 0
A120: 4 | B120: Materiais/Equipamentos (7) | H120: =I120/$I$129 -> 0.2 | I120: =IF(F127=20%,G127,0) -> 1100.9387
A121: 5 | B121: Depreciação de equipamentos (8) | H121: =I121/$I$129 -> 0 | I121: 0
...

Sheet Passo Fundo
A1: PLANILHA DE CUSTOS E FORMAÇÃO DE PREÇOS DE SERVIÇOS CONTINUADOS COM DEDICAÇÃO EXCLUSIVA DE MÃO DE OBRA (ANEXO III - DECRETOS 52.768 de 15.12.2015)
A2: PROCESSO: | C2: 25130000022130 | E2: REGIME DE TRIBUTAÇÃO: LUCRO REAL e PRESUMIDO (*)
A3: LICITAÇÃO/EDITAL | E3: ABERTURA:
A5: Cargo/Função: | D5: Vigilante | G5: =IF(D6="12x36","Regime de trabalho:","Quantidade de HORAS/MÊS") -> Quantidade de HORAS/MÊS | I5: =IF(D6="12x36",D6,5*D6) -> 220
A6: =IF(D6="12x36","Regime de trabalho:","Regime de trabalho (horas semanais):") -> Regime de trabalho (horas semanais): | D6: 44
A7: Convenção Coletiva de Trabalho: | D7: RS001064/2025 | G7: INSALUBRIDADE (10%, 20%, 40%) | I7: Não aplicável
A8: Origem do salário: | D8: RS001064/2025
A9: Cidade: | D9: Passo Fundo | G9: PERICULOSIDADE (30%) | I9: 0.3
A10: Salário Normativo | G10: Vlr. do salário e nº de horas correspondentes | H10: 220 | I10: 2105.4
A11: ISS | H11: Alíquota | I11: 0.02
A12: Adicional Troca de Uniforme (somente para postos de vigilantes que preveem pagamento para troca de uniforme na CCT) | G12: CCT | H12: Valor | I12: 1.59
A13: Quantidade de dias trabalhados no mês | I13: 26
A14: Tarifa Transporte | G14: CCT | H14: Vr. Unitário | I14: 6
H15: Dias | I15: =I13 -> 26
H16: Desconto | I16: 0.06
A17: Auxílio Alimentação | G17: CCT | H17: Vr. Unitário | I17: 30
H18: Dias | I18: 22
H19: Desconto | I19: 0.2
A20: Auxílio Lanche | G20: CCT | H20: Vr. Unitário | I20: Não aplicável
H21: Dias | I21: Não aplicável
H22: Desconto | I22: Não aplicável
A23: Outros benefícios que refletem na planilha de custos, caso constem na CCT | H23: Valor mensal | I23: 0
A24: Adicional de Supervisor (37%) | H24: Porcentagem | I24: 0
A25: Base de cálculo da insalubridade | H25: Valor | I25: Não aplicável
A26: Quantitativo de horas trabalhadas em feriados no mês (estimado) - Não aplicável para postos 12x36 | H26: Horas por mês | I26: Não aplicável
H27: Acréscimo da hora extra | I27: Não aplicável
A28: Hora Intervalar | H28: Horas por mês | I28: Não aplicável
A29: Sem fornecimento de materiais ou apenas fornecimento de EPIs ou uniformes, utilizar 10%. Com fornecimento de materiais ou equipamentos, utilizar 20%. (Decreto 52.768/2015, alterado pelo Decreto 53.424/2017) | H29: Porcentagem | I29: 0.2
A35: MONTANTE A
A36: I | B36: Remuneração - Grupo I | H36: % | I36: Valor Mensal/unidade de serviço (R$)
A37: 1 | B37: Salário | H37: =I37/$I$48 -> 0.75152318 | I37: =IF(D6="12x36",I10,I10/H10*I5) -> 2105.4
A38: =A37+1 -> 2 | B38: Adicional Periculosidade 30% | H38: =I38/$I$48 -> 0.23076923 | I38: =IF(I9=30%,(I37+I45+I46)*I9,0) -> 646.5024
A39: =A38+1 -> 3 | B39: Adicional Insalubridade 10% (Ver súmula 228 e 139 TST) | H39: =I39/$I$48 -> 0 | I39: =IF(I7=10%,I25*I7,0) -> 0
A40: =A39+1 -> 4 | B40: Adicional Insalubridade 20% (Ver súmula 228 e 139 TST) | H40: =I40/$I$48 -> 0 | I40: =IF(I7=20%,I25*I7,0) -> 0
A41: =A40+1 -> 5 | B41: Adicional Insalubridade 40% (Ver súmula 228 e 139 TST) | H41: =I41/$I$48 -> 0 | I41: =IF(I7=40%,I25*I7,0) -> 0
A42: =A41+1 -> 6 | B42: Adicional de Supervisor (IN 05/2017 MPOG SLTI) | H42: =I42/$I$48 -> 0 | I42: =IF(I24="Não aplicável",0,I37*I24) -> 0
A43: =A42+1 -> 7 | B43: Feriados | H43: =I43/$I$48 -> 0 | I43: =IF(I26="Não aplicável",0,(I37+I38+I39+I40+I41+I42+I47)/I5*I26*(1+I27)) -> 0
A44: =A43+1 -> 8 | B44: DSR = número total das horas extras do mês / número de dias úteis X domingos e feriados do mês X valor da hora extra com acréscimo | H44: =I44/$I$48 -> 0 | I44: =IF(I26="Não aplicável",0,I26/I13*5*(I10/H10*(1+I27))) -> 0
A45: =A44+1 -> 9 | B45: Adicional Troca de Uniforme | H45: =I45/$I$48 -> 0.014756326 | I45: =I12*I13 -> 41.34
A46: =A45+1 -> 10 | B46: Integração RSF (20% sobre Ad.Troca de Uniforme - somente para vigilantes) | H46: =I46/$I$48 -> 0.0029512651 | I46: =I45*20% -> 8.268
A47: =A46+1 -> 11 | B47: =IF(D6="12x36","Para postos 12x36 os feriados são considerados compensados, conforme parágrafo único, Art. 59-A da CLT","Outros") -> Outros | H47: =I47/$I$48 -> 0 | I47: 0
A48: Total de Remuneração | H48: =SUM(H37:H47) -> 1 | I48: =SUM(I37:I47) -> 2801.5104
A57: II | B57: Encargos Sociais - Grupo II: Obrigações Sociais | H57: % | I57: Valor Mensal/unidade de serviço (R$)
A58: 1 | B58: INSS (art. 22, inc. I, Lei nº 8.212/91) | H58: 0.2 | I58: =$I$48*H58 -> 560.30208
A59: 2 | B59: SESI ou SESC (art. 30, Lei nº 8.036/90) | H59: 0.015 | I59: =$I$48*H59 -> 42.022656
A60: 3 | B60: SENAI ou SENAC (Decreto-Lei nº 2.318/86) | H60: 0.01 | I60: =$I$48*H60 -> 28.015104
A61: 4 | B61: INCRA (art. 15I, Lei Complementar nº 011/71) | H61: 0.002 | I61: =$I$48*H61 -> 5.6030208
A62: 5 | B62: SALÁRIO EDUCAÇÃO (art. , inc. I, Decreto nº 87.043/82) | H62: 0.025 | I62: =$I$48*H62 -> 70.03776
A63: 6 | B63: FGTS (art. 15, Lei nº 8.036/90) | H63: 0.08 | I63: =$I$48*H63 -> 224.12083
A64: 7 | B64: SEG. ACIDENTE DO TRABALHO 1%, 2% e 3% (art. 22, inc. II, alíneas "b" e "c", da Lei nº 8.212/91) | H64: 0.03 | I64: =$I$48*H64 -> 84.045312
A65: 8 | B65: SEBRAE (§ 3º, art. 8º, Lei nº 8.029/90) | H65: 0.006 | I65: =$I$48*H65 -> 16.809062
A66: Total do Grupo II | H66: =SUM(H58:H65) -> 0.368 | I66: =SUM(I58:I65) -> 1030.9558
A67: Os percentuais para o SAT podem variar de 0,50% a 6,00% em função do Fator de Acidente Previdenciário (FAP), Decreto nº 6.957/2009
A68: Deverá obrigatoriamente acompanhar a proposta de preços e a planilha de custos e formação de preços a prova do Fator Acidentário de Prevenção – FAP por meio de impressão de consulta ao site do Ministério da Previdência Social (que pode ser obtido no endereço eletrônico http://www2.dataprev.gov.br/fap/fap.htm), independentemente de alteração da alíquota da parcela do Seguro Acidente de Trabalho disposta no Quadro II da referida planilha.
A69: III | B69: Encargos Sociais - Grupo III: Tempo Não Trabalhado | H69: % | I69: Valor Mensal/unidade de serviço (R$)
A70: 1 | B70: FÉRIAS GOZADAS + ADICIONAL DE FÉRIAS | H70: 0.119314 | I70: =$I$48*H70 -> 334.25941
A71: 2 | B71: FALTAS ABONADAS (3) | H71: 0.020485 | I71: =$I$48*H71 -> 57.388941
A72: 3 | B72: FALTAS LEGAIS (4) | H72: 0.012127 | I72: =$I$48*H72 -> 33.973917
A73: 4 | B73: LICENÇA MATERNIDADE | H73: 0.0027250794 | I73: =$I$48*H73 -> 7.6343382
A74: 5 | B74: LICENÇA PATERNIDADE | H74: 0.000476 | I74: =$I$48*H74 -> 1.333519
A75: 6 | B75: ACIDENTE DE TRABALHO | H75: 0.000442 | I75: =$I$48*H75 -> 1.2382676
A76: 7 | B76: AVISO PRÉVIO TRABALHADO | H76: 0.000185 | I76: =$I$48*H76 -> 0.51827942
A77: 8 | B77: 13º SALÁRIO | H77: 0.09079 | I77: =$I$48*H77 -> 254.34913
A78: Total do Grupo III | H78: =SUM(H70:H77) -> 0.24654408 | I78: =SUM(I70:I77) -> 690.6958
A79: (3) | B79: Faltas Justificadas por Auxílio Doença
A80: (4) | B80: Faltas Legais - Art. 473 CLT
A81: IV | B81: Encargos Sociais - Grupo IV: Indenizações | H81: % | I81: Valor Mensal/unidade de serviço (R$)
A82: 1 | B82: INDENIZAÇÕES | H82: 0.048321 | I82: =$I$48*H82 -> 135.37178
A83: 2 | B83: FGTS SOBRE INDENIZAÇÕES | H83: 0.003511 | I83: =$I$48*H83 -> 9.836103
A84: 3 | B84: INDENIZAÇÃO COMPENSATÓRIA POR DEMISSÃO SEM JUSTA CAUSA | H84: 0.019328 | I84: =$I$48*H84 -> 54.147593
A85: Total do Grupo IV | H85: =SUM(H82:H84) -> 0.07116 | I85: =SUM(I82:I84) -> 199.35548
A87: V | B87: Encargos Sociais - Grupo V: Incidências | H87: % | I87: Valor Mensal/unidade de serviço (R$)
A88: 1 | B88: INCIDÊNCIA GRUPO II (Obrigações Sociais) X GRUPO III (Tempo Não Trabalhado) | H88: =(H66*H78) -> 0.090728221 | I88: =$I$48*H88 -> 254.17606
A89: Total do Grupo V | H89: =SUM(H88:H88) -> 0.090728221 | I89: =I88 -> 254.17606
A91: TOTAL DOS ENCARGOS SOCIAIS (II + III + IV + V) | H91: =H66+H78+H85+H89 -> 0.7764323 | I91: =I66+I78+I85+I89 -> 2175.1832
A93: VI | B93: Demais custos relativos à Norma Coletiva ou Disposições Legais - Grupo VI | H93: % | I93: Valor Mensal/unidade de serviço (R$)
A94: 1 | B94: Auxílio Alimentação | H94: =I94/$I$48 -> 0.18846976 | I94: =I111 -> 528
A95: 2 | B95: Auxílio Lanche | H95: =I95/$I$48 -> 0 | I95: =I107 -> 0
A96: 3 | B96: Vale-Transporte⁽⁵⁾ | H96: =I96/$I$48 -> 0.066277105 | I96: =I103 -> 185.676
A97: 4 | B97: Adicional Intervalar | H97: =I97/$I$48 -> 0 | I97: =IF(I28="Não aplicável",0,((I10/H10)*1.5*I28)) -> 0
A98: 5 | B98: Outros | H98: =I98/$I$48 -> 0 | I98: =IF(I23="Não aplicável",0,I23) -> 0
A99: Total do Grupo VI | H99: =SUM(H94:H98) -> 0.25474687 | I99: =SUM(I94:I98) -> 713.676
A100: (5) | B100: O valor do vale-transporte pode variar de acordo com o modal fornecido pelo empregador.
A101: MEMÓRIA DE CÁLCULO DO VALE TRANSPORTE
A102: Valor Unitário | C102: Dias de Trabalho | D102: Vale p/dia | E102: Custo total | F102: Base de cálculo | G102: Percentual de desconto | H102: Valor desconto | I102: Custo efetivo
A103: =IF(I14="Não aplicável",0,I14) -> 6 | C103: =IF(I15="Não aplicável",0,I15) -> 26 | D103: 2 | E103: =A103*C103*D103 -> 312 | F103: =I37 -> 2105.4 | G103: =IF(I16="Não aplicável",0,I16) -> 0.06 | H103: =F103*G103 -> 126.324 | I103: =IF((E103-H103)>0,E103-H103,0) -> 185.676
A105: MEMÓRIA DE CÁLCULO DO VALE LANCHE
A106: Valor Unitário | C106: Dias por mês | D106: Vale p/dia | E106: Custo total | F106: Base de cálculo | G106: Percentual de desconto | H106: Valor desconto | I106: Custo efetivo
A107: =IF(I20="Não aplicável",0,I20) -> 0 | C107: =IF(I21="Não aplicável",0,I21) -> 0 | D107: 1 | E107: =A107*C107*D107 -> 0 | F107: =E107 -> 0 | G107: =IF(I22="Não aplicável",0,I22) -> 0 | H107: =F107*G107 -> 0 | I107: =E107-H107 -> 0
A109: MEMÓRIA DE CÁLCULO DO VALE ALIMENTAÇÃO
A110: Valor Unitário | C110: Dias por mês | D110: Vale p/dia | E110: Custo total | F110: Base de cálculo | G110: Percentual de desconto | H110: =H102 -> Valor desconto | I110: Custo efetivo
A111: =IF(I17="Não aplicável",0,I17) -> 30 | C111: =IF(I18="Não aplicável",0,I18) -> 22 | D111: 1 | E111: =A111*C111*D111 -> 660 | F111: =E111 -> 660 | G111: =IF(I19="Não aplicável",0,I19) -> 0.2 | H111: =F111*G111 -> 132 | I111: =E111-H111 -> 528
A113: TOTAL DO MONTANTE A (I + II + III+ IV + V +VI) | H113: =H48+H91+H99 -> 2.0311792 | I113: =I48+I91+I99 -> 5690.3696
A115: MONTANTE B
A116: I | B116: Despesas Diretas | H116: % | I116: Valor Mensal/unidade de serviço (R$)
A117: 1 | B117: Transporte (6) | H117: =I117/$I$129 -> 0 | I117: 0
A118: 2 | B118: Uniformes/EPI (6a) | H118: =I118/$I$129 -> 0 | I118: =IF(F127=10%,G127,0) -> 0
A119: 3 | B119: Seguro de vida | H119: =I119/$I$129 -> 0 | I119: 0
A120: 4 | B120: Materiais/Equipamentos (7) | H120: =I120/$I$129 -> 0.2 | I120: =IF(F127=20%,G127,0) -> 1100.9387
A121: 5 | B121: Depreciação de equipamentos (8) | H121: =I121/$I$129 -> 0 | I121: 0
...

Sheet Poa Zona Norte e Centro 44h
A1: PLANILHA DE CUSTOS E FORMAÇÃO DE PREÇOS DE SERVIÇOS CONTINUADOS COM DEDICAÇÃO EXCLUSIVA DE MÃO DE OBRA (ANEXO III - DECRETOS 52.768 de 15.12.2015)
A2: PROCESSO: | C2: 25130000022130 | E2: REGIME DE TRIBUTAÇÃO: LUCRO REAL e PRESUMIDO (*)
A3: LICITAÇÃO/EDITAL | E3: ABERTURA:
A5: Cargo/Função: | D5: Vigilante | G5: =IF(D6="12x36","Regime de trabalho:","Quantidade de HORAS/MÊS") -> Quantidade de HORAS/MÊS | I5: =IF(D6="12x36",D6,5*D6) -> 220
A6: =IF(D6="12x36","Regime de trabalho:","Regime de trabalho (horas semanais):") -> Regime de trabalho (horas semanais): | D6: 44
A7: Convenção Coletiva de Trabalho: | D7: RS000837/2025 | G7: INSALUBRIDADE (10%, 20%, 40%) | I7: Não aplicável
A8: Origem do salário: | D8: RS000837/2025
A9: Cidade: | D9: Porto Alegre | G9: PERICULOSIDADE (30%) | I9: 0.3
A10: Salário Normativo | G10: Vlr. do salário e nº de horas correspondentes | H10: 220 | I10: 2105.4
A11: ISS | H11: Alíquota | I11: 0.025
A12: Adicional Troca de Uniforme (somente para postos de vigilantes que preveem pagamento para troca de uniforme na CCT) | G12: CCT | H12: Valor | I12: 1.59
A13: Quantidade de dias trabalhados no mês | I13: 26
A14: Tarifa Transporte | G14: CCT | H14: Vr. Unitário | I14: 5.3
H15: Dias | I15: 26
H16: Desconto | I16: 0.06
A17: Auxílio Alimentação | G17: CCT | H17: Vr. Unitário | I17: 30
H18: Dias | I18: 22
H19: Desconto | I19: 0.2
A20: Auxílio Lanche | G20: CCT | H20: Vr. Unitário | I20: Não aplicável
H21: Dias | I21: Não aplicável
H22: Desconto | I22: Não aplicável
A23: Outros benefícios que refletem na planilha de custos, caso constem na CCT | H23: Valor mensal | I23: 0
A24: Adicional de Supervisor (37%) | H24: Porcentagem | I24: 0
A25: Base de cálculo da insalubridade | H25: Valor | I25: Não aplicável
A26: Quantitativo de horas trabalhadas em feriados no mês (estimado) - Não aplicável para postos 12x36 | H26: Horas por mês | I26: Não aplicável
H27: Acréscimo da hora extra | I27: Não aplicável
A28: Hora Intervalar | H28: Horas por mês | I28: Não aplicável
A29: Sem fornecimento de materiais ou apenas fornecimento de EPIs ou uniformes, utilizar 10%. Com fornecimento de materiais ou equipamentos, utilizar 20%. (Decreto 52.768/2015, alterado pelo Decreto 53.424/2017) | H29: Porcentagem | I29: 0.2
A35: MONTANTE A
A36: I | B36: Remuneração - Grupo I | H36: % | I36: Valor Mensal/unidade de serviço (R$)
A37: 1 | B37: Salário | H37: =I37/$I$48 -> 0.75152318 | I37: =IF(D6="12x36",I10,I10/H10*I5) -> 2105.4
A38: =A37+1 -> 2 | B38: Adicional Periculosidade 30% | H38: =I38/$I$48 -> 0.23076923 | I38: =IF(I9=30%,(I37+I45+I46)*I9,0) -> 646.5024
A39: =A38+1 -> 3 | B39: Adicional Insalubridade 10% (Ver súmula 228 e 139 TST) | H39: =I39/$I$48 -> 0 | I39: =IF(I7=10%,I25*I7,0) -> 0
A40: =A39+1 -> 4 | B40: Adicional Insalubridade 20% (Ver súmula 228 e 139 TST) | H40: =I40/$I$48 -> 0 | I40: =IF(I7=20%,I25*I7,0) -> 0
A41: =A40+1 -> 5 | B41: Adicional Insalubridade 40% (Ver súmula 228 e 139 TST) | H41: =I41/$I$48 -> 0 | I41: =IF(I7=40%,I25*I7,0) -> 0
A42: =A41+1 -> 6 | B42: Adicional de Supervisor (IN 05/2017 MPOG SLTI) | H42: =I42/$I$48 -> 0 | I42: =IF(I24="Não aplicável",0,I37*I24) -> 0
A43: =A42+1 -> 7 | B43: Feriados | H43: =I43/$I$48 -> 0 | I43: =IF(I26="Não aplicável",0,(I37+I38+I39+I40+I41+I42+I47)/I5*I26*(1+I27)) -> 0
A44: =A43+1 -> 8 | B44: DSR = número total das horas extras do mês / número de dias úteis X domingos e feriados do mês X valor da hora extra com acréscimo | H44: =I44/$I$48 -> 0 | I44: =IF(I26="Não aplicável",0,I26/I13*5*(I10/H10*(1+I27))) -> 0
A45: =A44+1 -> 9 | B45: Adicional Troca de Uniforme | H45: =I45/$I$48 -> 0.014756326 | I45: =I12*I13 -> 41.34
A46: =A45+1 -> 10 | B46: Integração RSF (20% sobre Ad.Troca de Uniforme - somente para vigilantes) | H46: =I46/$I$48 -> 0.0029512651 | I46: =I45*20% -> 8.268
A47: =A46+1 -> 11 | B47: =IF(D6="12x36","Para postos 12x36 os feriados são considerados compensados, conforme parágrafo único, Art. 59-A da CLT","Outros") -> Outros | H47: =I47/$I$48 -> 0 | I47: 0
A48: Total de Remuneração | H48: =SUM(H37:H47) -> 1 | I48: =SUM(I37:I47) -> 2801.5104
A57: II | B57: Encargos Sociais - Grupo II: Obrigações Sociais | H57: % | I57: Valor Mensal/unidade de serviço (R$)
A58: 1 | B58: INSS (art. 22, inc. I, Lei nº 8.212/91) | H58: 0.2 | I58: =$I$48*H58 -> 560.30208
A59: 2 | B59: SESI ou SESC (art. 30, Lei nº 8.036/90) | H59: 0.015 | I59: =$I$48*H59 -> 42.022656
A60: 3 | B60: SENAI ou SENAC (Decreto-Lei nº 2.318/86) | H60: 0.01 | I60: =$I$48*H60 -> 28.015104
A61: 4 | B61: INCRA (art. 15I, Lei Complementar nº 011/71) | H61: 0.002 | I61: =$I$48*H61 -> 5.6030208
A62: 5 | B62: SALÁRIO EDUCAÇÃO (art. , inc. I, Decreto nº 87.043/82) | H62: 0.025 | I62: =$I$48*H62 -> 70.03776
A63: 6 | B63: FGTS (art. 15, Lei nº 8.036/90) | H63: 0.08 | I63: =$I$48*H63 -> 224.12083
A64: 7 | B64: SEG. ACIDENTE DO TRABALHO 1%, 2% e 3% (art. 22, inc. II, alíneas "b" e "c", da Lei nº 8.212/91) | H64: 0.03 | I64: =$I$48*H64 -> 84.045312
A65: 8 | B65: SEBRAE (§ 3º, art. 8º, Lei nº 8.029/90) | H65: 0.006 | I65: =$I$48*H65 -> 16.809062
A66: Total do Grupo II | H66: =SUM(H58:H65) -> 0.368 | I66: =SUM(I58:I65) -> 1030.9558
A67: Os percentuais para o SAT podem variar de 0,50% a 6,00% em função do Fator de Acidente Previdenciário (FAP), Decreto nº 6.957/2009
A68: Deverá obrigatoriamente acompanhar a proposta de preços e a planilha de custos e formação de preços a prova do Fator Acidentário de Prevenção – FAP por meio de impressão de consulta ao site do Ministério da Previdência Social (que pode ser obtido no endereço eletrônico http://www2.dataprev.gov.br/fap/fap.htm), independentemente de alteração da alíquota da parcela do Seguro Acidente de Trabalho disposta no Quadro II da referida planilha.
A69: III | B69: Encargos Sociais - Grupo III: Tempo Não Trabalhado | H69: % | I69: Valor Mensal/unidade de serviço (R$)
A70: 1 | B70: FÉRIAS GOZADAS + ADICIONAL DE FÉRIAS | H70: 0.119314 | I70: =$I$48*H70 -> 334.25941
A71: 2 | B71: FALTAS ABONADAS (3) | H71: 0.020485 | I71: =$I$48*H71 -> 57.388941
A72: 3 | B72: FALTAS LEGAIS (4) | H72: 0.012127 | I72: =$I$48*H72 -> 33.973917
A73: 4 | B73: LICENÇA MATERNIDADE | H73: 0.0027250794 | I73: =$I$48*H73 -> 7.6343382
A74: 5 | B74: LICENÇA PATERNIDADE | H74: 0.000476 | I74: =$I$48*H74 -> 1.333519
A75: 6 | B75: ACIDENTE DE TRABALHO | H75: 0.000442 | I75: =$I$48*H75 -> 1.2382676
A76: 7 | B76: AVISO PRÉVIO TRABALHADO | H76: 0.000185 | I76: =$I$48*H76 -> 0.51827942
A77: 8 | B77: 13º SALÁRIO | H77: 0.09079 | I77: =$I$48*H77 -> 254.34913
A78: Total do Grupo III | H78: =SUM(H70:H77) -> 0.24654408 | I78: =SUM(I70:I77) -> 690.6958
A79: (3) | B79: Faltas Justificadas por Auxílio Doença
A80: (4) | B80: Faltas Legais - Art. 473 CLT
A81: IV | B81: Encargos Sociais - Grupo IV: Indenizações | H81: % | I81: Valor Mensal/unidade de serviço (R$)
A82: 1 | B82: INDENIZAÇÕES | H82: 0.048321 | I82: =$I$48*H82 -> 135.37178
A83: 2 | B83: FGTS SOBRE INDENIZAÇÕES | H83: 0.003511 | I83: =$I$48*H83 -> 9.836103
A84: 3 | B84: INDENIZAÇÃO COMPENSATÓRIA POR DEMISSÃO SEM JUSTA CAUSA | H84: 0.019328 | I84: =$I$48*H84 -> 54.147593
A85: Total do Grupo IV | H85: =SUM(H82:H84) -> 0.07116 | I85: =SUM(I82:I84) -> 199.35548
A87: V | B87: Encargos Sociais - Grupo V: Incidências | H87: % | I87: Valor Mensal/unidade de serviço (R$)
A88: 1 | B88: INCIDÊNCIA GRUPO II (Obrigações Sociais) X GRUPO III (Tempo Não Trabalhado) | H88: =(H66*H78) -> 0.090728221 | I88: =$I$48*H88 -> 254.17606
A89: Total do Grupo V | H89: =SUM(H88:H88) -> 0.090728221 | I89: =I88 -> 254.17606
A91: TOTAL DOS ENCARGOS SOCIAIS (II + III + IV + V) | H91: =H66+H78+H85+H89 -> 0.7764323 | I91: =I66+I78+I85+I89 -> 2175.1832
A93: VI | B93: Demais custos relativos à Norma Coletiva ou Disposições Legais - Grupo VI | H93: % | I93: Valor Mensal/unidade de serviço (R$)
A94: 1 | B94: Auxílio Alimentação | H94: =I94/$I$48 -> 0.18846976 | I94: =I111 -> 528
A95: 2 | B95: Auxílio Lanche | H95: =I95/$I$48 -> 0 | I95: =I107 -> 0
A96: 3 | B96: Vale-Transporte⁽⁵⁾ | H96: =I96/$I$48 -> 0.053284114 | I96: =I103 -> 149.276
A97: 4 | B97: Adicional Intervalar | H97: =I97/$I$48 -> 0 | I97: =IF(I28="Não aplicável",0,((I10/H10)*1.5*I28)) -> 0
A98: 5 | B98: Outros | H98: =I98/$I$48 -> 0 | I98: =IF(I23="Não aplicável",0,I23) -> 0
A99: Total do Grupo VI | H99: =SUM(H94:H98) -> 0.24175388 | I99: =SUM(I94:I98) -> 677.276
A100: (5) | B100: O valor do vale-transporte pode variar de acordo com o modal fornecido pelo empregador.
A101: MEMÓRIA DE CÁLCULO DO VALE TRANSPORTE
A102: Valor Unitário | C102: Dias de Trabalho | D102: Vale p/dia | E102: Custo total | F102: Base de cálculo | G102: Percentual de desconto | H102: Valor desconto | I102: Custo efetivo
A103: =IF(I14="Não aplicável",0,I14) -> 5.3 | C103: =IF(I15="Não aplicável",0,I15) -> 26 | D103: 2 | E103: =A103*C103*D103 -> 275.6 | F103: =I37 -> 2105.4 | G103: =IF(I16="Não aplicável",0,I16) -> 0.06 | H103: =F103*G103 -> 126.324 | I103: =IF((E103-H103)>0,E103-H103,0) -> 149.276
A105: MEMÓRIA DE CÁLCULO DO VALE LANCHE
A106: Valor Unitário | C106: Dias por mês | D106: Vale p/dia | E106: Custo total | F106: Base de cálculo | G106: Percentual de desconto | H106: Valor desconto | I106: Custo efetivo
A107: =IF(I20="Não aplicável",0,I20) -> 0 | C107: =IF(I21="Não aplicável",0,I21) -> 0 | D107: 1 | E107: =A107*C107*D107 -> 0 | F107: =E107 -> 0 | G107: =IF(I22="Não aplicável",0,I22) -> 0 | H107: =F107*G107 -> 0 | I107: =E107-H107 -> 0
A109: MEMÓRIA DE CÁLCULO DO VALE ALIMENTAÇÃO
A110: Valor Unitário | C110: Dias por mês | D110: Vale p/dia | E110: Custo total | F110: Base de cálculo | G110: Percentual de desconto | H110: =H102 -> Valor desconto | I110: Custo efetivo
A111: =IF(I17="Não aplicável",0,I17) -> 30 | C111: =IF(I18="Não aplicável",0,I18) -> 22 | D111: 1 | E111: =A111*C111*D111 -> 660 | F111: =E111 -> 660 | G111: =IF(I19="Não aplicável",0,I19) -> 0.2 | H111: =F111*G111 -> 132 | I111: =E111-H111 -> 528
A113: TOTAL DO MONTANTE A (I + II + III+ IV + V +VI) | H113: =H48+H91+H99 -> 2.0181862 | I113: =I48+I91+I99 -> 5653.9696
A115: MONTANTE B
A116: I | B116: Despesas Diretas | H116: % | I116: Valor Mensal/unidade de serviço (R$)
A117: 1 | B117: Transporte (6) | H117: =I117/$I$129 -> 0 | I117: 0
A118: 2 | B118: Uniformes/EPI (6a) | H118: =I118/$I$129 -> 0 | I118: =IF(F127=10%,G127,0) -> 0
A119: 3 | B119: Seguro de vida | H119: =I119/$I$129 -> 0 | I119: 0
A120: 4 | B120: Materiais/Equipamentos (7) | H120: =I120/$I$129 -> 0.2 | I120: =IF(F127=20%,G127,0) -> 1100.9387
A121: 5 | B121: Depreciação de equipamentos (8) | H121: =I121/$I$129 -> 0 | I121: 0
...

Sheet Poa Zona Sul Diurno 12x36
A1: PLANILHA DE CUSTOS E FORMAÇÃO DE PREÇOS DE SERVIÇOS CONTINUADOS COM DEDICAÇÃO EXCLUSIVA DE MÃO DE OBRA (ANEXO III - DECRETOS 52.768 de 15.12.2015)
A2: PROCESSO: | C2: 25130000022130 | E2: REGIME DE TRIBUTAÇÃO: LUCRO REAL e PRESUMIDO (*)
A3: LICITAÇÃO/EDITAL | E3: ABERTURA:
A5: Cargo/Função: | D5: Vigilante | G5: =IF(D6="12x36","Regime de trabalho:","Quantidade de HORAS/MÊS") -> Regime de trabalho: | I5: 200
A6: =IF(D6="12x36","Regime de trabalho:","Regime de trabalho (horas semanais):") -> Regime de trabalho: | D6: 12x36
A7: Convenção Coletiva de Trabalho: | D7: RS000837/2025 | G7: INSALUBRIDADE (10%, 20%, 40%) | I7: Não aplicável
A8: Origem do salário: | D8: RS000837/2025
A9: Cidade: | D9: Porto Alegre | G9: PERICULOSIDADE (30%) | I9: 0.3
A10: Salário Normativo | G10: Vlr. do salário e nº de horas correspondentes | H10: 220 | I10: 2105.4
A11: ISS | H11: Alíquota | I11: 0.025
A12: Adicional Troca de Uniforme (somente para postos de vigilantes que preveem pagamento para troca de uniforme na CCT) | G12: CCT | H12: Valor | I12: 1.59
A13: Quantidade de dias trabalhados no mês | I13: 15
A14: Tarifa Transporte | G14: CCT | H14: Vr. Unitário | I14: 5.3
H15: Dias | I15: 15
H16: Desconto | I16: 0.06
A17: Auxílio Alimentação | G17: CCT | H17: Vr. Unitário | I17: 30
H18: Dias | I18: 15
H19: Desconto | I19: 0.2
A20: Auxílio Lanche | G20: CCT | H20: Vr. Unitário | I20: Não aplicável
H21: Dias | I21: Não aplicável
H22: Desconto | I22: Não aplicável
A23: Outros benefícios que refletem na planilha de custos, caso constem na CCT | H23: Valor mensal | I23: 0
A24: Adicional de Supervisor (37%) | H24: Porcentagem | I24: 0
A25: Base de cálculo da insalubridade | H25: Valor | I25: Não aplicável
A26: Quantitativo de horas trabalhadas em feriados no mês (estimado) - Não aplicável para postos 12x36 | H26: Horas por mês | I26: Não aplicável
H27: Acréscimo da hora extra | I27: Não aplicável
A28: Hora Intervalar | H28: Horas por mês | I28: Não aplicável
A29: Sem fornecimento de materiais ou apenas fornecimento de EPIs ou uniformes, utilizar 10%. Com fornecimento de materiais ou equipamentos, utilizar 20%. (Decreto 52.768/2015, alterado pelo Decreto 53.424/2017) | H29: Porcentagem | I29: 0.2
A35: MONTANTE A
A36: I | B36: Remuneração - Grupo I | H36: % | I36: Valor Mensal/unidade de serviço (R$)
A37: 1 | B37: Salário | H37: =I37/$I$48 -> 0.75891438 | I37: =IF(D6="12x36",I10,I10/H10*I5) -> 2105.4
A38: =A37+1 -> 2 | B38: Adicional Periculosidade 30% | H38: =I38/$I$48 -> 0.23076923 | I38: =IF(I9=30%,(I37+I45+I46)*I9,0) -> 640.206
A39: =A38+1 -> 3 | B39: Adicional Insalubridade 10% (Ver súmula 228 e 139 TST) | H39: =I39/$I$48 -> 0 | I39: =IF(I7=10%,I25*I7,0) -> 0
A40: =A39+1 -> 4 | B40: Adicional Insalubridade 20% (Ver súmula 228 e 139 TST) | H40: =I40/$I$48 -> 0 | I40: =IF(I7=20%,I25*I7,0) -> 0
A41: =A40+1 -> 5 | B41: Adicional Insalubridade 40% (Ver súmula 228 e 139 TST) | H41: =I41/$I$48 -> 0 | I41: =IF(I7=40%,I25*I7,0) -> 0
A42: =A41+1 -> 6 | B42: Adicional de Supervisor (IN 05/2017 MPOG SLTI) | H42: =I42/$I$48 -> 0 | I42: =IF(I24="Não aplicável",0,I37*I24) -> 0
A43: =A42+1 -> 7 | B43: Feriados | H43: =I43/$I$48 -> 0 | I43: =IF(I26="Não aplicável",0,(I37+I38+I39+I40+I41+I42+I47)/I5*I26*(1+I27)) -> 0
A44: =A43+1 -> 8 | B44: DSR = número total das horas extras do mês / número de dias úteis X domingos e feriados do mês X valor da hora extra com acréscimo | H44: =I44/$I$48 -> 0 | I44: =IF(I26="Não aplicável",0,I26/I13*5*(I10/H10*(1+I27))) -> 0
A45: =A44+1 -> 9 | B45: Adicional Troca de Uniforme | H45: =I45/$I$48 -> 0.0085969925 | I45: =I12*I13 -> 23.85
A46: =A45+1 -> 10 | B46: Integração RSF (20% sobre Ad.Troca de Uniforme - somente para vigilantes) | H46: =I46/$I$48 -> 0.0017193985 | I46: =I45*20% -> 4.77
A47: =A46+1 -> 11 | B47: =IF(D6="12x36","Para postos 12x36 os feriados são considerados compensados, conforme parágrafo único, Art. 59-A da CLT","Outros") -> Para postos 12x36 os feriados são considerados compensados, conforme parágrafo único, Art. 59-A da CLT | H47: =I47/$I$48 -> 0 | I47: 0
A48: Total de Remuneração | H48: =SUM(H37:H47) -> 1 | I48: =SUM(I37:I47) -> 2774.226
A57: II | B57: Encargos Sociais - Grupo II: Obrigações Sociais | H57: % | I57: Valor Mensal/unidade de serviço (R$)
A58: 1 | B58: INSS (art. 22, inc. I, Lei nº 8.212/91) | H58: 0.2 | I58: =$I$48*H58 -> 554.8452
A59: 2 | B59: SESI ou SESC (art. 30, Lei nº 8.036/90) | H59: 0.015 | I59: =$I$48*H59 -> 41.61339
A60: 3 | B60: SENAI ou SENAC (Decreto-Lei nº 2.318/86) | H60: 0.01 | I60: =$I$48*H60 -> 27.74226
A61: 4 | B61: INCRA (art. 15I, Lei Complementar nº 011/71) | H61: 0.002 | I61: =$I$48*H61 -> 5.548452
A62: 5 | B62: SALÁRIO EDUCAÇÃO (art. , inc. I, Decreto nº 87.043/82) | H62: 0.025 | I62: =$I$48*H62 -> 69.35565
A63: 6 | B63: FGTS (art. 15, Lei nº 8.036/90) | H63: 0.08 | I63: =$I$48*H63 -> 221.93808
A64: 7 | B64: SEG. ACIDENTE DO TRABALHO 1%, 2% e 3% (art. 22, inc. II, alíneas "b" e "c", da Lei nº 8.212/91) | H64: 0.03 | I64: =$I$48*H64 -> 83.22678
A65: 8 | B65: SEBRAE (§ 3º, art. 8º, Lei nº 8.029/90) | H65: 0.006 | I65: =$I$48*H65 -> 16.645356
A66: Total do Grupo II | H66: =SUM(H58:H65) -> 0.368 | I66: =SUM(I58:I65) -> 1020.9152
A67: Os percentuais para o SAT podem variar de 0,50% a 6,00% em função do Fator de Acidente Previdenciário (FAP), Decreto nº 6.957/2009
A68: Deverá obrigatoriamente acompanhar a proposta de preços e a planilha de custos e formação de preços a prova do Fator Acidentário de Prevenção – FAP por meio de impressão de consulta ao site do Ministério da Previdência Social (que pode ser obtido no endereço eletrônico http://www2.dataprev.gov.br/fap/fap.htm), independentemente de alteração da alíquota da parcela do Seguro Acidente de Trabalho disposta no Quadro II da referida planilha.
A69: III | B69: Encargos Sociais - Grupo III: Tempo Não Trabalhado | H69: % | I69: Valor Mensal/unidade de serviço (R$)
A70: 1 | B70: FÉRIAS GOZADAS + ADICIONAL DE FÉRIAS | H70: 0.119314 | I70: =$I$48*H70 -> 331.004
A71: 2 | B71: FALTAS ABONADAS (3) | H71: 0.020485 | I71: =$I$48*H71 -> 56.83002
A72: 3 | B72: FALTAS LEGAIS (4) | H72: 0.012127 | I72: =$I$48*H72 -> 33.643039
A73: 4 | B73: LICENÇA MATERNIDADE | H73: 0.0027250794 | I73: =$I$48*H73 -> 7.5599861
A74: 5 | B74: LICENÇA PATERNIDADE | H74: 0.000476 | I74: =$I$48*H74 -> 1.3205316
A75: 6 | B75: ACIDENTE DE TRABALHO | H75: 0.000442 | I75: =$I$48*H75 -> 1.2262079
A76: 7 | B76: AVISO PRÉVIO TRABALHADO | H76: 0.000185 | I76: =$I$48*H76 -> 0.51323181
A77: 8 | B77: 13º SALÁRIO | H77: 0.09079 | I77: =$I$48*H77 -> 251.87198
A78: Total do Grupo III | H78: =SUM(H70:H77) -> 0.24654408 | I78: =SUM(I70:I77) -> 683.969
A79: (3) | B79: Faltas Justificadas por Auxílio Doença
A80: (4) | B80: Faltas Legais - Art. 473 CLT
A81: IV | B81: Encargos Sociais - Grupo IV: Indenizações | H81: % | I81: Valor Mensal/unidade de serviço (R$)
A82: 1 | B82: INDENIZAÇÕES | H82: 0.048321 | I82: =$I$48*H82 -> 134.05337
A83: 2 | B83: FGTS SOBRE INDENIZAÇÕES | H83: 0.003511 | I83: =$I$48*H83 -> 9.7403075
A84: 3 | B84: INDENIZAÇÃO COMPENSATÓRIA POR DEMISSÃO SEM JUSTA CAUSA | H84: 0.019328 | I84: =$I$48*H84 -> 53.62024
A85: Total do Grupo IV | H85: =SUM(H82:H84) -> 0.07116 | I85: =SUM(I82:I84) -> 197.41392
A87: V | B87: Encargos Sociais - Grupo V: Incidências | H87: % | I87: Valor Mensal/unidade de serviço (R$)
A88: 1 | B88: INCIDÊNCIA GRUPO II (Obrigações Sociais) X GRUPO III (Tempo Não Trabalhado) | H88: =(H66*H78) -> 0.090728221 | I88: =$I$48*H88 -> 251.70059
A89: Total do Grupo V | H89: =SUM(H88:H88) -> 0.090728221 | I89: =I88 -> 251.70059
A91: TOTAL DOS ENCARGOS SOCIAIS (II + III + IV + V) | H91: =H66+H78+H85+H89 -> 0.7764323 | I91: =I66+I78+I85+I89 -> 2153.9987
A93: VI | B93: Demais custos relativos à Norma Coletiva ou Disposições Legais - Grupo VI | H93: % | I93: Valor Mensal/unidade de serviço (R$)
A94: 1 | B94: Auxílio Alimentação | H94: =I94/$I$48 -> 0.12976592 | I94: =I111 -> 360
A95: 2 | B95: Auxílio Lanche | H95: =I95/$I$48 -> 0 | I95: =I107 -> 0
A96: 3 | B96: Vale-Transporte⁽⁵⁾ | H96: =I96/$I$48 -> 0.01177842 | I96: =I103 -> 32.676
A97: 4 | B97: Adicional Intervalar | H97: =I97/$I$48 -> 0 | I97: =IF(I28="Não aplicável",0,((I10/H10)*1.5*I28)) -> 0
A98: 5 | B98: Outros | H98: =I98/$I$48 -> 0 | I98: =IF(I23="Não aplicável",0,I23) -> 0
A99: Total do Grupo VI | H99: =SUM(H94:H98) -> 0.14154434 | I99: =SUM(I94:I98) -> 392.676
A100: (5) | B100: O valor do vale-transporte pode variar de acordo com o modal fornecido pelo empregador.
A101: MEMÓRIA DE CÁLCULO DO VALE TRANSPORTE
A102: Valor Unitário | C102: Dias de Trabalho | D102: Vale p/dia | E102: Custo total | F102: Base de cálculo | G102: Percentual de desconto | H102: Valor desconto | I102: Custo efetivo
A103: =IF(I14="Não aplicável",0,I14) -> 5.3 | C103: =IF(I15="Não aplicável",0,I15) -> 15 | D103: 2 | E103: =A103*C103*D103 -> 159 | F103: =I37 -> 2105.4 | G103: =IF(I16="Não aplicável",0,I16) -> 0.06 | H103: =F103*G103 -> 126.324 | I103: =IF((E103-H103)>0,E103-H103,0) -> 32.676
A105: MEMÓRIA DE CÁLCULO DO VALE LANCHE
A106: Valor Unitário | C106: Dias por mês | D106: Vale p/dia | E106: Custo total | F106: Base de cálculo | G106: Percentual de desconto | H106: Valor desconto | I106: Custo efetivo
A107: =IF(I20="Não aplicável",0,I20) -> 0 | C107: =IF(I21="Não aplicável",0,I21) -> 0 | D107: 1 | E107: =A107*C107*D107 -> 0 | F107: =E107 -> 0 | G107: =IF(I22="Não aplicável",0,I22) -> 0 | H107: =F107*G107 -> 0 | I107: =E107-H107 -> 0
A109: MEMÓRIA DE CÁLCULO DO VALE ALIMENTAÇÃO
A110: Valor Unitário | C110: Dias por mês | D110: Vale p/dia | E110: Custo total | F110: Base de cálculo | G110: Percentual de desconto | H110: =H102 -> Valor desconto | I110: Custo efetivo
A111: =IF(I17="Não aplicável",0,I17) -> 30 | C111: =IF(I18="Não aplicável",0,I18) -> 15 | D111: 1 | E111: =A111*C111*D111 -> 450 | F111: =E111 -> 450 | G111: =IF(I19="Não aplicável",0,I19) -> 0.2 | H111: =F111*G111 -> 90 | I111: =E111-H111 -> 360
A113: TOTAL DO MONTANTE A (I + II + III+ IV + V +VI) | H113: =H48+H91+H99 -> 1.9179766 | I113: =I48+I91+I99 -> 5320.9007
A115: MONTANTE B
A116: I | B116: Despesas Diretas | H116: % | I116: Valor Mensal/unidade de serviço (R$)
A117: 1 | B117: Transporte (6) | H117: =I117/$I$129 -> 0 | I117: 0
A118: 2 | B118: Uniformes/EPI (6a) | H118: =I118/$I$129 -> 0 | I118: =IF(F127=10%,G127,0) -> 0
A119: 3 | B119: Seguro de vida | H119: =I119/$I$129 -> 0 | I119: 0
A120: 4 | B120: Materiais/Equipamentos (7) | H120: =I120/$I$129 -> 0.2 | I120: =IF(F127=20%,G127,0) -> 1057.6449
A121: 5 | B121: Depreciação de equipamentos (8) | H121: =I121/$I$129 -> 0 | I121: 0
...

Sheet Poa Zona Sul Noturno 12x36
A1: PLANILHA DE CUSTOS E FORMAÇÃO DE PREÇOS DE SERVIÇOS CONTINUADOS COM DEDICAÇÃO EXCLUSIVA DE MÃO DE OBRA (ANEXO III - DECRETOS 52.768 de 15.12.2015)
A2: PROCESSO: | E2: REGIME DE TRIBUTAÇÃO: LUCRO REAL e PRESUMIDO (*)
A3: LICITAÇÃO/EDITAL | E3: ABERTURA:
A5: Cargo/Função: | D5: Vigilante Noturno | G5: =IF(D6="12x36","Regime de trabalho:","Quantidade de HORAS/MÊS") -> Regime de trabalho: | I5: =IF(D6="12x36",D6,5*D6) -> 12x36
A6: =IF(D6="12x36","Regime de trabalho:","Regime de trabalho (horas semanais):") -> Regime de trabalho: | D6: 12x36
A7: Convenção Coletiva de Trabalho: | D7: RS000837/2025 | G7: INSALUBRIDADE (10%, 20%, 40%) | I7: Não aplicável
A8: Origem do salário: | D8: RS000837/2025
A9: Cidade: | D9: Porto Alegre | G9: PERICULOSIDADE (30%) | I9: 0.3
A10: Salário Normativo | G10: Vlr. do salário e nº de horas correspondentes | H10: 220 | I10: 2105.4
A11: ISS | G11: =D9 -> Porto Alegre | H11: Alíquota | I11: 0.025
A12: Adicional Troca de Uniforme (somente para postos de vigilantes que preveem pagamento para troca de uniforme na CCT) | G12: CCT | H12: Valor | I12: 1.59
A13: Quantidade de dias trabalhados no mês | I13: 15
A14: Tarifa Transporte | G14: CCT | H14: Vr. Unitário | I14: 5.3
H15: Dias | I15: 15
H16: Desconto | I16: 0.06
A17: Vale Alimentação | G17: CCT | H17: Vr. Unitário | I17: 30
H18: Dias | I18: 15
H19: Desconto | I19: 0.2
A20: Auxílio Lanche | G20: CCT | H20: Vr. Unitário | I20: Não aplicável
H21: Dias | I21: Não aplicável
H22: Desconto | I22: Não aplicável
A23: Outros benefícios que refletem na planilha de custos, caso constem na CCT | G23: CCT | H23: Valor mensal | I23: Não aplicável
A24: Adicional de Supervisor (37%) | H24: Porcentagem
A25: Base de cálculo da insalubridade | H25: Valor | I25: Não aplicável
A26: Quantitativo de horas trabalhadas em feriados no mês (estimado) - Não aplicável para postos 12x36 | H26: Horas por mês | I26: Não aplicável
H27: Acréscimo da hora extra | I27: Não aplicável
A28: Hora Intervalar (somente para postos 12x36, quando for o caso) | H28: Horas por mês | I28: 15
A29: Sem fornecimento de materiais ou apenas fornecimento de EPIs ou uniformes, utilizar 10%. Com fornecimento de materiais ou equipamentos, utilizar 20%. (Decreto 52.768/2015, alterado pelo Decreto 53.424/2017) | H29: Porcentagem | I29: 0.2
A30: Adicional Noturno: Horas: [(60/52,5) x Nº de horas noturnas diárias] x Nº de dias trabalhados com hora noturna Valor hora: (vlr. do salário/nº de horas correspondente do salário) x 20% (noturno) | G30: CCT | H30: Nº horas | I30: =((60/52.5)*7)*15 -> 120
H31: Vr. Hora | I31: =I10/H10*20% -> 1.914
A32: Reduzida Noturna Horas Reduzidas: 60/52,5=1,143 x 7h noturnas = 8h noturnas 5h diurnas + 8h noturnas = 13h X 15 dias = 195 horas mensais 195h - 190,67 = 4,33 horas Valor hora: (vlr. do salário/nº de horas correspondente do salário) x 150% (H.Extra) | G32: CCT | H32: Nº horas | I32: =((5+7+1)*15)-190.67 -> 4.33
H33: Vr. Hora | I33: =(I10/H10)*1.5 -> 14.355
A35: MONTANTE A
A36: I | B36: Remuneração - Grupo I | H36: % | I36: Valor Mensal/unidade de serviço (R$)
A37: 1 | B37: Salário | H37: =I37/$I$55 -> 0.63472193 | I37: =IF(D6="12x36",I10,I10/H10*I5) -> 2105.4
A38: =A37+1 -> 2 | B38: Adicional Noturno 20% (Ver súmula 60 TST) | H38: =I38/$I$55 -> 0 | I38: 0
A39: =A38+1 -> 3 | B39: Adicional Periculosidade 30% | H39: =I39/$I$55 -> 0.22467823 | I39: =IF(I9=30%,(I37+I53+I46+I49+I52+I54)*I9,0) -> 745.26737
A40: =A39+1 -> 4 | B40: Adicional Insalubridade 10% (Ver súmula 228 e 139 TST) | H40: =I40/$I$55 -> 0 | I40: =IF(I7=10%,I25*I7,0) -> 0
A41: =A40+1 -> 5 | B41: Adicional Insalubridade 20% (Ver súmula 228 e 139 TST) | H41: =I41/$I$55 -> 0 | I41: =IF(I7=20%,I25*I7,0) -> 0
A42: =A41+1 -> 6 | B42: Adicional Insalubridade 40% (Ver súmula 228 e 139 TST) | H42: =I42/$I$55 -> 0 | I42: =IF(I7=40%,I25*I7,0) -> 0
A43: =A42+1 -> 7 | B43: Adicional de Supervisor (IN 05/2017 MPOG SLTI) | H43: =I43/$I$55 -> 0 | I43: =IF(I24="Não aplicável",0,I37*I24) -> 0
A44: =A43+1 -> 8 | B44: Feriados | H44: =I44/$I$55 -> 0 | I44: =IF(I26="Não aplicável",0,(I37+I38+I39+I40+I41+I42+I43+#REF!)/I5*I26*(1+I27)) -> 0
A45: =A44+1 -> 9 | B45: DSR = número total das horas extras do mês / número de dias úteis X domingos e feriados do mês X valor da hora extra com acréscimo | H45: =I45/$I$55 -> 0 | I45: =IF(I26="Não aplicável",0,I26/I13*5*(I10/H10*(1+I27))) -> 0
A46: =A45+1 -> 10 | B46: Reduzida Noturna | H46: =I46/$I$55 -> 0.018738722 | I46: =I32*I33 -> 62.15715
A47: =A46+1 -> 11 | B47: Adicional de insalubridade sobre Reduzida Noturna | H47: =I47/$I$55 -> 0 | I47: =IF(OR(I7=10%,I7=20%,I7=40%),I46*I7,0) -> 0
A48: =A47+1 -> 12 | B48: Adicional de periculosidade sobre Reduzida Noturna | H48: =I48/$I$55 -> 0.0056216167 | I48: =IF(I9=30%,I46*I9,0) -> 18.647145
A49: =A48+1 -> 13 | B49: Adicional Noturno | H49: =I49/$I$55 -> 0.069242392 | I49: =I30*I31 -> 229.68
A50: =A49+1 -> 14 | B50: Adicional de insalubridade sobre o Adicional Noturno | H50: =I50/$I$55 -> 0 | I50: =IF(OR(I7=10%,I7=20%,I7=40%),I49*I7,0) -> 0
A51: =A50+1 -> 15 | B51: Adicional de periculosidade sobre o Adicional Noturno | H51: =I51/$I$55 -> 0.020772718 | I51: =IF(I9=30%,I49*I9,0) -> 68.904
A52: =A51+1 -> 16 | B52: Integração RSRF (20%) sobre H. Extra Red. Noturna e Adic Noturno = [Reduzida Noturna + Adic. Noturno]*[Descanso Semanal Remunerado] (20%) | H52: =I52/$I$55 -> 0.017596223 | I52: =(I46+I49)*0.2 -> 58.36743
A53: =A52+1 -> 17 | B53: Adicional Troca de Uniforme | H53: =I53/$I$55 -> 0.0071901387 | I53: =I12*I13 -> 23.85
A54: =A53+1 -> 18 | B54: Integração RSF (20% sobre Ad.Troca de Uniforme) | H54: =I54/$I$55 -> 0.0014380277 | I54: =I53*20% -> 4.77
A55: Total de Remuneração | H55: =SUM(H37:H54) -> 1 | I55: =SUM(I37:I54) -> 3317.0431
A57: II | B57: Encargos Sociais - Grupo II: Obrigações Sociais | H57: % | I57: Valor Mensal/unidade de serviço (R$)
A58: 1 | B58: INSS (art. 22, inc. I, Lei nº 8.212/91) | H58: 0.2 | I58: =$I$55*H58 -> 663.40862
A59: 2 | B59: SESI ou SESC (art. 30, Lei nº 8.036/90) | H59: 0.015 | I59: =$I$55*H59 -> 49.755646
A60: 3 | B60: SENAI ou SENAC (Decreto-Lei nº 2.318/86) | H60: 0.01 | I60: =$I$55*H60 -> 33.170431
A61: 4 | B61: INCRA (art. 15I, Lei Complementar nº 011/71) | H61: 0.002 | I61: =$I$55*H61 -> 6.6340862
A62: 5 | B62: SALÁRIO EDUCAÇÃO (art. , inc. I, Decreto nº 87.043/82) | H62: 0.025 | I62: =$I$55*H62 -> 82.926077
A63: 6 | B63: FGTS (art. 15, Lei nº 8.036/90) | H63: 0.08 | I63: =$I$55*H63 -> 265.36345
A64: 7 | B64: SEG. ACIDENTE DO TRABALHO 1%, 2% e 3% (art. 22, inc. II, alíneas "b" e "c", da Lei nº 8.212/91) | H64: 0.03 | I64: =$I$55*H64 -> 99.511293
A65: 8 | B65: SEBRAE (§ 3º, art. 8º, Lei nº 8.029/90) | H65: 0.006 | I65: =$I$55*H65 -> 19.902259
A66: Total do Grupo II | H66: =SUM(H58:H65) -> 0.368 | I66: =SUM(I58:I65) -> 1220.6719
A67: Os percentuais para o SAT podem variar de 0,50% a 6,00% em função do Fator de Acidente Previdenciário (FAP), Decreto nº 6.957/2009
A68: Deverá obrigatoriamente acompanhar a proposta de preços e a planilha de custos e formação de preços a prova do Fator Acidentário de Prevenção – FAP por meio de impressão de consulta ao site do Ministério da Previdência Social (que pode ser obtido no endereço eletrônico http://www2.dataprev.gov.br/fap/fap.htm), independentemente de alteração da alíquota da parcela do Seguro Acidente de Trabalho disposta no Quadro II da referida planilha.
A69: III | B69: Encargos Sociais - Grupo III: Tempo Não Trabalhado | H69: % | I69: Valor Mensal/unidade de serviço (R$)
A70: 1 | B70: FÉRIAS GOZADAS + ADICIONAL DE FÉRIAS | H70: 0.119314 | I70: =$I$55*H70 -> 395.76968
A71: 2 | B71: FALTAS ABONADAS (3) | H71: 0.020479 | I71: =$I$55*H71 -> 67.929726
A72: 3 | B72: FALTAS LEGAIS (4) | H72: 0.012123 | I72: =$I$55*H72 -> 40.212513
A73: 4 | B73: LICENÇA MATERNIDADE | H73: 0.011436 | I73: =$I$55*H73 -> 37.933705
A74: 5 | B74: LICENÇA PATERNIDADE | H74: 0.000174 | I74: =$I$55*H74 -> 0.5771655
A75: 6 | B75: ACIDENTE DE TRABALHO | H75: 0.000442 | I75: =$I$55*H75 -> 1.466133
A76: 7 | B76: AVISO PRÉVIO TRABALHADO | H76: 0.000185 | I76: =$I$55*H76 -> 0.61365297
A77: 8 | B77: 13º SALÁRIO | H77: 0.09079 | I77: =$I$55*H77 -> 301.15434
A78: Total do Grupo III | H78: =SUM(H70:H77) -> 0.254943 | I78: =SUM(I70:I77) -> 845.65692
A79: (3) | B79: Faltas Justificadas por Auxílio Doença
A80: (4) | B80: Faltas Legais - Art. 473 CLT
A81: IV | B81: Encargos Sociais - Grupo IV: Indenizações | H81: % | I81: Valor Mensal/unidade de serviço (R$)
A82: 1 | B82: INDENIZAÇÕES | H82: 0.048321 | I82: =$I$55*H82 -> 160.28284
A83: 2 | B83: FGTS SOBRE INDENIZAÇÕES | H83: 0.003511 | I83: =$I$55*H83 -> 11.646138
A84: 3 | B84: INDENIZAÇÃO COMPENSATÓRIA POR DEMISSÃO SEM JUSTA CAUSA | H84: 0.019328 | I84: =$I$55*H84 -> 64.111809
A85: Total do Grupo IV | H85: =SUM(H82:H84) -> 0.07116 | I85: =SUM(I82:I84) -> 236.04079
A87: V | B87: Encargos Sociais - Grupo V: Incidências | H87: % | I87: Valor Mensal/unidade de serviço (R$)
A88: 1 | B88: INCIDÊNCIA GRUPO II (Obrigações Sociais) X GRUPO III (Tempo Não Trabalhado) | H88: =(H66*H78) -> 0.093819024 | I88: =$I$55*H88 -> 311.20175
A89: Total do Grupo V | H89: =SUM(H88:H88) -> 0.093819024 | I89: =I88 -> 311.20175
A91: TOTAL DOS ENCARGOS SOCIAIS (II + III + IV + V) | H91: =H66+H78+H85+H89 -> 0.78792202 | I91: =I66+I78+I85+I89 -> 2613.5713
A93: VI | B93: Demais custos relativos à Norma Coletiva ou Disposições Legais - Grupo VI | H93: % | I93: Valor Mensal/unidade de serviço (R$)
A94: 1 | B94: Auxílio Alimentação | H94: =I94/$I$55 -> 0.1085304 | I94: =I111 -> 360
A95: 2 | B95: Auxílio Lanche | H95: =I95/$I$55 -> 0 | I95: =I107 -> 0
A96: 3 | B96: Vale-Transporte⁽⁵⁾ | H96: =I96/$I$55 -> 0.0098509422 | I96: =I103 -> 32.676
A97: 4 | B97: Adicional Intervalar | H97: =I97/$I$55 -> 0.064914743 | I97: =IF(I28="Não aplicável",0,((I10/H10)*1.5*I28)) -> 215.325
A98: 5 | B98: Outros | H98: =I98/$I$55 -> 0 | I98: =IF(I23="Não aplicável",0,I23) -> 0
A99: Total do Grupo VI | H99: =SUM(H94:H98) -> 0.18329608 | I99: =SUM(I94:I98) -> 608.001
A101: MEMÓRIA DE CÁLCULO DO VALE TRANSPORTE
A102: Valor Unitário | C102: Dias de Trabalho | D102: Vale p/dia | E102: Custo total | F102: Base de cálculo | G102: Percentual de desconto | H102: Valor desconto | I102: Custo efetivo
A103: =IF(I14="Não aplicável",0,I14) -> 5.3 | C103: =IF(I15="Não aplicável",0,I15) -> 15 | D103: 2 | E103: =A103*C103*D103 -> 159 | F103: =I37 -> 2105.4 | G103: =IF(I16="Não aplicável",0,I16) -> 0.06 | H103: =F103*G103 -> 126.324 | I103: =IF((E103-H103)>0,E103-H103,0) -> 32.676
A105: MEMÓRIA DE CÁLCULO DO VALE LANCHE
A106: Valor Unitário | C106: Dias por mês | D106: Vale p/dia | E106: Custo total | F106: Base de cálculo | G106: Percentual de desconto | H106: Valor desconto | I106: Custo efetivo
A107: =IF(I20="Não aplicável",0,I20) -> 0 | C107: =IF(I21="Não aplicável",0,I21) -> 0 | D107: 1 | E107: =A107*C107*D107 -> 0 | F107: =E107 -> 0 | G107: =IF(I22="Não aplicável",0,I22) -> 0 | H107: =F107*G107 -> 0 | I107: =E107-H107 -> 0
A109: MEMÓRIA DE CÁLCULO DO VALE ALIMENTAÇÃO
...

Sheet Poa Zona Sul 40h
A1: PLANILHA DE CUSTOS E FORMAÇÃO DE PREÇOS DE SERVIÇOS CONTINUADOS COM DEDICAÇÃO EXCLUSIVA DE MÃO DE OBRA (ANEXO III - DECRETOS 52.768 de 15.12.2015)
A2: PROCESSO: | C2: 25130000022130 | E2: REGIME DE TRIBUTAÇÃO: LUCRO REAL e PRESUMIDO (*)
A3: LICITAÇÃO/EDITAL | E3: ABERTURA:
A5: Cargo/Função: | D5: Vigilante | G5: =IF(D6="12x36","Regime de trabalho:","Quantidade de HORAS/MÊS") -> Quantidade de HORAS/MÊS | I5: 200
A6: =IF(D6="12x36","Regime de trabalho:","Regime de trabalho (horas semanais):") -> Regime de trabalho (horas semanais): | D6: 40
A7: Convenção Coletiva de Trabalho: | D7: RS000837/2025 | G7: INSALUBRIDADE (10%, 20%, 40%) | I7: Não aplicável
A8: Origem do salário: | D8: RS000837/2025
A9: Cidade: | D9: Porto Alegre | G9: PERICULOSIDADE (30%) | I9: 0.3
A10: Salário Normativo | G10: Vlr. do salário e nº de horas correspondentes | H10: 220 | I10: 2105.4
A11: ISS | H11: Alíquota | I11: 0.025
A12: Adicional Troca de Uniforme (somente para postos de vigilantes que preveem pagamento para troca de uniforme na CCT) | G12: CCT | H12: Valor | I12: 1.59
A13: Quantidade de dias trabalhados no mês | I13: 22
A14: Tarifa Transporte | G14: CCT | H14: Vr. Unitário | I14: 5.3
H15: Dias | I15: 22
H16: Desconto | I16: 0.06
A17: Auxílio Alimentação | G17: CCT | H17: Vr. Unitário | I17: 30
H18: Dias | I18: 22
H19: Desconto | I19: 0.2
A20: Auxílio Lanche | G20: CCT | H20: Vr. Unitário | I20: Não aplicável
H21: Dias | I21: Não aplicável
H22: Desconto | I22: Não aplicável
A23: Outros benefícios que refletem na planilha de custos, caso constem na CCT | H23: Valor mensal | I23: 0
A24: Adicional de Supervisor (37%) | H24: Porcentagem | I24: 0
A25: Base de cálculo da insalubridade | H25: Valor | I25: Não aplicável
A26: Quantitativo de horas trabalhadas em feriados no mês (estimado) - Não aplicável para postos 12x36 | H26: Horas por mês | I26: Não aplicável
H27: Acréscimo da hora extra | I27: Não aplicável
A28: Hora Intervalar | H28: Horas por mês | I28: Não aplicável
A29: Sem fornecimento de materiais ou apenas fornecimento de EPIs ou uniformes, utilizar 10%. Com fornecimento de materiais ou equipamentos, utilizar 20%. (Decreto 52.768/2015, alterado pelo Decreto 53.424/2017) | H29: Porcentagem | I29: 0.2
A35: MONTANTE A
A36: I | B36: Remuneração - Grupo I | H36: % | I36: Valor Mensal/unidade de serviço (R$)
A37: 1 | B37: Salário | H37: =I37/$I$48 -> 0.75272278 | I37: =IF(D6="12x36",I10,I10/H10*I5) -> 1914
A38: =A37+1 -> 2 | B38: Adicional Periculosidade 30% | H38: =I38/$I$48 -> 0.23076923 | I38: =IF(I9=30%,(I37+I45+I46)*I9,0) -> 586.7928
A39: =A38+1 -> 3 | B39: Adicional Insalubridade 10% (Ver súmula 228 e 139 TST) | H39: =I39/$I$48 -> 0 | I39: =IF(I7=10%,I25*I7,0) -> 0
A40: =A39+1 -> 4 | B40: Adicional Insalubridade 20% (Ver súmula 228 e 139 TST) | H40: =I40/$I$48 -> 0 | I40: =IF(I7=20%,I25*I7,0) -> 0
A41: =A40+1 -> 5 | B41: Adicional Insalubridade 40% (Ver súmula 228 e 139 TST) | H41: =I41/$I$48 -> 0 | I41: =IF(I7=40%,I25*I7,0) -> 0
A42: =A41+1 -> 6 | B42: Adicional de Supervisor (IN 05/2017 MPOG SLTI) | H42: =I42/$I$48 -> 0 | I42: =IF(I24="Não aplicável",0,I37*I24) -> 0
A43: =A42+1 -> 7 | B43: Feriados | H43: =I43/$I$48 -> 0 | I43: =IF(I26="Não aplicável",0,(I37+I38+I39+I40+I41+I42+I47)/I5*I26*(1+I27)) -> 0
A44: =A43+1 -> 8 | B44: DSR = número total das horas extras do mês / número de dias úteis X domingos e feriados do mês X valor da hora extra com acréscimo | H44: =I44/$I$48 -> 0 | I44: =IF(I26="Não aplicável",0,I26/I13*5*(I10/H10*(1+I27))) -> 0
A45: =A44+1 -> 9 | B45: Adicional Troca de Uniforme | H45: =I45/$I$48 -> 0.013756658 | I45: =I12*I13 -> 34.98
A46: =A45+1 -> 10 | B46: Integração RSF (20% sobre Ad.Troca de Uniforme - somente para vigilantes) | H46: =I46/$I$48 -> 0.0027513315 | I46: =I45*20% -> 6.996
A47: =A46+1 -> 11 | B47: =IF(D6="12x36","Para postos 12x36 os feriados são considerados compensados, conforme parágrafo único, Art. 59-A da CLT","Outros") -> Outros | H47: =I47/$I$48 -> 0 | I47: 0
A48: Total de Remuneração | H48: =SUM(H37:H47) -> 1 | I48: =SUM(I37:I47) -> 2542.7688
A57: II | B57: Encargos Sociais - Grupo II: Obrigações Sociais | H57: % | I57: Valor Mensal/unidade de serviço (R$)
A58: 1 | B58: INSS (art. 22, inc. I, Lei nº 8.212/91) | H58: 0.2 | I58: =$I$48*H58 -> 508.55376
A59: 2 | B59: SESI ou SESC (art. 30, Lei nº 8.036/90) | H59: 0.015 | I59: =$I$48*H59 -> 38.141532
A60: 3 | B60: SENAI ou SENAC (Decreto-Lei nº 2.318/86) | H60: 0.01 | I60: =$I$48*H60 -> 25.427688
A61: 4 | B61: INCRA (art. 15I, Lei Complementar nº 011/71) | H61: 0.002 | I61: =$I$48*H61 -> 5.0855376
A62: 5 | B62: SALÁRIO EDUCAÇÃO (art. , inc. I, Decreto nº 87.043/82) | H62: 0.025 | I62: =$I$48*H62 -> 63.56922
A63: 6 | B63: FGTS (art. 15, Lei nº 8.036/90) | H63: 0.08 | I63: =$I$48*H63 -> 203.4215
A64: 7 | B64: SEG. ACIDENTE DO TRABALHO 1%, 2% e 3% (art. 22, inc. II, alíneas "b" e "c", da Lei nº 8.212/91) | H64: 0.03 | I64: =$I$48*H64 -> 76.283064
A65: 8 | B65: SEBRAE (§ 3º, art. 8º, Lei nº 8.029/90) | H65: 0.006 | I65: =$I$48*H65 -> 15.256613
A66: Total do Grupo II | H66: =SUM(H58:H65) -> 0.368 | I66: =SUM(I58:I65) -> 935.73892
A67: Os percentuais para o SAT podem variar de 0,50% a 6,00% em função do Fator de Acidente Previdenciário (FAP), Decreto nº 6.957/2009
A68: Deverá obrigatoriamente acompanhar a proposta de preços e a planilha de custos e formação de preços a prova do Fator Acidentário de Prevenção – FAP por meio de impressão de consulta ao site do Ministério da Previdência Social (que pode ser obtido no endereço eletrônico http://www2.dataprev.gov.br/fap/fap.htm), independentemente de alteração da alíquota da parcela do Seguro Acidente de Trabalho disposta no Quadro II da referida planilha.
A69: III | B69: Encargos Sociais - Grupo III: Tempo Não Trabalhado | H69: % | I69: Valor Mensal/unidade de serviço (R$)
A70: 1 | B70: FÉRIAS GOZADAS + ADICIONAL DE FÉRIAS | H70: 0.119314 | I70: =$I$48*H70 -> 303.38792
A71: 2 | B71: FALTAS ABONADAS (3) | H71: 0.020485 | I71: =$I$48*H71 -> 52.088619
A72: 3 | B72: FALTAS LEGAIS (4) | H72: 0.012127 | I72: =$I$48*H72 -> 30.836157
A73: 4 | B73: LICENÇA MATERNIDADE | H73: 0.0027250794 | I73: =$I$48*H73 -> 6.9292468
A74: 5 | B74: LICENÇA PATERNIDADE | H74: 0.000476 | I74: =$I$48*H74 -> 1.2103579
A75: 6 | B75: ACIDENTE DE TRABALHO | H75: 0.000442 | I75: =$I$48*H75 -> 1.1239038
A76: 7 | B76: AVISO PRÉVIO TRABALHADO | H76: 0.000185 | I76: =$I$48*H76 -> 0.47041223
A77: 8 | B77: 13º SALÁRIO | H77: 0.09079 | I77: =$I$48*H77 -> 230.85798
A78: Total do Grupo III | H78: =SUM(H70:H77) -> 0.24654408 | I78: =SUM(I70:I77) -> 626.90459
A79: (3) | B79: Faltas Justificadas por Auxílio Doença
A80: (4) | B80: Faltas Legais - Art. 473 CLT
A81: IV | B81: Encargos Sociais - Grupo IV: Indenizações | H81: % | I81: Valor Mensal/unidade de serviço (R$)
A82: 1 | B82: INDENIZAÇÕES | H82: 0.048321 | I82: =$I$48*H82 -> 122.86913
A83: 2 | B83: FGTS SOBRE INDENIZAÇÕES | H83: 0.003511 | I83: =$I$48*H83 -> 8.9276613
A84: 3 | B84: INDENIZAÇÃO COMPENSATÓRIA POR DEMISSÃO SEM JUSTA CAUSA | H84: 0.019328 | I84: =$I$48*H84 -> 49.146635
A85: Total do Grupo IV | H85: =SUM(H82:H84) -> 0.07116 | I85: =SUM(I82:I84) -> 180.94343
A87: V | B87: Encargos Sociais - Grupo V: Incidências | H87: % | I87: Valor Mensal/unidade de serviço (R$)
A88: 1 | B88: INCIDÊNCIA GRUPO II (Obrigações Sociais) X GRUPO III (Tempo Não Trabalhado) | H88: =(H66*H78) -> 0.090728221 | I88: =$I$48*H88 -> 230.70089
A89: Total do Grupo V | H89: =SUM(H88:H88) -> 0.090728221 | I89: =I88 -> 230.70089
A91: TOTAL DOS ENCARGOS SOCIAIS (II + III + IV + V) | H91: =H66+H78+H85+H89 -> 0.7764323 | I91: =I66+I78+I85+I89 -> 1974.2878
A93: VI | B93: Demais custos relativos à Norma Coletiva ou Disposições Legais - Grupo VI | H93: % | I93: Valor Mensal/unidade de serviço (R$)
A94: 1 | B94: Auxílio Alimentação | H94: =I94/$I$48 -> 0.20764766 | I94: =I111 -> 528
A95: 2 | B95: Auxílio Lanche | H95: =I95/$I$48 -> 0 | I95: =I107 -> 0
A96: 3 | B96: Vale-Transporte⁽⁵⁾ | H96: =I96/$I$48 -> 0.046547685 | I96: =I103 -> 118.36
A97: 4 | B97: Adicional Intervalar | H97: =I97/$I$48 -> 0 | I97: =IF(I28="Não aplicável",0,((I10/H10)*1.5*I28)) -> 0
A98: 5 | B98: Outros | H98: =I98/$I$48 -> 0 | I98: =IF(I23="Não aplicável",0,I23) -> 0
A99: Total do Grupo VI | H99: =SUM(H94:H98) -> 0.25419535 | I99: =SUM(I94:I98) -> 646.36
A100: (5) | B100: O valor do vale-transporte pode variar de acordo com o modal fornecido pelo empregador.
A101: MEMÓRIA DE CÁLCULO DO VALE TRANSPORTE
A102: Valor Unitário | C102: Dias de Trabalho | D102: Vale p/dia | E102: Custo total | F102: Base de cálculo | G102: Percentual de desconto | H102: Valor desconto | I102: Custo efetivo
A103: =IF(I14="Não aplicável",0,I14) -> 5.3 | C103: =IF(I15="Não aplicável",0,I15) -> 22 | D103: 2 | E103: =A103*C103*D103 -> 233.2 | F103: =I37 -> 1914 | G103: =IF(I16="Não aplicável",0,I16) -> 0.06 | H103: =F103*G103 -> 114.84 | I103: =IF((E103-H103)>0,E103-H103,0) -> 118.36
A105: MEMÓRIA DE CÁLCULO DO VALE LANCHE
A106: Valor Unitário | C106: Dias por mês | D106: Vale p/dia | E106: Custo total | F106: Base de cálculo | G106: Percentual de desconto | H106: Valor desconto | I106: Custo efetivo
A107: =IF(I20="Não aplicável",0,I20) -> 0 | C107: =IF(I21="Não aplicável",0,I21) -> 0 | D107: 1 | E107: =A107*C107*D107 -> 0 | F107: =E107 -> 0 | G107: =IF(I22="Não aplicável",0,I22) -> 0 | H107: =F107*G107 -> 0 | I107: =E107-H107 -> 0
A109: MEMÓRIA DE CÁLCULO DO VALE ALIMENTAÇÃO
A110: Valor Unitário | C110: Dias por mês | D110: Vale p/dia | E110: Custo total | F110: Base de cálculo | G110: Percentual de desconto | H110: =H102 -> Valor desconto | I110: Custo efetivo
A111: =IF(I17="Não aplicável",0,I17) -> 30 | C111: =IF(I18="Não aplicável",0,I18) -> 22 | D111: 1 | E111: =A111*C111*D111 -> 660 | F111: =E111 -> 660 | G111: =IF(I19="Não aplicável",0,I19) -> 0.2 | H111: =F111*G111 -> 132 | I111: =E111-H111 -> 528
A113: TOTAL DO MONTANTE A (I + II + III+ IV + V +VI) | H113: =H48+H91+H99 -> 2.0306276 | I113: =I48+I91+I99 -> 5163.4166
A115: MONTANTE B
A116: I | B116: Despesas Diretas | H116: % | I116: Valor Mensal/unidade de serviço (R$)
A117: 1 | B117: Transporte (6) | H117: =I117/$I$129 -> 0 | I117: 0
A118: 2 | B118: Uniformes/EPI (6a) | H118: =I118/$I$129 -> 0 | I118: =IF(F127=10%,G127,0) -> 0
A119: 3 | B119: Seguro de vida | H119: =I119/$I$129 -> 0 | I119: 0
A120: 4 | B120: Materiais/Equipamentos (7) | H120: =I120/$I$129 -> 0.2 | I120: =IF(F127=20%,G127,0) -> 1009.0113
A121: 5 | B121: Depreciação de equipamentos (8) | H121: =I121/$I$129 -> 0 | I121: 0
...

Sheet Rio Grande
A1: PLANILHA DE CUSTOS E FORMAÇÃO DE PREÇOS DE SERVIÇOS CONTINUADOS COM DEDICAÇÃO EXCLUSIVA DE MÃO DE OBRA (ANEXO III - DECRETOS 52.768 de 15.12.2015)
A2: PROCESSO: | C2: 25130000022130 | E2: REGIME DE TRIBUTAÇÃO: LUCRO REAL e PRESUMIDO (*)
A3: LICITAÇÃO/EDITAL | E3: ABERTURA:
A5: Cargo/Função: | D5: Vigilante | G5: =IF(D6="12x36","Regime de trabalho:","Quantidade de HORAS/MÊS") -> Quantidade de HORAS/MÊS | I5: =IF(D6="12x36",D6,5*D6) -> 220
A6: =IF(D6="12x36","Regime de trabalho:","Regime de trabalho (horas semanais):") -> Regime de trabalho (horas semanais): | D6: 44
A7: Convenção Coletiva de Trabalho: | D7: RS000837/2025 | G7: INSALUBRIDADE (10%, 20%, 40%) | I7: Não aplicável
A8: Origem do salário: | D8: RS000837/2025
A9: Cidade: | D9: Rio Grande | G9: PERICULOSIDADE (30%) | I9: 0.3
A10: Salário Normativo | G10: Vlr. do salário e nº de horas correspondentes | H10: 220 | I10: 2105.4
A11: ISS | H11: Alíquota | I11: 0.04
A12: Adicional Troca de Uniforme (somente para postos de vigilantes que preveem pagamento para troca de uniforme na CCT) | G12: CCT | H12: Valor | I12: 1.59
A13: Quantidade de dias trabalhados no mês | I13: 26
A14: Tarifa Transporte | G14: CCT | H14: Vr. Unitário | I14: 5.8
H15: Dias | I15: 26
H16: Desconto | I16: 0.06
A17: Auxílio Alimentação | G17: CCT | H17: Vr. Unitário | I17: 30
H18: Dias | I18: 22
H19: Desconto | I19: 0.2
A20: Auxílio Lanche | G20: CCT | H20: Vr. Unitário | I20: Não aplicável
H21: Dias | I21: Não aplicável
H22: Desconto | I22: Não aplicável
A23: Outros benefícios que refletem na planilha de custos, caso constem na CCT | H23: Valor mensal | I23: 0
A24: Adicional de Supervisor (37%) | H24: Porcentagem | I24: 0
A25: Base de cálculo da insalubridade | H25: Valor | I25: Não aplicável
A26: Quantitativo de horas trabalhadas em feriados no mês (estimado) - Não aplicável para postos 12x36 | H26: Horas por mês | I26: Não aplicável
H27: Acréscimo da hora extra | I27: Não aplicável
A28: Hora Intervalar | H28: Horas por mês | I28: Não aplicável
A29: Sem fornecimento de materiais ou apenas fornecimento de EPIs ou uniformes, utilizar 10%. Com fornecimento de materiais ou equipamentos, utilizar 20%. (Decreto 52.768/2015, alterado pelo Decreto 53.424/2017) | H29: Porcentagem | I29: 0.2
A35: MONTANTE A
A36: I | B36: Remuneração - Grupo I | H36: % | I36: Valor Mensal/unidade de serviço (R$)
A37: 1 | B37: Salário | H37: =I37/$I$48 -> 0.75152318 | I37: =IF(D6="12x36",I10,I10/H10*I5) -> 2105.4
A38: =A37+1 -> 2 | B38: Adicional Periculosidade 30% | H38: =I38/$I$48 -> 0.23076923 | I38: =IF(I9=30%,(I37+I45+I46)*I9,0) -> 646.5024
A39: =A38+1 -> 3 | B39: Adicional Insalubridade 10% (Ver súmula 228 e 139 TST) | H39: =I39/$I$48 -> 0 | I39: =IF(I7=10%,I25*I7,0) -> 0
A40: =A39+1 -> 4 | B40: Adicional Insalubridade 20% (Ver súmula 228 e 139 TST) | H40: =I40/$I$48 -> 0 | I40: =IF(I7=20%,I25*I7,0) -> 0
A41: =A40+1 -> 5 | B41: Adicional Insalubridade 40% (Ver súmula 228 e 139 TST) | H41: =I41/$I$48 -> 0 | I41: =IF(I7=40%,I25*I7,0) -> 0
A42: =A41+1 -> 6 | B42: Adicional de Supervisor (IN 05/2017 MPOG SLTI) | H42: =I42/$I$48 -> 0 | I42: =IF(I24="Não aplicável",0,I37*I24) -> 0
A43: =A42+1 -> 7 | B43: Feriados | H43: =I43/$I$48 -> 0 | I43: =IF(I26="Não aplicável",0,(I37+I38+I39+I40+I41+I42+I47)/I5*I26*(1+I27)) -> 0
A44: =A43+1 -> 8 | B44: DSR = número total das horas extras do mês / número de dias úteis X domingos e feriados do mês X valor da hora extra com acréscimo | H44: =I44/$I$48 -> 0 | I44: =IF(I26="Não aplicável",0,I26/I13*5*(I10/H10*(1+I27))) -> 0
A45: =A44+1 -> 9 | B45: Adicional Troca de Uniforme | H45: =I45/$I$48 -> 0.014756326 | I45: =I12*I13 -> 41.34
A46: =A45+1 -> 10 | B46: Integração RSF (20% sobre Ad.Troca de Uniforme - somente para vigilantes) | H46: =I46/$I$48 -> 0.0029512651 | I46: =I45*20% -> 8.268
A47: =A46+1 -> 11 | B47: =IF(D6="12x36","Para postos 12x36 os feriados são considerados compensados, conforme parágrafo único, Art. 59-A da CLT","Outros") -> Outros | H47: =I47/$I$48 -> 0 | I47: 0
A48: Total de Remuneração | H48: =SUM(H37:H47) -> 1 | I48: =SUM(I37:I47) -> 2801.5104
A57: II | B57: Encargos Sociais - Grupo II: Obrigações Sociais | H57: % | I57: Valor Mensal/unidade de serviço (R$)
A58: 1 | B58: INSS (art. 22, inc. I, Lei nº 8.212/91) | H58: 0.2 | I58: =$I$48*H58 -> 560.30208
A59: 2 | B59: SESI ou SESC (art. 30, Lei nº 8.036/90) | H59: 0.015 | I59: =$I$48*H59 -> 42.022656
A60: 3 | B60: SENAI ou SENAC (Decreto-Lei nº 2.318/86) | H60: 0.01 | I60: =$I$48*H60 -> 28.015104
A61: 4 | B61: INCRA (art. 15I, Lei Complementar nº 011/71) | H61: 0.002 | I61: =$I$48*H61 -> 5.6030208
A62: 5 | B62: SALÁRIO EDUCAÇÃO (art. , inc. I, Decreto nº 87.043/82) | H62: 0.025 | I62: =$I$48*H62 -> 70.03776
A63: 6 | B63: FGTS (art. 15, Lei nº 8.036/90) | H63: 0.08 | I63: =$I$48*H63 -> 224.12083
A64: 7 | B64: SEG. ACIDENTE DO TRABALHO 1%, 2% e 3% (art. 22, inc. II, alíneas "b" e "c", da Lei nº 8.212/91) | H64: 0.03 | I64: =$I$48*H64 -> 84.045312
A65: 8 | B65: SEBRAE (§ 3º, art. 8º, Lei nº 8.029/90) | H65: 0.006 | I65: =$I$48*H65 -> 16.809062
A66: Total do Grupo II | H66: =SUM(H58:H65) -> 0.368 | I66: =SUM(I58:I65) -> 1030.9558
A67: Os percentuais para o SAT podem variar de 0,50% a 6,00% em função do Fator de Acidente Previdenciário (FAP), Decreto nº 6.957/2009
A68: Deverá obrigatoriamente acompanhar a proposta de preços e a planilha de custos e formação de preços a prova do Fator Acidentário de Prevenção – FAP por meio de impressão de consulta ao site do Ministério da Previdência Social (que pode ser obtido no endereço eletrônico http://www2.dataprev.gov.br/fap/fap.htm), independentemente de alteração da alíquota da parcela do Seguro Acidente de Trabalho disposta no Quadro II da referida planilha.
A69: III | B69: Encargos Sociais - Grupo III: Tempo Não Trabalhado | H69: % | I69: Valor Mensal/unidade de serviço (R$)
A70: 1 | B70: FÉRIAS GOZADAS + ADICIONAL DE FÉRIAS | H70: 0.119314 | I70: =$I$48*H70 -> 334.25941
A71: 2 | B71: FALTAS ABONADAS (3) | H71: 0.020485 | I71: =$I$48*H71 -> 57.388941
A72: 3 | B72: FALTAS LEGAIS (4) | H72: 0.012127 | I72: =$I$48*H72 -> 33.973917
A73: 4 | B73: LICENÇA MATERNIDADE | H73: 0.0027250794 | I73: =$I$48*H73 -> 7.6343382
A74: 5 | B74: LICENÇA PATERNIDADE | H74: 0.000476 | I74: =$I$48*H74 -> 1.333519
A75: 6 | B75: ACIDENTE DE TRABALHO | H75: 0.000442 | I75: =$I$48*H75 -> 1.2382676
A76: 7 | B76: AVISO PRÉVIO TRABALHADO | H76: 0.000185 | I76: =$I$48*H76 -> 0.51827942
A77: 8 | B77: 13º SALÁRIO | H77: 0.09079 | I77: =$I$48*H77 -> 254.34913
A78: Total do Grupo III | H78: =SUM(H70:H77) -> 0.24654408 | I78: =SUM(I70:I77) -> 690.6958
A79: (3) | B79: Faltas Justificadas por Auxílio Doença
A80: (4) | B80: Faltas Legais - Art. 473 CLT
A81: IV | B81: Encargos Sociais - Grupo IV: Indenizações | H81: % | I81: Valor Mensal/unidade de serviço (R$)
A82: 1 | B82: INDENIZAÇÕES | H82: 0.048321 | I82: =$I$48*H82 -> 135.37178
A83: 2 | B83: FGTS SOBRE INDENIZAÇÕES | H83: 0.003511 | I83: =$I$48*H83 -> 9.836103
A84: 3 | B84: INDENIZAÇÃO COMPENSATÓRIA POR DEMISSÃO SEM JUSTA CAUSA | H84: 0.019328 | I84: =$I$48*H84 -> 54.147593
A85: Total do Grupo IV | H85: =SUM(H82:H84) -> 0.07116 | I85: =SUM(I82:I84) -> 199.35548
A87: V | B87: Encargos Sociais - Grupo V: Incidências | H87: % | I87: Valor Mensal/unidade de serviço (R$)
A88: 1 | B88: INCIDÊNCIA GRUPO II (Obrigações Sociais) X GRUPO III (Tempo Não Trabalhado) | H88: =(H66*H78) -> 0.090728221 | I88: =$I$48*H88 -> 254.17606
A89: Total do Grupo V | H89: =SUM(H88:H88) -> 0.090728221 | I89: =I88 -> 254.17606
A91: TOTAL DOS ENCARGOS SOCIAIS (II + III + IV + V) | H91: =H66+H78+H85+H89 -> 0.7764323 | I91: =I66+I78+I85+I89 -> 2175.1832
A93: VI | B93: Demais custos relativos à Norma Coletiva ou Disposições Legais - Grupo VI | H93: % | I93: Valor Mensal/unidade de serviço (R$)
A94: 1 | B94: Auxílio Alimentação | H94: =I94/$I$48 -> 0.18846976 | I94: =I111 -> 528
A95: 2 | B95: Auxílio Lanche | H95: =I95/$I$48 -> 0 | I95: =I107 -> 0
A96: 3 | B96: Vale-Transporte⁽⁵⁾ | H96: =I96/$I$48 -> 0.062564822 | I96: =I103 -> 175.276
A97: 4 | B97: Adicional Intervalar | H97: =I97/$I$48 -> 0 | I97: =IF(I28="Não aplicável",0,((I10/H10)*1.5*I28)) -> 0
A98: 5 | B98: Outros | H98: =I98/$I$48 -> 0 | I98: =IF(I23="Não aplicável",0,I23) -> 0
A99: Total do Grupo VI | H99: =SUM(H94:H98) -> 0.25103458 | I99: =SUM(I94:I98) -> 703.276
A100: (5) | B100: O valor do vale-transporte pode variar de acordo com o modal fornecido pelo empregador.
A101: MEMÓRIA DE CÁLCULO DO VALE TRANSPORTE
A102: Valor Unitário | C102: Dias de Trabalho | D102: Vale p/dia | E102: Custo total | F102: Base de cálculo | G102: Percentual de desconto | H102: Valor desconto | I102: Custo efetivo
A103: =IF(I14="Não aplicável",0,I14) -> 5.8 | C103: =IF(I15="Não aplicável",0,I15) -> 26 | D103: 2 | E103: =A103*C103*D103 -> 301.6 | F103: =I37 -> 2105.4 | G103: =IF(I16="Não aplicável",0,I16) -> 0.06 | H103: =F103*G103 -> 126.324 | I103: =IF((E103-H103)>0,E103-H103,0) -> 175.276
A105: MEMÓRIA DE CÁLCULO DO VALE LANCHE
A106: Valor Unitário | C106: Dias por mês | D106: Vale p/dia | E106: Custo total | F106: Base de cálculo | G106: Percentual de desconto | H106: Valor desconto | I106: Custo efetivo
A107: =IF(I20="Não aplicável",0,I20) -> 0 | C107: =IF(I21="Não aplicável",0,I21) -> 0 | D107: 1 | E107: =A107*C107*D107 -> 0 | F107: =E107 -> 0 | G107: =IF(I22="Não aplicável",0,I22) -> 0 | H107: =F107*G107 -> 0 | I107: =E107-H107 -> 0
A109: MEMÓRIA DE CÁLCULO DO VALE ALIMENTAÇÃO
A110: Valor Unitário | C110: Dias por mês | D110: Vale p/dia | E110: Custo total | F110: Base de cálculo | G110: Percentual de desconto | H110: =H102 -> Valor desconto | I110: Custo efetivo
A111: =IF(I17="Não aplicável",0,I17) -> 30 | C111: =IF(I18="Não aplicável",0,I18) -> 22 | D111: 1 | E111: =A111*C111*D111 -> 660 | F111: =E111 -> 660 | G111: =IF(I19="Não aplicável",0,I19) -> 0.2 | H111: =F111*G111 -> 132 | I111: =E111-H111 -> 528
A113: TOTAL DO MONTANTE A (I + II + III+ IV + V +VI) | H113: =H48+H91+H99 -> 2.0274669 | I113: =I48+I91+I99 -> 5679.9696
A115: MONTANTE B
A116: I | B116: Despesas Diretas | H116: % | I116: Valor Mensal/unidade de serviço (R$)
A117: 1 | B117: Transporte (6) | H117: =I117/$I$129 -> 0 | I117: 0
A118: 2 | B118: Uniformes/EPI (6a) | H118: =I118/$I$129 -> 0 | I118: =IF(F127=10%,G127,0) -> 0
A119: 3 | B119: Seguro de vida | H119: =I119/$I$129 -> 0 | I119: 0
A120: 4 | B120: Materiais/Equipamentos (7) | H120: =I120/$I$129 -> 0.2 | I120: =IF(F127=20%,G127,0) -> 1100.9387
A121: 5 | B121: Depreciação de equipamentos (8) | H121: =I121/$I$129 -> 0 | I121: 0
...

Sheet Santa Maria
A1: PLANILHA DE CUSTOS E FORMAÇÃO DE PREÇOS DE SERVIÇOS CONTINUADOS COM DEDICAÇÃO EXCLUSIVA DE MÃO DE OBRA (ANEXO III - DECRETOS 52.768 de 15.12.2015)
A2: PROCESSO: | C2: 25130000022130 | E2: REGIME DE TRIBUTAÇÃO: LUCRO REAL e PRESUMIDO (*)
A3: LICITAÇÃO/EDITAL | E3: ABERTURA:
A5: Cargo/Função: | D5: Vigilante | G5: =IF(D6="12x36","Regime de trabalho:","Quantidade de HORAS/MÊS") -> Quantidade de HORAS/MÊS | I5: =IF(D6="12x36",D6,5*D6) -> 220
A6: =IF(D6="12x36","Regime de trabalho:","Regime de trabalho (horas semanais):") -> Regime de trabalho (horas semanais): | D6: 44
A7: Convenção Coletiva de Trabalho: | D7: RS000837/2025 | G7: INSALUBRIDADE (10%, 20%, 40%) | I7: Não aplicável
A8: Origem do salário: | D8: RS000837/2025
A9: Cidade: | D9: Santa Maria | G9: PERICULOSIDADE (30%) | I9: 0.3
A10: Salário Normativo | G10: Vlr. do salário e nº de horas correspondentes | H10: 220 | I10: 2105.4
A11: ISS | H11: Alíquota | I11: 0.04
A12: Adicional Troca de Uniforme (somente para postos de vigilantes que preveem pagamento para troca de uniforme na CCT) | G12: CCT | H12: Valor | I12: 1.59
A13: Quantidade de dias trabalhados no mês | I13: 26
A14: Tarifa Transporte | G14: CCT | H14: Vr. Unitário | I14: 6.65
H15: Dias | I15: 26
H16: Desconto | I16: 0.06
A17: Auxílio Alimentação | G17: CCT | H17: Vr. Unitário | I17: 30
H18: Dias | I18: 22
H19: Desconto | I19: 0.2
A20: Auxílio Lanche | G20: CCT | H20: Vr. Unitário | I20: Não aplicável
H21: Dias | I21: Não aplicável
H22: Desconto | I22: Não aplicável
A23: Outros benefícios que refletem na planilha de custos, caso constem na CCT | H23: Valor mensal | I23: 0
A24: Adicional de Supervisor (37%) | H24: Porcentagem | I24: 0
A25: Base de cálculo da insalubridade | H25: Valor | I25: Não aplicável
A26: Quantitativo de horas trabalhadas em feriados no mês (estimado) - Não aplicável para postos 12x36 | H26: Horas por mês | I26: Não aplicável
H27: Acréscimo da hora extra | I27: Não aplicável
A28: Hora Intervalar | H28: Horas por mês | I28: Não aplicável
A29: Sem fornecimento de materiais ou apenas fornecimento de EPIs ou uniformes, utilizar 10%. Com fornecimento de materiais ou equipamentos, utilizar 20%. (Decreto 52.768/2015, alterado pelo Decreto 53.424/2017) | H29: Porcentagem | I29: 0.2
A35: MONTANTE A
A36: I | B36: Remuneração - Grupo I | H36: % | I36: Valor Mensal/unidade de serviço (R$)
A37: 1 | B37: Salário | H37: =I37/$I$48 -> 0.75152318 | I37: =IF(D6="12x36",I10,I10/H10*I5) -> 2105.4
A38: =A37+1 -> 2 | B38: Adicional Periculosidade 30% | H38: =I38/$I$48 -> 0.23076923 | I38: =IF(I9=30%,(I37+I45+I46)*I9,0) -> 646.5024
A39: =A38+1 -> 3 | B39: Adicional Insalubridade 10% (Ver súmula 228 e 139 TST) | H39: =I39/$I$48 -> 0 | I39: =IF(I7=10%,I25*I7,0) -> 0
A40: =A39+1 -> 4 | B40: Adicional Insalubridade 20% (Ver súmula 228 e 139 TST) | H40: =I40/$I$48 -> 0 | I40: =IF(I7=20%,I25*I7,0) -> 0
A41: =A40+1 -> 5 | B41: Adicional Insalubridade 40% (Ver súmula 228 e 139 TST) | H41: =I41/$I$48 -> 0 | I41: =IF(I7=40%,I25*I7,0) -> 0
A42: =A41+1 -> 6 | B42: Adicional de Supervisor (IN 05/2017 MPOG SLTI) | H42: =I42/$I$48 -> 0 | I42: =IF(I24="Não aplicável",0,I37*I24) -> 0
A43: =A42+1 -> 7 | B43: Feriados | H43: =I43/$I$48 -> 0 | I43: =IF(I26="Não aplicável",0,(I37+I38+I39+I40+I41+I42+I47)/I5*I26*(1+I27)) -> 0
A44: =A43+1 -> 8 | B44: DSR = número total das horas extras do mês / número de dias úteis X domingos e feriados do mês X valor da hora extra com acréscimo | H44: =I44/$I$48 -> 0 | I44: =IF(I26="Não aplicável",0,I26/I13*5*(I10/H10*(1+I27))) -> 0
A45: =A44+1 -> 9 | B45: Adicional Troca de Uniforme | H45: =I45/$I$48 -> 0.014756326 | I45: =I12*I13 -> 41.34
A46: =A45+1 -> 10 | B46: Integração RSF (20% sobre Ad.Troca de Uniforme - somente para vigilantes) | H46: =I46/$I$48 -> 0.0029512651 | I46: =I45*20% -> 8.268
A47: =A46+1 -> 11 | B47: =IF(D6="12x36","Para postos 12x36 os feriados são considerados compensados, conforme parágrafo único, Art. 59-A da CLT","Outros") -> Outros | H47: =I47/$I$48 -> 0 | I47: 0
A48: Total de Remuneração | H48: =SUM(H37:H47) -> 1 | I48: =SUM(I37:I47) -> 2801.5104
A57: II | B57: Encargos Sociais - Grupo II: Obrigações Sociais | H57: % | I57: Valor Mensal/unidade de serviço (R$)
A58: 1 | B58: INSS (art. 22, inc. I, Lei nº 8.212/91) | H58: 0.2 | I58: =$I$48*H58 -> 560.30208
A59: 2 | B59: SESI ou SESC (art. 30, Lei nº 8.036/90) | H59: 0.015 | I59: =$I$48*H59 -> 42.022656
A60: 3 | B60: SENAI ou SENAC (Decreto-Lei nº 2.318/86) | H60: 0.01 | I60: =$I$48*H60 -> 28.015104
A61: 4 | B61: INCRA (art. 15I, Lei Complementar nº 011/71) | H61: 0.002 | I61: =$I$48*H61 -> 5.6030208
A62: 5 | B62: SALÁRIO EDUCAÇÃO (art. , inc. I, Decreto nº 87.043/82) | H62: 0.025 | I62: =$I$48*H62 -> 70.03776
A63: 6 | B63: FGTS (art. 15, Lei nº 8.036/90) | H63: 0.08 | I63: =$I$48*H63 -> 224.12083
A64: 7 | B64: SEG. ACIDENTE DO TRABALHO 1%, 2% e 3% (art. 22, inc. II, alíneas "b" e "c", da Lei nº 8.212/91) | H64: 0.03 | I64: =$I$48*H64 -> 84.045312
A65: 8 | B65: SEBRAE (§ 3º, art. 8º, Lei nº 8.029/90) | H65: 0.006 | I65: =$I$48*H65 -> 16.809062
A66: Total do Grupo II | H66: =SUM(H58:H65) -> 0.368 | I66: =SUM(I58:I65) -> 1030.9558
A67: Os percentuais para o SAT podem variar de 0,50% a 6,00% em função do Fator de Acidente Previdenciário (FAP), Decreto nº 6.957/2009
A68: Deverá obrigatoriamente acompanhar a proposta de preços e a planilha de custos e formação de preços a prova do Fator Acidentário de Prevenção – FAP por meio de impressão de consulta ao site do Ministério da Previdência Social (que pode ser obtido no endereço eletrônico http://www2.dataprev.gov.br/fap/fap.htm), independentemente de alteração da alíquota da parcela do Seguro Acidente de Trabalho disposta no Quadro II da referida planilha.
A69: III | B69: Encargos Sociais - Grupo III: Tempo Não Trabalhado | H69: % | I69: Valor Mensal/unidade de serviço (R$)
A70: 1 | B70: FÉRIAS GOZADAS + ADICIONAL DE FÉRIAS | H70: 0.119314 | I70: =$I$48*H70 -> 334.25941
A71: 2 | B71: FALTAS ABONADAS (3) | H71: 0.020485 | I71: =$I$48*H71 -> 57.388941
A72: 3 | B72: FALTAS LEGAIS (4) | H72: 0.012127 | I72: =$I$48*H72 -> 33.973917
A73: 4 | B73: LICENÇA MATERNIDADE | H73: 0.0027250794 | I73: =$I$48*H73 -> 7.6343382
A74: 5 | B74: LICENÇA PATERNIDADE | H74: 0.000476 | I74: =$I$48*H74 -> 1.333519
A75: 6 | B75: ACIDENTE DE TRABALHO | H75: 0.000442 | I75: =$I$48*H75 -> 1.2382676
A76: 7 | B76: AVISO PRÉVIO TRABALHADO | H76: 0.000185 | I76: =$I$48*H76 -> 0.51827942
A77: 8 | B77: 13º SALÁRIO | H77: 0.09079 | I77: =$I$48*H77 -> 254.34913
A78: Total do Grupo III | H78: =SUM(H70:H77) -> 0.24654408 | I78: =SUM(I70:I77) -> 690.6958
A79: (3) | B79: Faltas Justificadas por Auxílio Doença
A80: (4) | B80: Faltas Legais - Art. 473 CLT
A81: IV | B81: Encargos Sociais - Grupo IV: Indenizações | H81: % | I81: Valor Mensal/unidade de serviço (R$)
A82: 1 | B82: INDENIZAÇÕES | H82: 0.048321 | I82: =$I$48*H82 -> 135.37178
A83: 2 | B83: FGTS SOBRE INDENIZAÇÕES | H83: 0.003511 | I83: =$I$48*H83 -> 9.836103
A84: 3 | B84: INDENIZAÇÃO COMPENSATÓRIA POR DEMISSÃO SEM JUSTA CAUSA | H84: 0.019328 | I84: =$I$48*H84 -> 54.147593
A85: Total do Grupo IV | H85: =SUM(H82:H84) -> 0.07116 | I85: =SUM(I82:I84) -> 199.35548
A87: V | B87: Encargos Sociais - Grupo V: Incidências | H87: % | I87: Valor Mensal/unidade de serviço (R$)
A88: 1 | B88: INCIDÊNCIA GRUPO II (Obrigações Sociais) X GRUPO III (Tempo Não Trabalhado) | H88: =(H66*H78) -> 0.090728221 | I88: =$I$48*H88 -> 254.17606
A89: Total do Grupo V | H89: =SUM(H88:H88) -> 0.090728221 | I89: =I88 -> 254.17606
A91: TOTAL DOS ENCARGOS SOCIAIS (II + III + IV + V) | H91: =H66+H78+H85+H89 -> 0.7764323 | I91: =I66+I78+I85+I89 -> 2175.1832
A93: VI | B93: Demais custos relativos à Norma Coletiva ou Disposições Legais - Grupo VI | H93: % | I93: Valor Mensal/unidade de serviço (R$)
A94: 1 | B94: Auxílio Alimentação | H94: =I94/$I$48 -> 0.18846976 | I94: =I111 -> 528
A95: 2 | B95: Auxílio Lanche | H95: =I95/$I$48 -> 0 | I95: =I107 -> 0
A96: 3 | B96: Vale-Transporte⁽⁵⁾ | H96: =I96/$I$48 -> 0.078342026 | I96: =I103 -> 219.476
A97: 4 | B97: Adicional Intervalar | H97: =I97/$I$48 -> 0 | I97: =IF(I28="Não aplicável",0,((I10/H10)*1.5*I28)) -> 0
A98: 5 | B98: Outros | H98: =I98/$I$48 -> 0 | I98: =IF(I23="Não aplicável",0,I23) -> 0
A99: Total do Grupo VI | H99: =SUM(H94:H98) -> 0.26681179 | I99: =SUM(I94:I98) -> 747.476
A100: (5) | B100: O valor do vale-transporte pode variar de acordo com o modal fornecido pelo empregador.
A101: MEMÓRIA DE CÁLCULO DO VALE TRANSPORTE
A102: Valor Unitário | C102: Dias de Trabalho | D102: Vale p/dia | E102: Custo total | F102: Base de cálculo | G102: Percentual de desconto | H102: Valor desconto | I102: Custo efetivo
A103: =IF(I14="Não aplicável",0,I14) -> 6.65 | C103: =IF(I15="Não aplicável",0,I15) -> 26 | D103: 2 | E103: =A103*C103*D103 -> 345.8 | F103: =I37 -> 2105.4 | G103: =IF(I16="Não aplicável",0,I16) -> 0.06 | H103: =F103*G103 -> 126.324 | I103: =IF((E103-H103)>0,E103-H103,0) -> 219.476
A105: MEMÓRIA DE CÁLCULO DO VALE LANCHE
A106: Valor Unitário | C106: Dias por mês | D106: Vale p/dia | E106: Custo total | F106: Base de cálculo | G106: Percentual de desconto | H106: Valor desconto | I106: Custo efetivo
A107: =IF(I20="Não aplicável",0,I20) -> 0 | C107: =IF(I21="Não aplicável",0,I21) -> 0 | D107: 1 | E107: =A107*C107*D107 -> 0 | F107: =E107 -> 0 | G107: =IF(I22="Não aplicável",0,I22) -> 0 | H107: =F107*G107 -> 0 | I107: =E107-H107 -> 0
A109: MEMÓRIA DE CÁLCULO DO VALE ALIMENTAÇÃO
A110: Valor Unitário | C110: Dias por mês | D110: Vale p/dia | E110: Custo total | F110: Base de cálculo | G110: Percentual de desconto | H110: =H102 -> Valor desconto | I110: Custo efetivo
A111: =IF(I17="Não aplicável",0,I17) -> 30 | C111: =IF(I18="Não aplicável",0,I18) -> 22 | D111: 1 | E111: =A111*C111*D111 -> 660 | F111: =E111 -> 660 | G111: =IF(I19="Não aplicável",0,I19) -> 0.2 | H111: =F111*G111 -> 132 | I111: =E111-H111 -> 528
A113: TOTAL DO MONTANTE A (I + II + III+ IV + V +VI) | H113: =H48+H91+H99 -> 2.0432441 | I113: =I48+I91+I99 -> 5724.1696
A115: MONTANTE B
A116: I | B116: Despesas Diretas | H116: % | I116: Valor Mensal/unidade de serviço (R$)
A117: 1 | B117: Transporte (6) | H117: =I117/$I$129 -> 0 | I117: 0
A118: 2 | B118: Uniformes/EPI (6a) | H118: =I118/$I$129 -> 0 | I118: =IF(F127=10%,G127,0) -> 0
A119: 3 | B119: Seguro de vida | H119: =I119/$I$129 -> 0 | I119: 0
A120: 4 | B120: Materiais/Equipamentos (7) | H120: =I120/$I$129 -> 0.2 | I120: =IF(F127=20%,G127,0) -> 1100.9387
A121: 5 | B121: Depreciação de equipamentos (8) | H121: =I121/$I$129 -> 0 | I121: 0
...

Sheet Tramandaí
A1: PLANILHA DE CUSTOS E FORMAÇÃO DE PREÇOS DE SERVIÇOS CONTINUADOS COM DEDICAÇÃO EXCLUSIVA DE MÃO DE OBRA (ANEXO III - DECRETOS 52.768 de 15.12.2015)
A2: PROCESSO: | C2: 25130000022130 | E2: REGIME DE TRIBUTAÇÃO: LUCRO REAL e PRESUMIDO (*)
A3: LICITAÇÃO/EDITAL | E3: ABERTURA:
A5: Cargo/Função: | D5: Vigilante | G5: =IF(D6="12x36","Regime de trabalho:","Quantidade de HORAS/MÊS") -> Quantidade de HORAS/MÊS | I5: =IF(D6="12x36",D6,5*D6) -> 220
A6: =IF(D6="12x36","Regime de trabalho:","Regime de trabalho (horas semanais):") -> Regime de trabalho (horas semanais): | D6: 44
A7: Convenção Coletiva de Trabalho: | D7: RS000837/2025 | G7: INSALUBRIDADE (10%, 20%, 40%) | I7: Não aplicável
A8: Origem do salário: | D8: RS000837/2025
A9: Cidade: | D9: Tramandaí | G9: PERICULOSIDADE (30%) | I9: 0.3
A10: Salário Normativo | G10: Vlr. do salário e nº de horas correspondentes | H10: 220 | I10: 2105.4
A11: ISS | H11: Alíquota | I11: 0.03
A12: Adicional Troca de Uniforme (somente para postos de vigilantes que preveem pagamento para troca de uniforme na CCT) | G12: CCT | H12: Valor | I12: 1.59
A13: Quantidade de dias trabalhados no mês | I13: 26
A14: Tarifa Transporte | G14: CCT | H14: Vr. Unitário | I14: 5.2
H15: Dias | I15: 26
H16: Desconto | I16: 0.06
A17: Auxílio Alimentação | G17: CCT | H17: Vr. Unitário | I17: 30
H18: Dias | I18: 22
H19: Desconto | I19: 0.2
A20: Auxílio Lanche | G20: CCT | H20: Vr. Unitário | I20: Não aplicável
H21: Dias | I21: Não aplicável
H22: Desconto | I22: Não aplicável
A23: Outros benefícios que refletem na planilha de custos, caso constem na CCT | H23: Valor mensal | I23: 0
A24: Adicional de Supervisor (37%) | H24: Porcentagem | I24: 0
A25: Base de cálculo da insalubridade | H25: Valor | I25: Não aplicável
A26: Quantitativo de horas trabalhadas em feriados no mês (estimado) - Não aplicável para postos 12x36 | H26: Horas por mês | I26: Não aplicável
H27: Acréscimo da hora extra | I27: Não aplicável
A28: Hora Intervalar | H28: Horas por mês | I28: Não aplicável
A29: Sem fornecimento de materiais ou apenas fornecimento de EPIs ou uniformes, utilizar 10%. Com fornecimento de materiais ou equipamentos, utilizar 20%. (Decreto 52.768/2015, alterado pelo Decreto 53.424/2017) | H29: Porcentagem | I29: 0.2
A35: MONTANTE A
A36: I | B36: Remuneração - Grupo I | H36: % | I36: Valor Mensal/unidade de serviço (R$)
A37: 1 | B37: Salário | H37: =I37/$I$48 -> 0.75152318 | I37: =IF(D6="12x36",I10,I10/H10*I5) -> 2105.4
A38: =A37+1 -> 2 | B38: Adicional Periculosidade 30% | H38: =I38/$I$48 -> 0.23076923 | I38: =IF(I9=30%,(I37+I45+I46)*I9,0) -> 646.5024
A39: =A38+1 -> 3 | B39: Adicional Insalubridade 10% (Ver súmula 228 e 139 TST) | H39: =I39/$I$48 -> 0 | I39: =IF(I7=10%,I25*I7,0) -> 0
A40: =A39+1 -> 4 | B40: Adicional Insalubridade 20% (Ver súmula 228 e 139 TST) | H40: =I40/$I$48 -> 0 | I40: =IF(I7=20%,I25*I7,0) -> 0
A41: =A40+1 -> 5 | B41: Adicional Insalubridade 40% (Ver súmula 228 e 139 TST) | H41: =I41/$I$48 -> 0 | I41: =IF(I7=40%,I25*I7,0) -> 0
A42: =A41+1 -> 6 | B42: Adicional de Supervisor (IN 05/2017 MPOG SLTI) | H42: =I42/$I$48 -> 0 | I42: =IF(I24="Não aplicável",0,I37*I24) -> 0
A43: =A42+1 -> 7 | B43: Feriados | H43: =I43/$I$48 -> 0 | I43: =IF(I26="Não aplicável",0,(I37+I38+I39+I40+I41+I42+I47)/I5*I26*(1+I27)) -> 0
A44: =A43+1 -> 8 | B44: DSR = número total das horas extras do mês / número de dias úteis X domingos e feriados do mês X valor da hora extra com acréscimo | H44: =I44/$I$48 -> 0 | I44: =IF(I26="Não aplicável",0,I26/I13*5*(I10/H10*(1+I27))) -> 0
A45: =A44+1 -> 9 | B45: Adicional Troca de Uniforme | H45: =I45/$I$48 -> 0.014756326 | I45: =I12*I13 -> 41.34
A46: =A45+1 -> 10 | B46: Integração RSF (20% sobre Ad.Troca de Uniforme - somente para vigilantes) | H46: =I46/$I$48 -> 0.0029512651 | I46: =I45*20% -> 8.268
A47: =A46+1 -> 11 | B47: =IF(D6="12x36","Para postos 12x36 os feriados são considerados compensados, conforme parágrafo único, Art. 59-A da CLT","Outros") -> Outros | H47: =I47/$I$48 -> 0 | I47: 0
A48: Total de Remuneração | H48: =SUM(H37:H47) -> 1 | I48: =SUM(I37:I47) -> 2801.5104
A57: II | B57: Encargos Sociais - Grupo II: Obrigações Sociais | H57: % | I57: Valor Mensal/unidade de serviço (R$)
A58: 1 | B58: INSS (art. 22, inc. I, Lei nº 8.212/91) | H58: 0.2 | I58: =$I$48*H58 -> 560.30208
A59: 2 | B59: SESI ou SESC (art. 30, Lei nº 8.036/90) | H59: 0.015 | I59: =$I$48*H59 -> 42.022656
A60: 3 | B60: SENAI ou SENAC (Decreto-Lei nº 2.318/86) | H60: 0.01 | I60: =$I$48*H60 -> 28.015104
A61: 4 | B61: INCRA (art. 15I, Lei Complementar nº 011/71) | H61: 0.002 | I61: =$I$48*H61 -> 5.6030208
A62: 5 | B62: SALÁRIO EDUCAÇÃO (art. , inc. I, Decreto nº 87.043/82) | H62: 0.025 | I62: =$I$48*H62 -> 70.03776
A63: 6 | B63: FGTS (art. 15, Lei nº 8.036/90) | H63: 0.08 | I63: =$I$48*H63 -> 224.12083
A64: 7 | B64: SEG. ACIDENTE DO TRABALHO 1%, 2% e 3% (art. 22, inc. II, alíneas "b" e "c", da Lei nº 8.212/91) | H64: 0.03 | I64: =$I$48*H64 -> 84.045312
A65: 8 | B65: SEBRAE (§ 3º, art. 8º, Lei nº 8.029/90) | H65: 0.006 | I65: =$I$48*H65 -> 16.809062
A66: Total do Grupo II | H66: =SUM(H58:H65) -> 0.368 | I66: =SUM(I58:I65) -> 1030.9558
A67: Os percentuais para o SAT podem variar de 0,50% a 6,00% em função do Fator de Acidente Previdenciário (FAP), Decreto nº 6.957/2009
A68: Deverá obrigatoriamente acompanhar a proposta de preços e a planilha de custos e formação de preços a prova do Fator Acidentário de Prevenção – FAP por meio de impressão de consulta ao site do Ministério da Previdência Social (que pode ser obtido no endereço eletrônico http://www2.dataprev.gov.br/fap/fap.htm), independentemente de alteração da alíquota da parcela do Seguro Acidente de Trabalho disposta no Quadro II da referida planilha.
A69: III | B69: Encargos Sociais - Grupo III: Tempo Não Trabalhado | H69: % | I69: Valor Mensal/unidade de serviço (R$)
A70: 1 | B70: FÉRIAS GOZADAS + ADICIONAL DE FÉRIAS | H70: 0.119314 | I70: =$I$48*H70 -> 334.25941
A71: 2 | B71: FALTAS ABONADAS (3) | H71: 0.020485 | I71: =$I$48*H71 -> 57.388941
A72: 3 | B72: FALTAS LEGAIS (4) | H72: 0.012127 | I72: =$I$48*H72 -> 33.973917
A73: 4 | B73: LICENÇA MATERNIDADE | H73: 0.0027250794 | I73: =$I$48*H73 -> 7.6343382
A74: 5 | B74: LICENÇA PATERNIDADE | H74: 0.000476 | I74: =$I$48*H74 -> 1.333519
A75: 6 | B75: ACIDENTE DE TRABALHO | H75: 0.000442 | I75: =$I$48*H75 -> 1.2382676
A76: 7 | B76: AVISO PRÉVIO TRABALHADO | H76: 0.000185 | I76: =$I$48*H76 -> 0.51827942
A77: 8 | B77: 13º SALÁRIO | H77: 0.09079 | I77: =$I$48*H77 -> 254.34913
A78: Total do Grupo III | H78: =SUM(H70:H77) -> 0.24654408 | I78: =SUM(I70:I77) -> 690.6958
A79: (3) | B79: Faltas Justificadas por Auxílio Doença
A80: (4) | B80: Faltas Legais - Art. 473 CLT
A81: IV | B81: Encargos Sociais - Grupo IV: Indenizações | H81: % | I81: Valor Mensal/unidade de serviço (R$)
A82: 1 | B82: INDENIZAÇÕES | H82: 0.048321 | I82: =$I$48*H82 -> 135.37178
A83: 2 | B83: FGTS SOBRE INDENIZAÇÕES | H83: 0.003511 | I83: =$I$48*H83 -> 9.836103
A84: 3 | B84: INDENIZAÇÃO COMPENSATÓRIA POR DEMISSÃO SEM JUSTA CAUSA | H84: 0.019328 | I84: =$I$48*H84 -> 54.147593
A85: Total do Grupo IV | H85: =SUM(H82:H84) -> 0.07116 | I85: =SUM(I82:I84) -> 199.35548
A87: V | B87: Encargos Sociais - Grupo V: Incidências | H87: % | I87: Valor Mensal/unidade de serviço (R$)
A88: 1 | B88: INCIDÊNCIA GRUPO II (Obrigações Sociais) X GRUPO III (Tempo Não Trabalhado) | H88: =(H66*H78) -> 0.090728221 | I88: =$I$48*H88 -> 254.17606
A89: Total do Grupo V | H89: =SUM(H88:H88) -> 0.090728221 | I89: =I88 -> 254.17606
A91: TOTAL DOS ENCARGOS SOCIAIS (II + III + IV + V) | H91: =H66+H78+H85+H89 -> 0.7764323 | I91: =I66+I78+I85+I89 -> 2175.1832
A93: VI | B93: Demais custos relativos à Norma Coletiva ou Disposições Legais - Grupo VI | H93: % | I93: Valor Mensal/unidade de serviço (R$)
A94: 1 | B94: Auxílio Alimentação | H94: =I94/$I$48 -> 0.18846976 | I94: =I111 -> 528
A95: 2 | B95: Auxílio Lanche | H95: =I95/$I$48 -> 0 | I95: =I107 -> 0
A96: 3 | B96: Vale-Transporte⁽⁵⁾ | H96: =I96/$I$48 -> 0.051427973 | I96: =I103 -> 144.076
A97: 4 | B97: Adicional Intervalar | H97: =I97/$I$48 -> 0 | I97: =IF(I28="Não aplicável",0,((I10/H10)*1.5*I28)) -> 0
A98: 5 | B98: Outros | H98: =I98/$I$48 -> 0 | I98: =IF(I23="Não aplicável",0,I23) -> 0
A99: Total do Grupo VI | H99: =SUM(H94:H98) -> 0.23989774 | I99: =SUM(I94:I98) -> 672.076
A100: (5) | B100: O valor do vale-transporte pode variar de acordo com o modal fornecido pelo empregador.
A101: MEMÓRIA DE CÁLCULO DO VALE TRANSPORTE
A102: Valor Unitário | C102: Dias de Trabalho | D102: Vale p/dia | E102: Custo total | F102: Base de cálculo | G102: Percentual de desconto | H102: Valor desconto | I102: Custo efetivo
A103: =IF(I14="Não aplicável",0,I14) -> 5.2 | C103: =IF(I15="Não aplicável",0,I15) -> 26 | D103: 2 | E103: =A103*C103*D103 -> 270.4 | F103: =I37 -> 2105.4 | G103: =IF(I16="Não aplicável",0,I16) -> 0.06 | H103: =F103*G103 -> 126.324 | I103: =IF((E103-H103)>0,E103-H103,0) -> 144.076
A105: MEMÓRIA DE CÁLCULO DO VALE LANCHE
A106: Valor Unitário | C106: Dias por mês | D106: Vale p/dia | E106: Custo total | F106: Base de cálculo | G106: Percentual de desconto | H106: Valor desconto | I106: Custo efetivo
A107: =IF(I20="Não aplicável",0,I20) -> 0 | C107: =IF(I21="Não aplicável",0,I21) -> 0 | D107: 1 | E107: =A107*C107*D107 -> 0 | F107: =E107 -> 0 | G107: =IF(I22="Não aplicável",0,I22) -> 0 | H107: =F107*G107 -> 0 | I107: =E107-H107 -> 0
A109: MEMÓRIA DE CÁLCULO DO VALE ALIMENTAÇÃO
A110: Valor Unitário | C110: Dias por mês | D110: Vale p/dia | E110: Custo total | F110: Base de cálculo | G110: Percentual de desconto | H110: =H102 -> Valor desconto | I110: Custo efetivo
A111: =IF(I17="Não aplicável",0,I17) -> 30 | C111: =IF(I18="Não aplicável",0,I18) -> 22 | D111: 1 | E111: =A111*C111*D111 -> 660 | F111: =E111 -> 660 | G111: =IF(I19="Não aplicável",0,I19) -> 0.2 | H111: =F111*G111 -> 132 | I111: =E111-H111 -> 528
A113: TOTAL DO MONTANTE A (I + II + III+ IV + V +VI) | H113: =H48+H91+H99 -> 2.01633 | I113: =I48+I91+I99 -> 5648.7696
A115: MONTANTE B
A116: I | B116: Despesas Diretas | H116: % | I116: Valor Mensal/unidade de serviço (R$)
A117: 1 | B117: Transporte (6) | H117: =I117/$I$129 -> 0 | I117: 0
A118: 2 | B118: Uniformes/EPI (6a) | H118: =I118/$I$129 -> 0 | I118: =IF(F127=10%,G127,0) -> 0
A119: 3 | B119: Seguro de vida | H119: =I119/$I$129 -> 0 | I119: 0
A120: 4 | B120: Materiais/Equipamentos (7) | H120: =I120/$I$129 -> 0.2 | I120: =IF(F127=20%,G127,0) -> 1100.9387
A121: 5 | B121: Depreciação de equipamentos (8) | H121: =I121/$I$129 -> 0 | I121: 0
...

Sheet Materiais Equipamentos
A1: ATENÇÃO: SOMENTE PREENCHER QUANDO HOUVER FORNECIMENTO DE MATERIAIS E/OU EQUIPAMENTOS (NÃO INCLUÍDO EPIs E UNIFORMES)
A2: PLANILHA DE MATERIAIS E EQUIPAMENTOS A SER PREENCHIDA PELO LICITANTE COM BASE NO TERMO DE REFERÊNCIA (CGL 7.2 DO EDITAL)
A3: Material/Equipamento (não incluir EPIs e uniformes) | B3: Quantidade | C3: Valor unitário | D3: Valor total
A35: VALOR TOTAL MENSAL DE MATERIAIS/EQUIPAMENTOS: | D35: =SUM(D3:D33) -> 0

Sheet Resumo
A1: Função | B1: Cidade | C1: Carga Horária | D1: Dias da semana | E1: Nº de Postos | F1: Valor unitário mensal de MATERIAL/EQUIPAMENTO | G1: Valor total mensal de MATERIAL/EQUIPAMENTO | H1: Valor unitário mensal de retenção para a CONTA VINCULADA | I1: Valor total mensal de retenção para a CONTA VINCULADA | J1: Valor unitário mensal do posto | K1: Valor total mensal do posto
A2: Vigilante | B2: Canoas | C2: 44h | D2: seg-sab | E2: 2 | F2: =OFFSET(INDIRECT(SUBSTITUTE(_xlfn.FORMULATEXT(J2),"=","")), -6, 0) -> 1100.9387 | G2: =F2*E2 -> 2201.8774 | H2: =OFFSET(INDIRECT(SUBSTITUTE(_xlfn.FORMULATEXT(J2),"=","")), -3, 0) -> 1078.6438 | I2: =H2*E2 -> 2157.2876 | J2: =Canoas!I194 -> 8225.7467 | K2: =E2*J2 -> 16451.493
A3: Vigilante | B3: Caxias do Sul | C3: 44h | D3: seg-sab | E3: 2 | F3: =OFFSET(INDIRECT(SUBSTITUTE(_xlfn.FORMULATEXT(J3),"=","")), -6, 0) -> 1093.8661 | G3: =F3*E3 -> 2187.7323 | H3: =OFFSET(INDIRECT(SUBSTITUTE(_xlfn.FORMULATEXT(J3),"=","")), -3, 0) -> 1053.8135 | I3: =H3*E3 -> 2107.6271 | J3: =Caxias!I194 -> 8503.4677 | K3: =E3*J3 -> 17006.935
A4: Vigilante | B4: Gravataí | C4: 44 h | D4: seg-sab | E4: 2 | F4: =OFFSET(INDIRECT(SUBSTITUTE(_xlfn.FORMULATEXT(J4),"=","")), -6, 0) -> 1100.9387 | G4: =F4*E4 -> 2201.8774 | H4: =OFFSET(INDIRECT(SUBSTITUTE(_xlfn.FORMULATEXT(J4),"=","")), -3, 0) -> 1078.6438 | I4: =H4*E4 -> 2157.2876 | J4: =Gravataí!I194 -> 8369.689 | K4: =E4*J4 -> 16739.378
A5: Vigilante | B5: Lajeado | C5: 44h | D5: seg-sab | E5: 2 | F5: =OFFSET(INDIRECT(SUBSTITUTE(_xlfn.FORMULATEXT(J5),"=","")), -6, 0) -> 1177.4253 | G5: =F5*E5 -> 2354.8505 | H5: =OFFSET(INDIRECT(SUBSTITUTE(_xlfn.FORMULATEXT(J5),"=","")), -3, 0) -> 1132.749 | I5: =H5*E5 -> 2265.4979 | J5: =Lajeado!I194 -> 8916.9679 | K5: =E5*J5 -> 17833.936
A6: Vigilante | B6: Passo Fundo | C6: 44h | D6: seg-sab | E6: 2 | F6: =OFFSET(INDIRECT(SUBSTITUTE(_xlfn.FORMULATEXT(J6),"=","")), -6, 0) -> 1100.9387 | G6: =F6*E6 -> 2201.8774 | H6: =OFFSET(INDIRECT(SUBSTITUTE(_xlfn.FORMULATEXT(J6),"=","")), -3, 0) -> 1078.6438 | I6: =H6*E6 -> 2157.2876 | J6: ='Passo Fundo'!I194 -> 8248.175 | K6: =E6*J6 -> 16496.35
A7: Vigilante | B7: Pelotas | C7: 44h | D7: seg-sab | E7: 4 | F7: =OFFSET(INDIRECT(SUBSTITUTE(_xlfn.FORMULATEXT(J7),"=","")), -6, 0) -> 1100.9387 | G7: =F7*E7 -> 4403.7549 | H7: =OFFSET(INDIRECT(SUBSTITUTE(_xlfn.FORMULATEXT(J7),"=","")), -3, 0) -> 1078.6438 | I7: =H7*E7 -> 4314.5751 | J7: =Pelotas!I194 -> 8440.8805 | K7: =E7*J7 -> 33763.522
A8: Vigilante | B8: Rio Grande | C8: 44h | D8: seg-sab | E8: 2 | F8: =OFFSET(INDIRECT(SUBSTITUTE(_xlfn.FORMULATEXT(J8),"=","")), -6, 0) -> 1100.9387 | G8: =F8*E8 -> 2201.8774 | H8: =OFFSET(INDIRECT(SUBSTITUTE(_xlfn.FORMULATEXT(J8),"=","")), -3, 0) -> 1078.6438 | I8: =H8*E8 -> 2157.2876 | J8: ='Rio Grande'!I194 -> 8415.5421 | K8: =E8*J8 -> 16831.084
A9: Vigilante | B9: Santa Maria | C9: 44h | D9: seg-sab | E9: 2 | F9: =OFFSET(INDIRECT(SUBSTITUTE(_xlfn.FORMULATEXT(J9),"=","")), -6, 0) -> 1100.9387 | G9: =F9*E9 -> 2201.8774 | H9: =OFFSET(INDIRECT(SUBSTITUTE(_xlfn.FORMULATEXT(J9),"=","")), -3, 0) -> 1078.6438 | I9: =H9*E9 -> 2157.2876 | J9: ='Santa Maria'!I194 -> 8463.4035 | K9: =E9*J9 -> 16926.807
A10: Vigilante | B10: Tramandaí | C10: 44h | D10: seg-sab | E10: 2 | F10: =OFFSET(INDIRECT(SUBSTITUTE(_xlfn.FORMULATEXT(J10),"=","")), -6, 0) -> 1100.9387 | G10: =F10*E10 -> 2201.8774 | H10: =OFFSET(INDIRECT(SUBSTITUTE(_xlfn.FORMULATEXT(J10),"=","")), -3, 0) -> 1078.6438 | I10: =H10*E10 -> 2157.2876 | J10: =Tramandaí!I194 -> 8291.9691 | K10: =E10*J10 -> 16583.938
A11: Vigilante | B11: PortoAlegre Zona Norte e Centro | C11: 44h | D11: seg-sab | E11: 7 | F11: =OFFSET(INDIRECT(SUBSTITUTE(_xlfn.FORMULATEXT(J11),"=","")), -6, 0) -> 1100.9387 | G11: =F11*E11 -> 7706.571 | H11: =OFFSET(INDIRECT(SUBSTITUTE(_xlfn.FORMULATEXT(J11),"=","")), -3, 0) -> 1078.6438 | I11: =H11*E11 -> 7550.5065 | J11: ='Poa Zona Norte e Centro 44h'!I194 -> 8253.3331 | K11: =E11*J11 -> 57773.332
A12: Vigilante | B12: Porto Alegre Zona Sul | C12: 40h | D12: seg-sex | E12: 1 | F12: =OFFSET(INDIRECT(SUBSTITUTE(_xlfn.FORMULATEXT(J12),"=","")), -6, 0) -> 1009.0113 | G12: =F12*E12 -> 1009.0113 | H12: =OFFSET(INDIRECT(SUBSTITUTE(_xlfn.FORMULATEXT(J12),"=","")), -3, 0) -> 979.02252 | I12: =H12*E12 -> 979.02252 | J12: ='Poa Zona Sul 40h'!I194 -> 7544.5265 | K12: =E12*J12 -> 7544.5265
A13: Vigilante Noturno | B13: Porto Alegre Zona Sul | C13: 12x36 | D13: dom-sab | E13: 2 | F13: =OFFSET(INDIRECT(SUBSTITUTE(_xlfn.FORMULATEXT(J13),"=","")), -6, 0) -> 2602.3758 | G13: =F13*E13 -> 5204.7515 | H13: =OFFSET(INDIRECT(SUBSTITUTE(_xlfn.FORMULATEXT(J13),"=","")), -3, 0) -> 2554.2707 | I13: =H13*E13 -> 5108.5414 | J13: ='Poa Zona Sul Noturno 12x36'!I194 -> 19202.712 | K13: =E13*J13 -> 38405.423
A14: Vigilante | B14: Porto Alegre Zona Sul | C14: 12x36 | D14: dom-sab | E14: 2 | F14: =OFFSET(INDIRECT(SUBSTITUTE(_xlfn.FORMULATEXT(J14),"=","")), -6, 0) -> 2115.2899 | G14: =F14*E14 -> 4230.5797 | H14: =OFFSET(INDIRECT(SUBSTITUTE(_xlfn.FORMULATEXT(J14),"=","")), -3, 0) -> 2136.2774 | I14: =H14*E14 -> 4272.5547 | J14: ='Poa Zona Sul Diurno 12x36'!I194 -> 15621.579 | K14: =E14*J14 -> 31243.158
A16: TOTAL DE POSTOS: | E16: =SUM(E2:E14) -> 32 | F16: VALOR TOTAL MENSAL DE MATERIAIS/EQUIPAMENTOS: | G16: =SUM(G2:G14) -> 40308.516 | H16: VALOR TOTAL MENSAL PARA RETENÇÃO EM CONTA VINCULADA: | I16: =SUM(I2:I14) -> 39542.051 | J16: PORCENTAGEM CORRESPONDENTE EM RELAÇÃO AO VALOR TOTAL PARA RETENÇÃO EM CONTA VINCULADA: | K16: =I16/K18 -> 0.13024396
A18: VALOR GLOBAL MENSAL: | K18: =SUM(K2:K14) -> 303599.88
